Workbook
Name Attributes: Attributes!$A:$AF
Name Discont: #REF!
Name group0: '[1]Opaque Upcharges'!$A:$D
Name List: [2]List!$A$1:$AN$65536
Name List: [2]List!$A$1:$AN$65536
Name List_ALS: Tables!$F$22
Name list_Boolean: Tables!$AH$2:$AH$3
Name list_Cabinets: Tables!$AO$2:$AO$1443
Name list_Doorstyles: Tables!$A$2:$A$10
Name list_DrawerGrade: Tables!$Y$2:$Y$3
Name list_DSF: Tables!$K$2:$K$87
Name list_EndType: Tables!$AB$2:$AB$2
Name list_Finishes: Tables!$F$2:$F$22
Name list_GlassGrade: Tables!$R$2:$R$2
Name list_HingeGrade: Tables!$V$2:$V$3
Name list_Hinging: Tables!$AE$2:$AE$3
Name list_Models: 'List Pricing'!$A$4:$A$1936
Name list_NoDoorStyles: Tables!$A$36:$A$37
Name list_OldDoorStyles: Tables!$A$2:$A$18
Name list_oldDSF: Tables!$K$2:$K$296
Name list_OldFinishes: Tables!$F$2:$F$42
Name List_OrderType: Tables!$AY$2:$AY$3
Name list_ReasonCodes: Tables!$AL$2:$AL$13
Name list_SampleDoors: Tables!$BD$2:$BD$85
Name list_ShipMethod: Tables!$AJ$2:$AJ$6
Name List_SKins_P: Tables!$O$3
Name List_Skins_R: Tables!$O$4
Name List_Skins_RP: Tables!$O$3:$O$4
Name List_Skins_VP: Tables!$O$2:$O$3
Name list_Skins_VPR: Tables!$O$2:$O$4
Name list_VeneerAccMultiplier: Tables!$BB$2
Name ListPrice: 'List Pricing'!$A:$BK
Name listprice2: 'List Pricing'!$A:$BK
Name models: 'List Pricing'!$H$1899
Name OBS: #REF!
Name obsolete: #REF!
Name oldhinge: 'List Pricing'!$A$21:$C$55
Name PriceLookup: 'Order Form'!$Y$18:$CE$117
Name skudollarcalc: 'Designer Sales Aid'!#REF!
Name tbl_ALS: Tables!$F$22:$I$22
Name tbl_DoorStyles: Tables!$A$2:$D$10
Name tbl_DraweGrade: Tables!$Y$2:$Z$3
Name tbl_DSF: Tables!$K$2:$M$87
Name tbl_EndTypes: Tables!$AB$2:$AC$2
Name tbl_FasciaSets: Tables!$AO$1:$AW$1443
Name tbl_Finishes: Tables!$F$2:$I$22
Name tbl_GlassGrade: Tables!$R$2:$T$2
Name tbl_HingeGrade: Tables!$V$2:$W$3
Name tbl_Hinging: Tables!$AE$2:$AF$3
Name tbl_Models: 'List Pricing'!$A$4:$A$1936
Name tbl_No_doorstyles: Tables!$A$36:$D$37
Name tbl_OldDoorStyles: Tables!$A$2:$D$18
Name tbl_oldDSF: Tables!$K$2:$M$296
Name tbl_OldFinishes: Tables!$F$2:$I$42
Name tbl_OrderType: Tables!$AY$2:$AZ$3
Name tbl_ReasonCodes: Tables!$AL$2:$AM$13
Name tbl_SampleDoors: Tables!$BD$2:$BG$85
Name tbl_SkinGrade: Tables!$O$2:$P$4
Name Tbl_Skins_P: Tables!$O$3:$P$3
Name update: #REF!

Sheet Summary
B1: =+MATCH(#REF!,'List Pricing'!$A4:$Z4,0) -> #REF! | D1: =+MATCH(#REF!,'List Pricing'!$A4:$Z4,0) -> #REF! | E1: =+MATCH(#REF!,'List Pricing'!$A4:$Z4,0) -> #REF! | V1: =+MATCH(#REF!,'List Pricing'!$A4:$Z4,0) -> #REF! | W1: =+MATCH(#REF!,'List Pricing'!$A4:$Z4,0) -> #REF! | X1: =+MATCH(#REF!,'List Pricing'!$A4:$Z4,0) -> #REF! | Y1: =+MATCH(#REF!,'List Pricing'!$A4:$Z4,0) -> #REF! | Z1: =+MATCH(#REF!,'List Pricing'!$A4:$Z4,0) -> #REF! | AA1: =+MATCH(#REF!,'List Pricing'!$A4:$Z4,0) -> #REF! | AB1: =+MATCH(#REF!,'List Pricing'!$A4:$Z4,0) -> #REF! | AC1: =+MATCH(#REF!,'List Pricing'!$A4:$Z4,0) -> #REF! | ... AJ1: =+MATCH(#REF!,'List Pricing'!$A4:$Z4,0) -> #REF! | AO1: =+MATCH(#REF!,'List Pricing'!$A4:$Z4,0) -> #REF! | AP1: =+MATCH(#REF!,'List Pricing'!$A4:$Z4,0) -> #REF! | AQ1: =+MATCH(#REF!,'List Pricing'!$A4:$Z4,0) -> #REF! | AR1: =+MATCH(#REF!,'List Pricing'!$A4:$Z4,0) -> #REF!
B2: CURRENT SKU LIST IN SELECTED DOOR / FINISH / OPTION SET | W2: Active multiplier | X2: ='Order Form'!D12 -> 1 | AA2: End Multiplier | AB2: =IF(L7="Faux",0,1) -> 0
B3: Door Style | C3: Finish | E3: #Cabs | F3: Base Sku Price | G3: F/E | H3: Finish Upcharge | I3: Drawer Box Upcharges | J3: Hinge Grade Upcharge | K3: Glass Upcharge | L3: Total Cost (Before Freight) | AO3: Group 1 Ends | AP3: Group 2 Ends | AQ3: Group 1 Doors | AR3: Group 2 Doors
B4: =IF(+'Order Form'!D12=0," ",+'Order Form'!I3) -> 0 | C4: =IF(+'Order Form'!D12=0," ",+'Order Form'!I5) -> 0 | E4: =IF(+'Order Form'!D12=0," ",+'Order Form'!S16) -> 0 | F4: =IF(+'Order Form'!D12=0," ",+'Order Form'!J15) -> 0 | G4: =IF(+'Order Form'!D12=0," ",+'Order Form'!K15) -> 0 | H4: =IF(+'Order Form'!D12=0," ",+'Order Form'!L15) -> 0 | I4: =IF(+'Order Form'!D12=0," ",+'Order Form'!M15) -> 0 | J4: =IF(+'Order Form'!D12=0," ",+'Order Form'!N15) -> 0 | K4: =IF(+'Order Form'!D12=0," ",+'Order Form'!O15) -> 0 | L4: =SUM(F4:K4) -> 0 | X4: XX | Y4: ML | Z4: LX | AA4: MD | AB4: HM | AC4: MSF | AD4: NT | AE4: XXO/M | AF4: LCO | AG4: SHO | AH4: LCM | AI4: SHM | AJ4: FNM | AK4: CFM | AL4: NPM | AM4: MNM
W5: Sumproduct - Extended Price | X5: =SUMPRODUCT($V$9:$V$107,X9:X107)*$X$2 -> 0 | Y5: =SUMPRODUCT($V$9:$V$107,Y9:Y107)*$X$2 -> 0 | Z5: =SUMPRODUCT($V$9:$V$107,Z9:Z107)*$X$2 -> 0 | AA5: =SUMPRODUCT($V$9:$V$107,AA9:AA107)*$X$2 -> 0 | AB5: =SUMPRODUCT($V$9:$V$107,AB9:AB107)*$X$2 -> 0 | AC5: =SUMPRODUCT($V$9:$V$107,AC9:AC107)*$X$2 -> 0 | AD5: =SUMPRODUCT($V$9:$V$107,AD9:AD107)*$X$2 -> 0 | AE5: =SUMPRODUCT($V$9:$V$107,AE9:AE107)*$X$2 -> 0 | ... AM5: =SUMPRODUCT($V$9:$V$107,AM9:AM107)*$X$2 -> 0 | AO5: =SUMPRODUCT($V$9:$V$86,AO9:AO86)*$X$2 -> 0 | AP5: =SUMPRODUCT($V$9:$V$86,AP9:AP86)*$X$2 -> 0 | AQ5: =SUMPRODUCT($V$9:$V$86,AQ9:AQ86)*$X$2 -> 0 | AR5: =SUMPRODUCT($V$9:$V$86,AR9:AR86)*$X$2 -> 0 | AU5: =SUMPRODUCT($V$9:$V$86,AU9:AU86)*$X$2 -> 0 | AV5: =SUMPRODUCT($V$9:$V$86,AV9:AV86)*$X$2 -> 0 | CF5: =SUMPRODUCT($V$9:$V$86,CF9:CF86)*$X$2 -> 0 | CG5: =SUMPRODUCT($V$9:$V$86,CG9:CG86) -> 0
W6: PriceLookup-Index | X6: 1 | Y6: 2 | Z6: 3 | AA6: 4 | AB6: 5 | AC6: 6 | AD6: 7 | AE6: 12 | AF6: 13 | AG6: 14 | AH6: 15 | AI6: 16 | AJ6: 17 | AK6: 18 | AL6: 19 | AM6: 20 | AO6: 8 | AP6: 9 | AQ6: 10 | AR6: 11 | AU6: 21 | AV6: 22 | AW6: 23 | AX6: 24 | AY6: 25 | AZ6: 26 | BA6: 27 | BB6: 28 | BC6: 29 | BD6: 30 | BE6: 31 | BF6: 32 | BG6: 33 | BH6: 34 | BI6: 35 | BJ6: 36 | BK6: 37 | BL6: 38 | BM6: 39 | BN6: 40 | BO6: 41 | BP6: 42 | BQ6: 43 | BR6: 44 | BS6: 45 | BT6: 46 | BU6: 47 | BV6: 48 | BW6: 49 | BX6: 50 | BY6: 51 | BZ6: 52 | CA6: 53 | CB6: 54 | CC6: 55 | CD6: 56 | CE6: 57 | CH6: 58
B7: COMPARISON FOR SKU LIST IN SELECTED DOOR / FINISH / OPTION SET ABOVE | I7: Finished End Grade Pricing (NON RTF): | L7: Faux | N7: Extended | W7: HardList-Vlook | X7: 3 | Y7: 4 | Z7: 5 | AA7: 6 | AB7: 7 | AC7: 8 | AD7: 9 | AE7: 14 | AF7: 15 | AG7: 16 | AH7: 17 | AI7: 18 | AJ7: 19 | AK7: 20 | AL7: 21 | AM7: 22 | AO7: 10 | AP7: 11 | AQ7: 12 | AR7: 13 | AU7: 23 | AV7: 24 | AW7: 25 | AX7: 26 | AY7: 27 | AZ7: 28 | BA7: 29 | BB7: 30 | BC7: 31 | BD7: 32 | BE7: 33 | BF7: 34 | BG7: 35 | BH7: 36 | BI7: 37 | BJ7: 38 | BK7: 39 | BL7: 40 | BM7: 41 | BN7: 42 | BO7: 43 | BP7: 44 | BQ7: 45 | BR7: 46 | BS7: 47 | BT7: 48 | BU7: 49 | BV7: 50 | BW7: 51 | BX7: 52 | BY7: 53 | BZ7: 54 | CA7: 55 | CB7: 56 | CC7: 57 | CD7: 58 | CE7: 59 | CF7: 60 | CG7: 61 | CH7: 62 | CI7: 63 | CJ7: 64 | CK7: 65
B8: Door Style | C8: Finish | D8: Wood Specie | E8: Description | J8: Base SKU Price | K8: $ Difference | L8: % Difference | N8: Base SKU Price | O8: Active Drawer Adder | P8: Active Hinge Adder | Q8: Active Glass Adder | R8: F/E adder | S8: Door Upcharge | X8: THERMOFOIL DOORS | AE8: OAK DOORS | AF8: Oak Doors | AH8: MAPLE DOORS | AO8: THERMOFOIL ADDERS (Extended) | AU8: FINISH ADDERS | AZ8: SPEC GRADE ADDERS | BD8: INFORMATION
J9: =IF(B9="","",SUM(N9:S9)) | K9: =IF(B9="","",J9-$L$4) | O9: =IF(N9="","",'Order Form'!$M$15) | P9: =IF(N9="","",'Order Form'!$N$15) | Q9: =IF(O9="","",'Order Form'!$O$15) | V9: ='Order Form'!B18 -> 0 | W9: 1 | X9: ='Order Form'!Y18 | Y9: ='Order Form'!Z18 | Z9: ='Order Form'!AA18 | AA9: ='Order Form'!AB18 | AB9: ='Order Form'!AC18 | AC9: ='Order Form'!AD18 | AD9: ='Order Form'!AE18 | AE9: ='Order Form'!AJ18 | AF9: ='Order Form'!AK18 | AG9: ='Order Form'!AL18 | AH9: ='Order Form'!AM18 | AI9: ='Order Form'!AN18 | AJ9: ='Order Form'!AO18 | AK9: ='Order Form'!AP18 | AL9: ='Order Form'!AQ18 | AM9: ='Order Form'!AR18 | AO9: =IF($V9=0,"",'Order Form'!AF18*$V9*$CH9) | AP9: =IF($V9=0,"",'Order Form'!AG18*$V9*$CH9) | AQ9: ='Order Form'!AH18 | AR9: ='Order Form'!AI18 | AU9: =IF(V9=0,"",'Order Form'!AS18*V9*CI9) | AV9: =IF(V9=0,"",'Order Form'!AT18*V9*CI9) | AW9: ='Order Form'!AU18 | AX9: ='Order Form'!AV18 | AY9: ='Order Form'!AW18 | AZ9: ='Order Form'!AX18 | BA9: ='Order Form'!AY18 | BB9: ='Order Form'!AZ18 | BC9: ='Order Form'!BA18 | BD9: ='Order Form'!BB18 | ... CE9: ='Order Form'!CC18 | CF9: =IF($V9=0,"",'Order Form'!CD18*$V9*$CH9) | CG9: =IF($V9=0,"",'Order Form'!CE18) | CH9: ='Order Form'!CF18 | CI9: ='Order Form'!CG18 -> `` | CJ9: ='Order Form'!CH18 | CK9: ='Order Form'!CI18
B10: Lennox RTF | C10: White | D10: Thermofoil | E10: Slab thermofoil door and drawer front | J10: =IF(B10="","",SUM(N10:S10)) -> 0 | K10: =IF(B10="","",J10-$L$4) -> 0 | L10: =-1+(+J10/$L$4) -> #DIV/0! | N10: =$Z$5 -> 0 | O10: =IF(N10="","",'Order Form'!$M$15) -> 0 | P10: =IF(N10="","",'Order Form'!$N$15) -> 0 | Q10: =IF(O10="","",'Order Form'!$O$15) -> 0 | R10: NA | S10: NA | V10: ='Order Form'!B19 -> 0 | W10: 2 | X10: ='Order Form'!Y19 | Y10: ='Order Form'!Z19 | Z10: ='Order Form'!AA19 | AA10: ='Order Form'!AB19 | AB10: ='Order Form'!AC19 | AC10: ='Order Form'!AD19 | AD10: ='Order Form'!AE19 | AE10: ='Order Form'!AJ19 | AF10: ='Order Form'!AK19 | AG10: ='Order Form'!AL19 | AH10: ='Order Form'!AM19 | AI10: ='Order Form'!AN19 | AJ10: ='Order Form'!AO19 | AK10: ='Order Form'!AP19 | AL10: ='Order Form'!AQ19 | AM10: ='Order Form'!AR19 | AO10: =IF($V10=0,"",'Order Form'!AF19*$V10*$CH10) | AP10: =IF($V10=0,"",'Order Form'!AG19*$V10*$CH10) | AQ10: ='Order Form'!AH19 | AR10: ='Order Form'!AI19 | AU10: =IF(V10=0,"",'Order Form'!AS19*V10*CI10) | AV10: =IF(V10=0,"",'Order Form'!AT19*V10*CI10) | AW10: ='Order Form'!AU19 | AX10: ='Order Form'!AV19 | AY10: ='Order Form'!AW19 | AZ10: ='Order Form'!AX19 | BA10: ='Order Form'!AY19 | BB10: ='Order Form'!AZ19 | BC10: ='Order Form'!BA19 | BD10: ='Order Form'!BB19 | ... CE10: ='Order Form'!CC19 | CF10: =IF($V10=0,"",'Order Form'!CD19*$V10*$CH10) | CG10: =IF($V10=0,"",'Order Form'!CE19) | CH10: ='Order Form'!CF19 | CI10: ='Order Form'!CG19 | CJ10: ='Order Form'!CH19 | CK10: ='Order Form'!CI19
B11: Lennox RTF | C11: Opaque | D11: Thermofoil | E11: Slab thermofoil door and drawer front | J11: =IF(B11="","",SUM(N11:S11)) -> 0 | K11: =IF(B11="","",J11-$L$4) -> 0 | L11: =-1+(+J11/$L$4) -> #DIV/0! | N11: =$Z$5 -> 0 | O11: =IF(N11="","",'Order Form'!$M$15) -> 0 | P11: =IF(N11="","",'Order Form'!$N$15) -> 0 | Q11: =IF(O11="","",'Order Form'!$O$15) -> 0 | R11: =$CF$5 -> 0 | S11: =$CG$5 -> 0 | V11: ='Order Form'!B20 -> 0 | W11: 3 | X11: ='Order Form'!Y20 | Y11: ='Order Form'!Z20 | Z11: ='Order Form'!AA20 | AA11: ='Order Form'!AB20 | AB11: ='Order Form'!AC20 | AC11: ='Order Form'!AD20 | AD11: ='Order Form'!AE20 | AE11: ='Order Form'!AJ20 | AF11: ='Order Form'!AK20 | AG11: ='Order Form'!AL20 | AH11: ='Order Form'!AM20 | AI11: ='Order Form'!AN20 | AJ11: ='Order Form'!AO20 | AK11: ='Order Form'!AP20 | AL11: ='Order Form'!AQ20 | AM11: ='Order Form'!AR20 | AO11: =IF($V11=0,"",'Order Form'!AF20*$V11*$CH11) | AP11: =IF($V11=0,"",'Order Form'!AG20*$V11*$CH11) | AQ11: ='Order Form'!AH20 | AR11: ='Order Form'!AI20 | AU11: =IF(V11=0,"",'Order Form'!AS20*V11*CI11) | AV11: =IF(V11=0,"",'Order Form'!AT20*V11*CI11) | AW11: ='Order Form'!AU20 | AX11: ='Order Form'!AV20 | AY11: ='Order Form'!AW20 | AZ11: ='Order Form'!AX20 | BA11: ='Order Form'!AY20 | BB11: ='Order Form'!AZ20 | BC11: ='Order Form'!BA20 | BD11: ='Order Form'!BB20 | ... CE11: ='Order Form'!CC20 | CF11: =IF($V11=0,"",'Order Form'!CD20*$V11*$CH11) | CG11: =IF($V11=0,"",'Order Form'!CE20) | CH11: ='Order Form'!CF20 | CI11: ='Order Form'!CG20 | CJ11: ='Order Form'!CH20 | CK11: ='Order Form'!CI20
B12: Lennox RTF | C12: Wood Grain | D12: Thermofoil | E12: Slab thermofoil door and drawer front | J12: =IF(B12="","",SUM(N12:S12)) -> 0 | K12: =IF(B12="","",J12-$L$4) -> 0 | L12: =-1+(+J12/$L$4) -> #DIV/0! | N12: =$Z$5 -> 0 | O12: =IF(N12="","",'Order Form'!$M$15) -> 0 | P12: =IF(N12="","",'Order Form'!$N$15) -> 0 | Q12: =IF(O12="","",'Order Form'!$O$15) -> 0 | R12: =$AO$5 -> 0 | S12: =$AQ$5 -> 0 | V12: ='Order Form'!B21 -> 0 | W12: 4 | X12: ='Order Form'!Y21 | Y12: ='Order Form'!Z21 | Z12: ='Order Form'!AA21 | AA12: ='Order Form'!AB21 | AB12: ='Order Form'!AC21 | AC12: ='Order Form'!AD21 | AD12: ='Order Form'!AE21 | AE12: ='Order Form'!AJ21 | AF12: ='Order Form'!AK21 | AG12: ='Order Form'!AL21 | AH12: ='Order Form'!AM21 | AI12: ='Order Form'!AN21 | AJ12: ='Order Form'!AO21 | AK12: ='Order Form'!AP21 | AL12: ='Order Form'!AQ21 | AM12: ='Order Form'!AR21 | AO12: =IF($V12=0,"",'Order Form'!AF21*$V12*$CH12) | AP12: =IF($V12=0,"",'Order Form'!AG21*$V12*$CH12) | AQ12: ='Order Form'!AH21 | AR12: ='Order Form'!AI21 | AU12: =IF(V12=0,"",'Order Form'!AS21*V12*CI12) | AV12: =IF(V12=0,"",'Order Form'!AT21*V12*CI12) | AW12: ='Order Form'!AU21 | AX12: ='Order Form'!AV21 | AY12: ='Order Form'!AW21 | AZ12: ='Order Form'!AX21 | BA12: ='Order Form'!AY21 | BB12: ='Order Form'!AZ21 | BC12: ='Order Form'!BA21 | BD12: ='Order Form'!BB21 | ... CE12: ='Order Form'!CC21 | CF12: =IF($V12=0,"",'Order Form'!CD21*$V12*$CH12) | CG12: =IF($V12=0,"",'Order Form'!CE21) | CH12: ='Order Form'!CF21 | CI12: ='Order Form'!CG21 | CJ12: ='Order Form'!CH21 | CK12: ='Order Form'!CI21
B13: Lennox RTF | C13: Premium / FS | D13: Thermofoil | E13: Slab thermofoil door and drawer front | J13: =IF(B13="","",SUM(N13:S13)) -> 0 | K13: =IF(B13="","",J13-$L$4) -> 0 | L13: =-1+(+J13/$L$4) -> #DIV/0! | N13: =$Z$5 -> 0 | O13: =IF(N13="","",'Order Form'!$M$15) -> 0 | P13: =IF(N13="","",'Order Form'!$N$15) -> 0 | Q13: =IF(O13="","",'Order Form'!$O$15) -> 0 | R13: =$AP$5 -> 0 | S13: =$AR$5 -> 0 | V13: ='Order Form'!B22 -> 0 | W13: 5 | X13: ='Order Form'!Y22 | Y13: ='Order Form'!Z22 | Z13: ='Order Form'!AA22 | AA13: ='Order Form'!AB22 | AB13: ='Order Form'!AC22 | AC13: ='Order Form'!AD22 | AD13: ='Order Form'!AE22 | AE13: ='Order Form'!AJ22 | AF13: ='Order Form'!AK22 | AG13: ='Order Form'!AL22 | AH13: ='Order Form'!AM22 | AI13: ='Order Form'!AN22 | AJ13: ='Order Form'!AO22 | AK13: ='Order Form'!AP22 | AL13: ='Order Form'!AQ22 | AM13: ='Order Form'!AR22 | AO13: =IF($V13=0,"",'Order Form'!AF22*$V13*$CH13) | AP13: =IF($V13=0,"",'Order Form'!AG22*$V13*$CH13) | AQ13: ='Order Form'!AH22 | AR13: ='Order Form'!AI22 | AU13: =IF(V13=0,"",'Order Form'!AS22*V13*CI13) | AV13: =IF(V13=0,"",'Order Form'!AT22*V13*CI13) | AW13: ='Order Form'!AU22 | AX13: ='Order Form'!AV22 | AY13: ='Order Form'!AW22 | AZ13: ='Order Form'!AX22 | BA13: ='Order Form'!AY22 | BB13: ='Order Form'!AZ22 | BC13: ='Order Form'!BA22 | BD13: ='Order Form'!BB22 | ... CE13: ='Order Form'!CC22 | CF13: =IF($V13=0,"",'Order Form'!CD22*$V13*$CH13) | CG13: =IF($V13=0,"",'Order Form'!CE22) | CH13: ='Order Form'!CF22 | CI13: ='Order Form'!CG22 | CJ13: ='Order Form'!CH22 | CK13: ='Order Form'!CI22
V14: ='Order Form'!B23 -> 0 | W14: 6 | X14: ='Order Form'!Y23 | Y14: ='Order Form'!Z23 | Z14: ='Order Form'!AA23 | AA14: ='Order Form'!AB23 | AB14: ='Order Form'!AC23 | AC14: ='Order Form'!AD23 | AD14: ='Order Form'!AE23 | AE14: ='Order Form'!AJ23 | AF14: ='Order Form'!AK23 | AG14: ='Order Form'!AL23 | AH14: ='Order Form'!AM23 | AI14: ='Order Form'!AN23 | AJ14: ='Order Form'!AO23 | AK14: ='Order Form'!AP23 | AL14: ='Order Form'!AQ23 | AM14: ='Order Form'!AR23 | AO14: =IF($V14=0,"",'Order Form'!AF23*$V14*$CH14) | AP14: =IF($V14=0,"",'Order Form'!AG23*$V14*$CH14) | AQ14: ='Order Form'!AH23 | AR14: ='Order Form'!AI23 | AU14: =IF(V14=0,"",'Order Form'!AS23*V14*CI14) | AV14: =IF(V14=0,"",'Order Form'!AT23*V14*CI14) | AW14: ='Order Form'!AU23 | AX14: ='Order Form'!AV23 | AY14: ='Order Form'!AW23 | AZ14: ='Order Form'!AX23 | BA14: ='Order Form'!AY23 | BB14: ='Order Form'!AZ23 | BC14: ='Order Form'!BA23 | BD14: ='Order Form'!BB23 | ... CE14: ='Order Form'!CC23 | CF14: =IF($V14=0,"",'Order Form'!CD23*$V14*$CH14) | CG14: =IF($V14=0,"",'Order Form'!CE23) | CH14: ='Order Form'!CF23 | CI14: ='Order Form'!CG23 | CJ14: ='Order Form'!CH23 | CK14: ='Order Form'!CI23
B15: Hamilton RTF | C15: White | D15: Thermofoil | E15: Routed raised panel thermofoil door and drawer front - Square Profile | J15: =IF(B15="","",SUM(N15:S15)) -> 0 | K15: =IF(B15="","",J15-$L$4) -> 0 | L15: =-1+(+J15/$L$4) -> #DIV/0! | N15: =$AB$5 -> 0 | O15: =IF(N15="","",'Order Form'!$M$15) -> 0 | P15: =IF(N15="","",'Order Form'!$N$15) -> 0 | Q15: =IF(O15="","",'Order Form'!$O$15) -> 0 | R15: NA | S15: NA | V15: ='Order Form'!B24 -> 0 | W15: 7 | X15: ='Order Form'!Y24 | Y15: ='Order Form'!Z24 | Z15: ='Order Form'!AA24 | AA15: ='Order Form'!AB24 | AB15: ='Order Form'!AC24 | AC15: ='Order Form'!AD24 | AD15: ='Order Form'!AE24 | AE15: ='Order Form'!AJ24 | AF15: ='Order Form'!AK24 | AG15: ='Order Form'!AL24 | AH15: ='Order Form'!AM24 | AI15: ='Order Form'!AN24 | AJ15: ='Order Form'!AO24 | AK15: ='Order Form'!AP24 | AL15: ='Order Form'!AQ24 | AM15: ='Order Form'!AR24 | AO15: =IF($V15=0,"",'Order Form'!AF24*$V15*$CH15) | AP15: =IF($V15=0,"",'Order Form'!AG24*$V15*$CH15) | AQ15: ='Order Form'!AH24 | AR15: ='Order Form'!AI24 | AU15: =IF(V15=0,"",'Order Form'!AS24*V15*CI15) | AV15: =IF(V15=0,"",'Order Form'!AT24*V15*CI15) | AW15: ='Order Form'!AU24 | AX15: ='Order Form'!AV24 | AY15: ='Order Form'!AW24 | AZ15: ='Order Form'!AX24 | BA15: ='Order Form'!AY24 | BB15: ='Order Form'!AZ24 | BC15: ='Order Form'!BA24 | BD15: ='Order Form'!BB24 | ... CE15: ='Order Form'!CC24 | CF15: =IF($V15=0,"",'Order Form'!CD24*$V15*$CH15) | CG15: =IF($V15=0,"",'Order Form'!CE24) | CH15: ='Order Form'!CF24 | CI15: ='Order Form'!CG24 | CJ15: ='Order Form'!CH24 | CK15: ='Order Form'!CI24
B16: Hamilton RTF | C16: Opaque | D16: Thermofoil | E16: Routed raised panel thermofoil door and drawer front - Square Profile | J16: =IF(B16="","",SUM(N16:S16)) -> 0 | K16: =IF(B16="","",J16-$L$4) -> 0 | L16: =-1+(+J16/$L$4) -> #DIV/0! | N16: =$AB$5 -> 0 | O16: =IF(N16="","",'Order Form'!$M$15) -> 0 | P16: =IF(N16="","",'Order Form'!$N$15) -> 0 | Q16: =IF(O16="","",'Order Form'!$O$15) -> 0 | R16: =$CF$5 -> 0 | S16: =$CG$5 -> 0 | V16: ='Order Form'!B25 -> 0 | W16: 8 | X16: ='Order Form'!Y25 | Y16: ='Order Form'!Z25 | Z16: ='Order Form'!AA25 | AA16: ='Order Form'!AB25 | AB16: ='Order Form'!AC25 | AC16: ='Order Form'!AD25 | AD16: ='Order Form'!AE25 | AE16: ='Order Form'!AJ25 | AF16: ='Order Form'!AK25 | AG16: ='Order Form'!AL25 | AH16: ='Order Form'!AM25 | AI16: ='Order Form'!AN25 | AJ16: ='Order Form'!AO25 | AK16: ='Order Form'!AP25 | AL16: ='Order Form'!AQ25 | AM16: ='Order Form'!AR25 | AO16: =IF($V16=0,"",'Order Form'!AF25*$V16*$CH16) | AP16: =IF($V16=0,"",'Order Form'!AG25*$V16*$CH16) | AQ16: ='Order Form'!AH25 | AR16: ='Order Form'!AI25 | AU16: =IF(V16=0,"",'Order Form'!AS25*V16*CI16) | AV16: =IF(V16=0,"",'Order Form'!AT25*V16*CI16) | AW16: ='Order Form'!AU25 | AX16: ='Order Form'!AV25 | AY16: ='Order Form'!AW25 | AZ16: ='Order Form'!AX25 | BA16: ='Order Form'!AY25 | BB16: ='Order Form'!AZ25 | BC16: ='Order Form'!BA25 | BD16: ='Order Form'!BB25 | ... CE16: ='Order Form'!CC25 | CF16: =IF($V16=0,"",'Order Form'!CD25*$V16*$CH16) | CG16: =IF($V16=0,"",'Order Form'!CE25) | CH16: ='Order Form'!CF25 | CI16: ='Order Form'!CG25 | CJ16: ='Order Form'!CH25 | CK16: ='Order Form'!CI25
B17: Hamilton RTF | C17: Wood Grain | D17: Thermofoil | E17: Routed raised panel thermofoil door and drawer front - Square Profile | J17: =IF(B17="","",SUM(N17:S17)) -> 0 | K17: =IF(B17="","",J17-$L$4) -> 0 | L17: =-1+(+J17/$L$4) -> #DIV/0! | N17: =$AB$5 -> 0 | O17: =IF(N17="","",'Order Form'!$M$15) -> 0 | P17: =IF(N17="","",'Order Form'!$N$15) -> 0 | Q17: =IF(O17="","",'Order Form'!$O$15) -> 0 | R17: =$AO$5 -> 0 | S17: =$AQ$5 -> 0 | V17: ='Order Form'!B26 -> 0 | W17: 9 | X17: ='Order Form'!Y26 | Y17: ='Order Form'!Z26 | Z17: ='Order Form'!AA26 | AA17: ='Order Form'!AB26 | AB17: ='Order Form'!AC26 | AC17: ='Order Form'!AD26 | AD17: ='Order Form'!AE26 | AE17: ='Order Form'!AJ26 | AF17: ='Order Form'!AK26 | AG17: ='Order Form'!AL26 | AH17: ='Order Form'!AM26 | AI17: ='Order Form'!AN26 | AJ17: ='Order Form'!AO26 | AK17: ='Order Form'!AP26 | AL17: ='Order Form'!AQ26 | AM17: ='Order Form'!AR26 | AO17: =IF($V17=0,"",'Order Form'!AF26*$V17*$CH17) | AP17: =IF($V17=0,"",'Order Form'!AG26*$V17*$CH17) | AQ17: ='Order Form'!AH26 | AR17: ='Order Form'!AI26 | AU17: =IF(V17=0,"",'Order Form'!AS26*V17*CI17) | AV17: =IF(V17=0,"",'Order Form'!AT26*V17*CI17) | AW17: ='Order Form'!AU26 | AX17: ='Order Form'!AV26 | AY17: ='Order Form'!AW26 | AZ17: ='Order Form'!AX26 | BA17: ='Order Form'!AY26 | BB17: ='Order Form'!AZ26 | BC17: ='Order Form'!BA26 | BD17: ='Order Form'!BB26 | ... CE17: ='Order Form'!CC26 | CF17: =IF($V17=0,"",'Order Form'!CD26*$V17*$CH17) | CG17: =IF($V17=0,"",'Order Form'!CE26) | CH17: ='Order Form'!CF26 | CI17: ='Order Form'!CG26 | CJ17: ='Order Form'!CH26 | CK17: ='Order Form'!CI26
V18: ='Order Form'!B27 -> 0 | W18: 10 | X18: ='Order Form'!Y27 | Y18: ='Order Form'!Z27 | Z18: ='Order Form'!AA27 | AA18: ='Order Form'!AB27 | AB18: ='Order Form'!AC27 | AC18: ='Order Form'!AD27 | AD18: ='Order Form'!AE27 | AE18: ='Order Form'!AJ27 | AF18: ='Order Form'!AK27 | AG18: ='Order Form'!AL27 | AH18: ='Order Form'!AM27 | AI18: ='Order Form'!AN27 | AJ18: ='Order Form'!AO27 | AK18: ='Order Form'!AP27 | AL18: ='Order Form'!AQ27 | AM18: ='Order Form'!AR27 | AO18: =IF($V18=0,"",'Order Form'!AF27*$V18*$CH18) | AP18: =IF($V18=0,"",'Order Form'!AG27*$V18*$CH18) | AQ18: ='Order Form'!AH27 | AR18: ='Order Form'!AI27 | AU18: =IF(V18=0,"",'Order Form'!AS27*V18*CI18) | AV18: =IF(V18=0,"",'Order Form'!AT27*V18*CI18) | AW18: ='Order Form'!AU27 | AX18: ='Order Form'!AV27 | AY18: ='Order Form'!AW27 | AZ18: ='Order Form'!AX27 | BA18: ='Order Form'!AY27 | BB18: ='Order Form'!AZ27 | BC18: ='Order Form'!BA27 | BD18: ='Order Form'!BB27 | ... CE18: ='Order Form'!CC27 | CF18: =IF($V18=0,"",'Order Form'!CD27*$V18*$CH18) | CG18: =IF($V18=0,"",'Order Form'!CE27) | CH18: ='Order Form'!CF27 | CI18: ='Order Form'!CG27 | CJ18: ='Order Form'!CH27 | CK18: ='Order Form'!CI27
B19: Mission RTF (MSF) | C19: White | D19: Thermofoil | E19: Shaker thermofoil door and Slab drawer front 5 Piece Door Front | J19: =IF(B19="","",SUM(N19:S19)) -> 0 | K19: =IF(B19="","",J19-$L$4) -> 0 | L19: =-1+(+J19/$L$4) -> #DIV/0! | N19: =$AC$5 -> 0 | O19: 0 | P19: 0 | Q19: 0 | R19: NA | S19: NA | V19: ='Order Form'!B28 -> 0 | W19: 11 | X19: ='Order Form'!Y28 | Y19: ='Order Form'!Z28 | Z19: ='Order Form'!AA28 | AA19: ='Order Form'!AB28 | AB19: ='Order Form'!AC28 | AC19: ='Order Form'!AD28 | AD19: ='Order Form'!AE28 | AE19: ='Order Form'!AJ28 | AF19: ='Order Form'!AK28 | AG19: ='Order Form'!AL28 | AH19: ='Order Form'!AM28 | AI19: ='Order Form'!AN28 | AJ19: ='Order Form'!AO28 | AK19: ='Order Form'!AP28 | AL19: ='Order Form'!AQ28 | AM19: ='Order Form'!AR28 | AO19: =IF($V19=0,"",'Order Form'!AF28*$V19*$CH19) | AP19: =IF($V19=0,"",'Order Form'!AG28*$V19*$CH19) | AQ19: ='Order Form'!AH28 | AR19: ='Order Form'!AI28 | AU19: =IF(V19=0,"",'Order Form'!AS28*V19*CI19) | AV19: =IF(V19=0,"",'Order Form'!AT28*V19*CI19) | AW19: ='Order Form'!AU28 | AX19: ='Order Form'!AV28 | AY19: ='Order Form'!AW28 | AZ19: ='Order Form'!AX28 | BA19: ='Order Form'!AY28 | BB19: ='Order Form'!AZ28 | BC19: ='Order Form'!BA28 | BD19: ='Order Form'!BB28 | ... CE19: ='Order Form'!CC28 | CF19: =IF($V19=0,"",'Order Form'!CD28*$V19*$CH19) | CG19: =IF($V19=0,"",'Order Form'!CE28) | CH19: ='Order Form'!CF28 | CI19: ='Order Form'!CG28 | CJ19: ='Order Form'!CH28 | CK19: ='Order Form'!CI28
B20: Mission RTF (MSF) | C20: Opaque | D20: Thermofoil | E20: Shaker thermofoil door and Slab drawer front 5 Piece Door Front | J20: =IF(B20="","",SUM(N20:S20)) -> 0 | K20: =IF(B20="","",J20-$L$4) -> 0 | L20: =-1+(+J20/$L$4) -> #DIV/0! | N20: =$AC$5 -> 0 | O20: 0 | P20: 0 | Q20: 0 | R20: =$CF$5 -> 0 | S20: =$CG$5 -> 0 | V20: ='Order Form'!B29 -> 0 | W20: 12 | X20: ='Order Form'!Y29 | Y20: ='Order Form'!Z29 | Z20: ='Order Form'!AA29 | AA20: ='Order Form'!AB29 | AB20: ='Order Form'!AC29 | AC20: ='Order Form'!AD29 | AD20: ='Order Form'!AE29 | AE20: ='Order Form'!AJ29 | AF20: ='Order Form'!AK29 | AG20: ='Order Form'!AL29 | AH20: ='Order Form'!AM29 | AI20: ='Order Form'!AN29 | AJ20: ='Order Form'!AO29 | AK20: ='Order Form'!AP29 | AL20: ='Order Form'!AQ29 | AM20: ='Order Form'!AR29 | AO20: =IF($V20=0,"",'Order Form'!AF29*$V20*$CH20) | AP20: =IF($V20=0,"",'Order Form'!AG29*$V20*$CH20) | AQ20: ='Order Form'!AH29 | AR20: ='Order Form'!AI29 | AU20: =IF(V20=0,"",'Order Form'!AS29*V20*CI20) | AV20: =IF(V20=0,"",'Order Form'!AT29*V20*CI20) | AW20: ='Order Form'!AU29 | AX20: ='Order Form'!AV29 | AY20: ='Order Form'!AW29 | AZ20: ='Order Form'!AX29 | BA20: ='Order Form'!AY29 | BB20: ='Order Form'!AZ29 | BC20: ='Order Form'!BA29 | BD20: ='Order Form'!BB29 | ... CE20: ='Order Form'!CC29 | CF20: =IF($V20=0,"",'Order Form'!CD29*$V20*$CH20) | CG20: =IF($V20=0,"",'Order Form'!CE29) | CH20: ='Order Form'!CF29 | CI20: ='Order Form'!CG29 | CJ20: ='Order Form'!CH29 | CK20: ='Order Form'!CI29
B21: Mission RTF (MSF) | C21: Wood Grain | D21: Thermofoil | E21: Shaker thermofoil door and Slab drawer front 5 Piece Door Front | J21: =IF(B21="","",SUM(N21:S21)) -> 0 | K21: =IF(B21="","",J21-$L$4) -> 0 | L21: =-1+(+J21/$L$4) -> #DIV/0! | N21: =$AC$5 -> 0 | O21: 0 | P21: 0 | Q21: 0 | R21: =$AO$5 -> 0 | S21: =$AQ$5 -> 0 | V21: ='Order Form'!B30 -> 0 | W21: 13 | X21: ='Order Form'!Y30 | Y21: ='Order Form'!Z30 | Z21: ='Order Form'!AA30 | AA21: ='Order Form'!AB30 | AB21: ='Order Form'!AC30 | AC21: ='Order Form'!AD30 | AD21: ='Order Form'!AE30 | AE21: ='Order Form'!AJ30 | AF21: ='Order Form'!AK30 | AG21: ='Order Form'!AL30 | AH21: ='Order Form'!AM30 | AI21: ='Order Form'!AN30 | AJ21: ='Order Form'!AO30 | AK21: ='Order Form'!AP30 | AL21: ='Order Form'!AQ30 | AM21: ='Order Form'!AR30 | AO21: =IF($V21=0,"",'Order Form'!AF30*$V21*$CH21) | AP21: =IF($V21=0,"",'Order Form'!AG30*$V21*$CH21) | AQ21: ='Order Form'!AH30 | AR21: ='Order Form'!AI30 | AU21: =IF(V21=0,"",'Order Form'!AS30*V21*CI21) | AV21: =IF(V21=0,"",'Order Form'!AT30*V21*CI21) | AW21: ='Order Form'!AU30 | AX21: ='Order Form'!AV30 | AY21: ='Order Form'!AW30 | AZ21: ='Order Form'!AX30 | BA21: ='Order Form'!AY30 | BB21: ='Order Form'!AZ30 | BC21: ='Order Form'!BA30 | BD21: ='Order Form'!BB30 | ... CE21: ='Order Form'!CC30 | CF21: =IF($V21=0,"",'Order Form'!CD30*$V21*$CH21) | CG21: =IF($V21=0,"",'Order Form'!CE30) | CH21: ='Order Form'!CF30 | CI21: ='Order Form'!CG30 | CJ21: ='Order Form'!CH30 | CK21: ='Order Form'!CI30
B22: Mission RTF (MSF) | C22: Premium / FS | D22: Thermofoil | E22: Shaker thermofoil door and Slab drawer front 5 Piece Door Front | J22: =IF(B22="","",SUM(N22:S22)) -> 0 | K22: =IF(B22="","",J22-$L$4) -> 0 | L22: =-1+(+J22/$L$4) -> #DIV/0! | N22: =$AC$5 -> 0 | O22: 0 | P22: 0 | Q22: 0 | R22: =$AP$5 -> 0 | S22: =$AR$5 -> 0 | V22: ='Order Form'!B31 -> 0 | W22: 14 | X22: ='Order Form'!Y31 | Y22: ='Order Form'!Z31 | Z22: ='Order Form'!AA31 | AA22: ='Order Form'!AB31 | AB22: ='Order Form'!AC31 | AC22: ='Order Form'!AD31 | AD22: ='Order Form'!AE31 | AE22: ='Order Form'!AJ31 | AF22: ='Order Form'!AK31 | AG22: ='Order Form'!AL31 | AH22: ='Order Form'!AM31 | AI22: ='Order Form'!AN31 | AJ22: ='Order Form'!AO31 | AK22: ='Order Form'!AP31 | AL22: ='Order Form'!AQ31 | AM22: ='Order Form'!AR31 | AO22: =IF($V22=0,"",'Order Form'!AF31*$V22*$CH22) | AP22: =IF($V22=0,"",'Order Form'!AG31*$V22*$CH22) | AQ22: ='Order Form'!AH31 | AR22: ='Order Form'!AI31 | AU22: =IF(V22=0,"",'Order Form'!AS31*V22*CI22) | AV22: =IF(V22=0,"",'Order Form'!AT31*V22*CI22) | AW22: ='Order Form'!AU31 | AX22: ='Order Form'!AV31 | AY22: ='Order Form'!AW31 | AZ22: ='Order Form'!AX31 | BA22: ='Order Form'!AY31 | BB22: ='Order Form'!AZ31 | BC22: ='Order Form'!BA31 | BD22: ='Order Form'!BB31 | ... CE22: ='Order Form'!CC31 | CF22: =IF($V22=0,"",'Order Form'!CD31*$V22*$CH22) | CG22: =IF($V22=0,"",'Order Form'!CE31) | CH22: ='Order Form'!CF31 | CI22: ='Order Form'!CG31 | CJ22: ='Order Form'!CH31 | CK22: ='Order Form'!CI31
V23: ='Order Form'!B32 -> 0 | W23: 15 | X23: ='Order Form'!Y32 | Y23: ='Order Form'!Z32 | Z23: ='Order Form'!AA32 | AA23: ='Order Form'!AB32 | AB23: ='Order Form'!AC32 | AC23: ='Order Form'!AD32 | AD23: ='Order Form'!AE32 | AE23: ='Order Form'!AJ32 | AF23: ='Order Form'!AK32 | AG23: ='Order Form'!AL32 | AH23: ='Order Form'!AM32 | AI23: ='Order Form'!AN32 | AJ23: ='Order Form'!AO32 | AK23: ='Order Form'!AP32 | AL23: ='Order Form'!AQ32 | AM23: ='Order Form'!AR32 | AO23: =IF($V23=0,"",'Order Form'!AF32*$V23*$CH23) | AP23: =IF($V23=0,"",'Order Form'!AG32*$V23*$CH23) | AQ23: ='Order Form'!AH32 | AR23: ='Order Form'!AI32 | AU23: =IF(V23=0,"",'Order Form'!AS32*V23*CI23) | AV23: =IF(V23=0,"",'Order Form'!AT32*V23*CI23) | AW23: ='Order Form'!AU32 | AX23: ='Order Form'!AV32 | AY23: ='Order Form'!AW32 | AZ23: ='Order Form'!AX32 | BA23: ='Order Form'!AY32 | BB23: ='Order Form'!AZ32 | BC23: ='Order Form'!BA32 | BD23: ='Order Form'!BB32 | ... CE23: ='Order Form'!CC32 | CF23: =IF($V23=0,"",'Order Form'!CD32*$V23*$CH23) | CG23: =IF($V23=0,"",'Order Form'!CE32) | CH23: ='Order Form'!CF32 | CI23: ='Order Form'!CG32 | CJ23: ='Order Form'!CH32 | CK23: ='Order Form'!CI32
B24: Kadan RTF (KDN) | C24: White | D24: Thermofoil | E24: Slim Shaker thermofoil door and Slab drawer front 5 Piece Door Front | J24: =IF(B24="","",SUM(N24:S24)) -> 0 | K24: =IF(B24="","",J24-$L$4) -> 0 | L24: =-1+(+J24/$L$4) -> #DIV/0! | N24: =$AC$5 -> 0 | O24: 0 | P24: 0 | Q24: 0 | R24: NA | S24: NA | V24: ='Order Form'!B33 -> 0 | W24: 16 | X24: ='Order Form'!Y33 | Y24: ='Order Form'!Z33 | Z24: ='Order Form'!AA33 | AA24: ='Order Form'!AB33 | AB24: ='Order Form'!AC33 | AC24: ='Order Form'!AD33 | AD24: ='Order Form'!AE33 | AE24: ='Order Form'!AJ33 | AF24: ='Order Form'!AK33 | AG24: ='Order Form'!AL33 | AH24: ='Order Form'!AM33 | AI24: ='Order Form'!AN33 | AJ24: ='Order Form'!AO33 | AK24: ='Order Form'!AP33 | AL24: ='Order Form'!AQ33 | AM24: ='Order Form'!AR33 | AO24: =IF($V24=0,"",'Order Form'!AF33*$V24*$CH24) | AP24: =IF($V24=0,"",'Order Form'!AG33*$V24*$CH24) | AQ24: ='Order Form'!AH33 | AR24: ='Order Form'!AI33 | AU24: =IF(V24=0,"",'Order Form'!AS33*V24*CI24) | AV24: =IF(V24=0,"",'Order Form'!AT33*V24*CI24) | AW24: ='Order Form'!AU33 | AX24: ='Order Form'!AV33 | AY24: ='Order Form'!AW33 | AZ24: ='Order Form'!AX33 | BA24: ='Order Form'!AY33 | BB24: ='Order Form'!AZ33 | BC24: ='Order Form'!BA33 | BD24: ='Order Form'!BB33 | ... CE24: ='Order Form'!CC33 | CF24: =IF($V24=0,"",'Order Form'!CD33*$V24*$CH24) | CG24: =IF($V24=0,"",'Order Form'!CE33) | CH24: ='Order Form'!CF33 | CI24: ='Order Form'!CG33 | CJ24: ='Order Form'!CH33 | CK24: ='Order Form'!CI33
B25: Kadan RTF (KDN) | C25: Opaque | D25: Thermofoil | E25: Slim Shaker thermofoil door and Slab drawer front 5 Piece Door Front | J25: =IF(B25="","",SUM(N25:S25)) -> 0 | K25: =IF(B25="","",J25-$L$4) -> 0 | L25: =-1+(+J25/$L$4) -> #DIV/0! | N25: =$AC$5 -> 0 | O25: 0 | P25: 0 | Q25: 0 | R25: =$CF$5 -> 0 | S25: =$CG$5 -> 0 | V25: ='Order Form'!B34 -> 0 | W25: 17 | X25: ='Order Form'!Y34 | Y25: ='Order Form'!Z34 | Z25: ='Order Form'!AA34 | AA25: ='Order Form'!AB34 | AB25: ='Order Form'!AC34 | AC25: ='Order Form'!AD34 | AD25: ='Order Form'!AE34 | AE25: ='Order Form'!AJ34 | AF25: ='Order Form'!AK34 | AG25: ='Order Form'!AL34 | AH25: ='Order Form'!AM34 | AI25: ='Order Form'!AN34 | AJ25: ='Order Form'!AO34 | AK25: ='Order Form'!AP34 | AL25: ='Order Form'!AQ34 | AM25: ='Order Form'!AR34 | AO25: =IF($V25=0,"",'Order Form'!AF34*$V25*$CH25) | AP25: =IF($V25=0,"",'Order Form'!AG34*$V25*$CH25) | AQ25: ='Order Form'!AH34 | AR25: ='Order Form'!AI34 | AU25: =IF(V25=0,"",'Order Form'!AS34*V25*CI25) | AV25: =IF(V25=0,"",'Order Form'!AT34*V25*CI25) | AW25: ='Order Form'!AU34 | AX25: ='Order Form'!AV34 | AY25: ='Order Form'!AW34 | AZ25: ='Order Form'!AX34 | BA25: ='Order Form'!AY34 | BB25: ='Order Form'!AZ34 | BC25: ='Order Form'!BA34 | BD25: ='Order Form'!BB34 | ... CE25: ='Order Form'!CC34 | CF25: =IF($V25=0,"",'Order Form'!CD34*$V25*$CH25) | CG25: =IF($V25=0,"",'Order Form'!CE34) | CH25: ='Order Form'!CF34 | CI25: ='Order Form'!CG34 | CJ25: ='Order Form'!CH34 | CK25: ='Order Form'!CI34
B26: Kadan RTF (KDN) | C26: Wood Grain | D26: Thermofoil | E26: Slim Shaker thermofoil door and Slab drawer front 5 Piece Door Front | J26: =IF(B26="","",SUM(N26:S26)) -> 0 | K26: =IF(B26="","",J26-$L$4) -> 0 | L26: =-1+(+J26/$L$4) -> #DIV/0! | N26: =$AC$5 -> 0 | O26: 0 | P26: 0 | Q26: 0 | R26: =$AO$5 -> 0 | S26: =$AQ$5 -> 0 | V26: ='Order Form'!B35 -> 0 | W26: 18 | X26: ='Order Form'!Y35 | Y26: ='Order Form'!Z35 | Z26: ='Order Form'!AA35 | AA26: ='Order Form'!AB35 | AB26: ='Order Form'!AC35 | AC26: ='Order Form'!AD35 | AD26: ='Order Form'!AE35 | AE26: ='Order Form'!AJ35 | AF26: ='Order Form'!AK35 | AG26: ='Order Form'!AL35 | AH26: ='Order Form'!AM35 | AI26: ='Order Form'!AN35 | AJ26: ='Order Form'!AO35 | AK26: ='Order Form'!AP35 | AL26: ='Order Form'!AQ35 | AM26: ='Order Form'!AR35 | AO26: =IF($V26=0,"",'Order Form'!AF35*$V26*$CH26) | AP26: =IF($V26=0,"",'Order Form'!AG35*$V26*$CH26) | AQ26: ='Order Form'!AH35 | AR26: ='Order Form'!AI35 | AU26: =IF(V26=0,"",'Order Form'!AS35*V26*CI26) | AV26: =IF(V26=0,"",'Order Form'!AT35*V26*CI26) | AW26: ='Order Form'!AU35 | AX26: ='Order Form'!AV35 | AY26: ='Order Form'!AW35 | AZ26: ='Order Form'!AX35 | BA26: ='Order Form'!AY35 | BB26: ='Order Form'!AZ35 | BC26: ='Order Form'!BA35 | BD26: ='Order Form'!BB35 | ... CE26: ='Order Form'!CC35 | CF26: =IF($V26=0,"",'Order Form'!CD35*$V26*$CH26) | CG26: =IF($V26=0,"",'Order Form'!CE35) | CH26: ='Order Form'!CF35 | CI26: ='Order Form'!CG35 | CJ26: ='Order Form'!CH35 | CK26: ='Order Form'!CI35
B27: Kadan RTF (KDN) | C27: Premium / FS | D27: Thermofoil | E27: Slim Shaker thermofoil door and Slab drawer front 5 Piece Door Front | J27: =IF(B27="","",SUM(N27:S27)) -> 0 | K27: =IF(B27="","",J27-$L$4) -> 0 | L27: =-1+(+J27/$L$4) -> #DIV/0! | N27: =$AC$5 -> 0 | O27: 0 | P27: 0 | Q27: 0 | R27: =$AP$5 -> 0 | S27: =$AR$5 -> 0 | V27: ='Order Form'!B36 -> 0 | W27: 19 | X27: ='Order Form'!Y36 | Y27: ='Order Form'!Z36 | Z27: ='Order Form'!AA36 | AA27: ='Order Form'!AB36 | AB27: ='Order Form'!AC36 | AC27: ='Order Form'!AD36 | AD27: ='Order Form'!AE36 | AE27: ='Order Form'!AJ36 | AF27: ='Order Form'!AK36 | AG27: ='Order Form'!AL36 | AH27: ='Order Form'!AM36 | AI27: ='Order Form'!AN36 | AJ27: ='Order Form'!AO36 | AK27: ='Order Form'!AP36 | AL27: ='Order Form'!AQ36 | AM27: ='Order Form'!AR36 | AO27: =IF($V27=0,"",'Order Form'!AF36*$V27*$CH27) | AP27: =IF($V27=0,"",'Order Form'!AG36*$V27*$CH27) | AQ27: ='Order Form'!AH36 | AR27: ='Order Form'!AI36 | AU27: =IF(V27=0,"",'Order Form'!AS36*V27*CI27) | AV27: =IF(V27=0,"",'Order Form'!AT36*V27*CI27) | AW27: ='Order Form'!AU36 | AX27: ='Order Form'!AV36 | AY27: ='Order Form'!AW36 | AZ27: ='Order Form'!AX36 | BA27: ='Order Form'!AY36 | BB27: ='Order Form'!AZ36 | BC27: ='Order Form'!BA36 | BD27: ='Order Form'!BB36 | ... CE27: ='Order Form'!CC36 | CF27: =IF($V27=0,"",'Order Form'!CD36*$V27*$CH27) | CG27: =IF($V27=0,"",'Order Form'!CE36) | CH27: ='Order Form'!CF36 | CI27: ='Order Form'!CG36 | CJ27: ='Order Form'!CH36 | CK27: ='Order Form'!CI36
W28: 20
B29: Lincoln Maple | C29: Standard Stain | D29: Maple | E29: Recessed panel door with 5 Piece Drawer Front (Faux Sides) | J29: =IF(B29="","",SUM(N29:S29)) -> 0 | K29: =IF(B29="","",J29-$L$4) -> 0 | L29: =-1+(+J29/$L$4) -> #DIV/0! | N29: =$AH$5 -> 0 | O29: =IF(N29="","",'Order Form'!$M$15) -> 0 | P29: =IF(N29="","",'Order Form'!$N$15) -> 0 | Q29: =IF(O29="","",'Order Form'!$O$15) -> 0 | R29: =$AU$5*$AB$2 -> 0 | S29: NA | V29: ='Order Form'!B33 -> 0 | W29: 21 | X29: ='Order Form'!Y33 | Y29: ='Order Form'!Z33 | Z29: ='Order Form'!AA33 | AA29: ='Order Form'!AB33 | AB29: ='Order Form'!AC33 | AC29: ='Order Form'!AD33 | AD29: ='Order Form'!AE33 | AE29: ='Order Form'!AJ33 | AF29: ='Order Form'!AK33 | AG29: ='Order Form'!AL33 | AH29: ='Order Form'!AM33 | AI29: ='Order Form'!AN33 | AJ29: ='Order Form'!AO33 | AK29: ='Order Form'!AP33 | AL29: ='Order Form'!AQ33 | AM29: ='Order Form'!AR33 | AO29: =IF($V29=0,"",'Order Form'!AF33*$V29*$CH29) | AP29: =IF($V29=0,"",'Order Form'!AG33*$V29*$CH29) | AQ29: ='Order Form'!AH33 | AR29: ='Order Form'!AI33 | AU29: =IF(V29=0,"",'Order Form'!AS33*V29*CI29) | AV29: =IF(V29=0,"",'Order Form'!AT33*V29*CI29) | AW29: ='Order Form'!AU33 | AX29: ='Order Form'!AV33 | AY29: ='Order Form'!AW33 | AZ29: ='Order Form'!AX33 | BA29: ='Order Form'!AY33 | BB29: ='Order Form'!AZ33 | BC29: ='Order Form'!BA33 | BD29: ='Order Form'!BB33 | ... CE29: ='Order Form'!CC33 | CF29: =IF($V29=0,"",'Order Form'!CD33*$V29*$CH29) | CG29: =IF($V29=0,"",'Order Form'!CE33) | CH29: ='Order Form'!CF33 | CI29: ='Order Form'!CG33 | CJ29: ='Order Form'!CH33 | CK29: ='Order Form'!CI33
B30: Lincoln Maple | C30: Paint | D30: Maple | E30: Lincoln door with 5 Piece Drawer Front | J30: =IF(B30="","",SUM(N30:S30)) -> 0 | K30: =IF(B30="","",J30-$L$4) -> 0 | L30: =-1+(+J30/$L$4) -> #DIV/0! | N30: =$AH$5 -> 0 | O30: =IF(N30="","",'Order Form'!$M$15) -> 0 | P30: =IF(N30="","",'Order Form'!$N$15) -> 0 | Q30: =IF(O30="","",'Order Form'!$O$15) -> 0 | R30: =$AV$5*$AB$2 -> 0 | S30: =SUMPRODUCT($V$9:$V$84,$AH$9:$AH$84,$AX$9:$AX$84)*$X$2 -> 0 | V30: ='Order Form'!B34 -> 0 | W30: 22 | X30: ='Order Form'!Y34 | Y30: ='Order Form'!Z34 | Z30: ='Order Form'!AA34 | AA30: ='Order Form'!AB34 | AB30: ='Order Form'!AC34 | AC30: ='Order Form'!AD34 | AD30: ='Order Form'!AE34 | AE30: ='Order Form'!AJ34 | AF30: ='Order Form'!AK34 | AG30: ='Order Form'!AL34 | AH30: ='Order Form'!AM34 | AI30: ='Order Form'!AN34 | AJ30: ='Order Form'!AO34 | AK30: ='Order Form'!AP34 | AL30: ='Order Form'!AQ34 | AM30: ='Order Form'!AR34 | AO30: =IF($V30=0,"",'Order Form'!AF34*$V30*$CH30) | AP30: =IF($V30=0,"",'Order Form'!AG34*$V30*$CH30) | AQ30: ='Order Form'!AH34 | AR30: ='Order Form'!AI34 | AU30: =IF(V30=0,"",'Order Form'!AS34*V30*CI30) | AV30: =IF(V30=0,"",'Order Form'!AT34*V30*CI30) | AW30: ='Order Form'!AU34 | AX30: ='Order Form'!AV34 | AY30: ='Order Form'!AW34 | AZ30: ='Order Form'!AX34 | BA30: ='Order Form'!AY34 | BB30: ='Order Form'!AZ34 | BC30: ='Order Form'!BA34 | BD30: ='Order Form'!BB34 | ... CE30: ='Order Form'!CC34 | CF30: =IF($V30=0,"",'Order Form'!CD34*$V30*$CH30) | CG30: =IF($V30=0,"",'Order Form'!CE34) | CH30: ='Order Form'!CF34 | CI30: ='Order Form'!CG34 | CJ30: ='Order Form'!CH34 | CK30: ='Order Form'!CI34
V31: ='Order Form'!B35 -> 0 | W31: 23 | X31: ='Order Form'!Y35 | Y31: ='Order Form'!Z35 | Z31: ='Order Form'!AA35 | AA31: ='Order Form'!AB35 | AB31: ='Order Form'!AC35 | AC31: ='Order Form'!AD35 | AD31: ='Order Form'!AE35 | AE31: ='Order Form'!AJ35 | AF31: ='Order Form'!AK35 | AG31: ='Order Form'!AL35 | AH31: ='Order Form'!AM35 | AI31: ='Order Form'!AN35 | AJ31: ='Order Form'!AO35 | AK31: ='Order Form'!AP35 | AL31: ='Order Form'!AQ35 | AM31: ='Order Form'!AR35 | AO31: =IF($V31=0,"",'Order Form'!AF35*$V31*$CH31) | AP31: =IF($V31=0,"",'Order Form'!AG35*$V31*$CH31) | AQ31: ='Order Form'!AH35 | AR31: ='Order Form'!AI35 | AU31: =IF(V31=0,"",'Order Form'!AS35*V31*CI31) | AV31: =IF(V31=0,"",'Order Form'!AT35*V31*CI31) | AW31: ='Order Form'!AU35 | AX31: ='Order Form'!AV35 | AY31: ='Order Form'!AW35 | AZ31: ='Order Form'!AX35 | BA31: ='Order Form'!AY35 | BB31: ='Order Form'!AZ35 | BC31: ='Order Form'!BA35 | BD31: ='Order Form'!BB35 | ... CE31: ='Order Form'!CC35 | CF31: =IF($V31=0,"",'Order Form'!CD35*$V31*$CH31) | CG31: =IF($V31=0,"",'Order Form'!CE35) | CH31: ='Order Form'!CF35 | CI31: ='Order Form'!CG35 | CJ31: ='Order Form'!CH35 | CK31: ='Order Form'!CI35
B32: Shaker Maple | C32: Standard Stain | D32: Maple | E32: Shaker door with 5 Piece Drawer Front (Faux Sides) | J32: =IF(B32="","",SUM(N32:S32)) -> 0 | K32: =IF(B32="","",J32-$L$4) -> 0 | L32: =-1+(+J32/$L$4) -> #DIV/0! | N32: =$AI$5 -> 0 | O32: =IF(N32="","",'Order Form'!$M$15) -> 0 | P32: =IF(N32="","",'Order Form'!$N$15) -> 0 | Q32: =IF(O32="","",'Order Form'!$O$15) -> 0 | R32: =$AU$5*$AB$2 -> 0 | S32: NA | V32: ='Order Form'!B36 -> 0 | W32: 24 | X32: ='Order Form'!Y36 | Y32: ='Order Form'!Z36 | Z32: ='Order Form'!AA36 | AA32: ='Order Form'!AB36 | AB32: ='Order Form'!AC36 | AC32: ='Order Form'!AD36 | AD32: ='Order Form'!AE36 | AE32: ='Order Form'!AJ36 | AF32: ='Order Form'!AK36 | AG32: ='Order Form'!AL36 | AH32: ='Order Form'!AM36 | AI32: ='Order Form'!AN36 | AJ32: ='Order Form'!AO36 | AK32: ='Order Form'!AP36 | AL32: ='Order Form'!AQ36 | AM32: ='Order Form'!AR36 | AO32: =IF($V32=0,"",'Order Form'!AF36*$V32*$CH32) | AP32: =IF($V32=0,"",'Order Form'!AG36*$V32*$CH32) | AQ32: ='Order Form'!AH36 | AR32: ='Order Form'!AI36 | AU32: =IF(V32=0,"",'Order Form'!AS36*V32*CI32) | AV32: =IF(V32=0,"",'Order Form'!AT36*V32*CI32) | AW32: ='Order Form'!AU36 | AX32: ='Order Form'!AV36 | AY32: ='Order Form'!AW36 | AZ32: ='Order Form'!AX36 | BA32: ='Order Form'!AY36 | BB32: ='Order Form'!AZ36 | BC32: ='Order Form'!BA36 | BD32: ='Order Form'!BB36 | ... CE32: ='Order Form'!CC36 | CF32: =IF($V32=0,"",'Order Form'!CD36*$V32*$CH32) | CG32: =IF($V32=0,"",'Order Form'!CE36) | CH32: ='Order Form'!CF36 | CI32: ='Order Form'!CG36 | CJ32: ='Order Form'!CH36 | CK32: ='Order Form'!CI36
B33: Shaker Maple | C33: Paint | D33: Maple | E33: Shaker door with 5 Piece Drawer Front | J33: =IF(B33="","",SUM(N33:S33)) -> 0 | K33: =IF(B33="","",J33-$L$4) -> 0 | L33: =-1+(+J33/$L$4) -> #DIV/0! | N33: =$AI$5 -> 0 | O33: =IF(N33="","",'Order Form'!$M$15) -> 0 | P33: =IF(N33="","",'Order Form'!$N$15) -> 0 | Q33: =IF(O33="","",'Order Form'!$O$15) -> 0 | R33: =$AV$5*$AB$2 -> 0 | S33: =SUMPRODUCT($V$9:$V$84,$AI$9:$AI$84,$AX$9:$AX$84)*$X$2 -> 0 | V33: ='Order Form'!B37 -> 0 | W33: 25 | X33: ='Order Form'!Y37 | Y33: ='Order Form'!Z37 | Z33: ='Order Form'!AA37 | AA33: ='Order Form'!AB37 | AB33: ='Order Form'!AC37 | AC33: ='Order Form'!AD37 | AD33: ='Order Form'!AE37 | AE33: ='Order Form'!AJ37 | AF33: ='Order Form'!AK37 | AG33: ='Order Form'!AL37 | AH33: ='Order Form'!AM37 | AI33: ='Order Form'!AN37 | AJ33: ='Order Form'!AO37 | AK33: ='Order Form'!AP37 | AL33: ='Order Form'!AQ37 | AM33: ='Order Form'!AR37 | AO33: =IF($V33=0,"",'Order Form'!AF37*$V33*$CH33) | AP33: =IF($V33=0,"",'Order Form'!AG37*$V33*$CH33) | AQ33: ='Order Form'!AH37 | AR33: ='Order Form'!AI37 | AU33: =IF(V33=0,"",'Order Form'!AS37*V33*CI33) | AV33: =IF(V33=0,"",'Order Form'!AT37*V33*CI33) | AW33: ='Order Form'!AU37 | AX33: ='Order Form'!AV37 | AY33: ='Order Form'!AW37 | AZ33: ='Order Form'!AX37 | BA33: ='Order Form'!AY37 | BB33: ='Order Form'!AZ37 | BC33: ='Order Form'!BA37 | BD33: ='Order Form'!BB37 | ... CE33: ='Order Form'!CC37 | CF33: =IF($V33=0,"",'Order Form'!CD37*$V33*$CH33) | CG33: =IF($V33=0,"",'Order Form'!CE37) | CH33: ='Order Form'!CF37 | CI33: ='Order Form'!CG37 | CJ33: ='Order Form'!CH37 | CK33: ='Order Form'!CI37
V34: ='Order Form'!B38 -> 0 | W34: 26 | X34: ='Order Form'!Y38 | Y34: ='Order Form'!Z38 | Z34: ='Order Form'!AA38 | AA34: ='Order Form'!AB38 | AB34: ='Order Form'!AC38 | AC34: ='Order Form'!AD38 | AD34: ='Order Form'!AE38 | AE34: ='Order Form'!AJ38 | AF34: ='Order Form'!AK38 | AG34: ='Order Form'!AL38 | AH34: ='Order Form'!AM38 | AI34: ='Order Form'!AN38 | AJ34: ='Order Form'!AO38 | AK34: ='Order Form'!AP38 | AL34: ='Order Form'!AQ38 | AM34: ='Order Form'!AR38 | AO34: =IF($V34=0,"",'Order Form'!AF38*$V34*$CH34) | AP34: =IF($V34=0,"",'Order Form'!AG38*$V34*$CH34) | AQ34: ='Order Form'!AH38 | AR34: ='Order Form'!AI38 | AU34: =IF(V34=0,"",'Order Form'!AS38*V34*CI34) | AV34: =IF(V34=0,"",'Order Form'!AT38*V34*CI34) | AW34: ='Order Form'!AU38 | AX34: ='Order Form'!AV38 | AY34: ='Order Form'!AW38 | AZ34: ='Order Form'!AX38 | BA34: ='Order Form'!AY38 | BB34: ='Order Form'!AZ38 | BC34: ='Order Form'!BA38 | BD34: ='Order Form'!BB38 | ... CE34: ='Order Form'!CC38 | CF34: =IF($V34=0,"",'Order Form'!CD38*$V34*$CH34) | CG34: =IF($V34=0,"",'Order Form'!CE38) | CH34: ='Order Form'!CF38 | CI34: ='Order Form'!CG38 | CJ34: ='Order Form'!CH38 | CK34: ='Order Form'!CI38
B35: Fenton Maple | C35: Standard Stain | D35: Maple | E35: Raised panel door with 5 Piece Drawer Front | J35: =IF(B35="","",SUM(N35:S35)) -> 0 | K35: =IF(B35="","",J35-$L$4) -> 0 | L35: =-1+(+J35/$L$4) -> #DIV/0! | N35: =$AJ$5 -> 0 | O35: =IF(N35="","",'Order Form'!$M$15) -> 0 | P35: =IF(N35="","",'Order Form'!$N$15) -> 0 | Q35: =IF(O35="","",'Order Form'!$O$15) -> 0 | R35: =$AU$5*$AB$2 -> 0 | S35: NA | V35: ='Order Form'!B42 -> 0 | W35: 27 | X35: ='Order Form'!Y42 | Y35: ='Order Form'!Z42 | Z35: ='Order Form'!AA42 | AA35: ='Order Form'!AB42 | AB35: ='Order Form'!AC42 | AC35: ='Order Form'!AD42 | AD35: ='Order Form'!AE42 | AE35: ='Order Form'!AJ42 | AF35: ='Order Form'!AK42 | AG35: ='Order Form'!AL42 | AH35: ='Order Form'!AM42 | AI35: ='Order Form'!AN42 | AJ35: ='Order Form'!AO42 | AK35: ='Order Form'!AP42 | AL35: ='Order Form'!AQ42 | AM35: ='Order Form'!AR42 | AO35: =IF($V35=0,"",'Order Form'!AF42*$V35*$CH35) | AP35: =IF($V35=0,"",'Order Form'!AG42*$V35*$CH35) | AQ35: ='Order Form'!AH42 | AR35: ='Order Form'!AI42 | AU35: =IF(V35=0,"",'Order Form'!AS42*V35*CI35) | AV35: =IF(V35=0,"",'Order Form'!AT42*V35*CI35) | AW35: ='Order Form'!AU42 | AX35: ='Order Form'!AV42 | AY35: ='Order Form'!AW42 | AZ35: ='Order Form'!AX42 | BA35: ='Order Form'!AY42 | BB35: ='Order Form'!AZ42 | BC35: ='Order Form'!BA42 | BD35: ='Order Form'!BB42 | ... CE35: ='Order Form'!CC42 | CF35: =IF($V35=0,"",'Order Form'!CD42*$V35*$CH35) | CG35: =IF($V35=0,"",'Order Form'!CE42) | CH35: ='Order Form'!CF42 | CI35: ='Order Form'!CG42 | CJ35: ='Order Form'!CH42 | CK35: ='Order Form'!CI42
B36: Fenton Maple | C36: Paint | D36: Maple | E36: Raised panel door with 5 Piece Drawer Front | J36: =IF(B36="","",SUM(N36:S36)) -> 0 | K36: =IF(B36="","",J36-$L$4) -> 0 | L36: =-1+(+J36/$L$4) -> #DIV/0! | N36: =$AJ$5 -> 0 | O36: =IF(N36="","",'Order Form'!$M$15) -> 0 | P36: =IF(N36="","",'Order Form'!$N$15) -> 0 | Q36: =IF(O36="","",'Order Form'!$O$15) -> 0 | R36: =$AV$5*$AB$2 -> 0 | S36: =SUMPRODUCT($V$9:$V$84,$AJ$9:$AJ$84,$AW$9:$AW$84)*$X$2 -> 0 | V36: ='Order Form'!B43 -> 0 | W36: 28 | X36: ='Order Form'!Y43 | Y36: ='Order Form'!Z43 | Z36: ='Order Form'!AA43 | AA36: ='Order Form'!AB43 | AB36: ='Order Form'!AC43 | AC36: ='Order Form'!AD43 | AD36: ='Order Form'!AE43 | AE36: ='Order Form'!AJ43 | AF36: ='Order Form'!AK43 | AG36: ='Order Form'!AL43 | AH36: ='Order Form'!AM43 | AI36: ='Order Form'!AN43 | AJ36: ='Order Form'!AO43 | AK36: ='Order Form'!AP43 | AL36: ='Order Form'!AQ43 | AM36: ='Order Form'!AR43 | AO36: =IF($V36=0,"",'Order Form'!AF43*$V36*$CH36) | AP36: =IF($V36=0,"",'Order Form'!AG43*$V36*$CH36) | AQ36: ='Order Form'!AH43 | AR36: ='Order Form'!AI43 | AU36: =IF(V36=0,"",'Order Form'!AS43*V36*CI36) | AV36: =IF(V36=0,"",'Order Form'!AT43*V36*CI36) | AW36: ='Order Form'!AU43 | AX36: ='Order Form'!AV43 | AY36: ='Order Form'!AW43 | AZ36: ='Order Form'!AX43 | BA36: ='Order Form'!AY43 | BB36: ='Order Form'!AZ43 | BC36: ='Order Form'!BA43 | BD36: ='Order Form'!BB43 | ... CE36: ='Order Form'!CC43 | CF36: =IF($V36=0,"",'Order Form'!CD43*$V36*$CH36) | CG36: =IF($V36=0,"",'Order Form'!CE43) | CH36: ='Order Form'!CF43 | CI36: ='Order Form'!CG43 | CJ36: ='Order Form'!CH43 | CK36: ='Order Form'!CI43
J37: =IF(B37="","",SUM(N37:S37)) | K37: =IF(B37="","",J37-$L$4) | O37: =IF(N37="","",'Order Form'!$M$15) | P37: =IF(N37="","",'Order Form'!$N$15) | Q37: =IF(O37="","",'Order Form'!$O$15) | V37: ='Order Form'!B47 -> 0 | W37: 29 | X37: ='Order Form'!Y47 | Y37: ='Order Form'!Z47 | Z37: ='Order Form'!AA47 | AA37: ='Order Form'!AB47 | AB37: ='Order Form'!AC47 | AC37: ='Order Form'!AD47 | AD37: ='Order Form'!AE47 | AE37: ='Order Form'!AJ47 | AF37: ='Order Form'!AK47 | AG37: ='Order Form'!AL47 | AH37: ='Order Form'!AM47 | AI37: ='Order Form'!AN47 | AJ37: ='Order Form'!AO47 | AK37: ='Order Form'!AP47 | AL37: ='Order Form'!AQ47 | AM37: ='Order Form'!AR47 | AO37: =IF($V37=0,"",'Order Form'!AF47*$V37*$CH37) | AP37: =IF($V37=0,"",'Order Form'!AG47*$V37*$CH37) | AQ37: ='Order Form'!AH47 | AR37: ='Order Form'!AI47 | AU37: =IF(V37=0,"",'Order Form'!AS47*V37*CI37) | AV37: =IF(V37=0,"",'Order Form'!AT47*V37*CI37) | AW37: ='Order Form'!AU47 | AX37: ='Order Form'!AV47 | AY37: ='Order Form'!AW47 | AZ37: ='Order Form'!AX47 | BA37: ='Order Form'!AY47 | BB37: ='Order Form'!AZ47 | BC37: ='Order Form'!BA47 | BD37: ='Order Form'!BB47 | ... CE37: ='Order Form'!CC47 | CF37: =IF($V37=0,"",'Order Form'!CD47*$V37*$CH37) | CG37: =IF($V37=0,"",'Order Form'!CE47) | CH37: ='Order Form'!CF47 | CI37: ='Order Form'!CG47 | CJ37: ='Order Form'!CH47 | CK37: ='Order Form'!CI47
V38: ='Order Form'!B48 -> 0 | W38: 30 | X38: ='Order Form'!Y48 | Y38: ='Order Form'!Z48 | Z38: ='Order Form'!AA48 | AA38: ='Order Form'!AB48 | AB38: ='Order Form'!AC48 | AC38: ='Order Form'!AD48 | AD38: ='Order Form'!AE48 | AE38: ='Order Form'!AJ48 | AF38: ='Order Form'!AK48 | AG38: ='Order Form'!AL48 | AH38: ='Order Form'!AM48 | AI38: ='Order Form'!AN48 | AJ38: ='Order Form'!AO48 | AK38: ='Order Form'!AP48 | AL38: ='Order Form'!AQ48 | AM38: ='Order Form'!AR48 | AO38: =IF($V38=0,"",'Order Form'!AF48*$V38*$CH38) | AP38: =IF($V38=0,"",'Order Form'!AG48*$V38*$CH38) | AQ38: ='Order Form'!AH48 | AR38: ='Order Form'!AI48 | AU38: =IF(V38=0,"",'Order Form'!AS48*V38*CI38) | AV38: =IF(V38=0,"",'Order Form'!AT48*V38*CI38) | AW38: ='Order Form'!AU48 | AX38: ='Order Form'!AV48 | AY38: ='Order Form'!AW48 | AZ38: ='Order Form'!AX48 | BA38: ='Order Form'!AY48 | BB38: ='Order Form'!AZ48 | BC38: ='Order Form'!BA48 | BD38: ='Order Form'!BB48 | ... CE38: ='Order Form'!CC48 | CF38: =IF($V38=0,"",'Order Form'!CD48*$V38*$CH38) | CG38: =IF($V38=0,"",'Order Form'!CE48) | CH38: ='Order Form'!CF48 | CI38: ='Order Form'!CG48 | CJ38: ='Order Form'!CH48 | CK38: ='Order Form'!CI48
V39: ='Order Form'!B49 -> 0 | W39: 31 | X39: ='Order Form'!Y49 | Y39: ='Order Form'!Z49 | Z39: ='Order Form'!AA49 | AA39: ='Order Form'!AB49 | AB39: ='Order Form'!AC49 | AC39: ='Order Form'!AD49 | AD39: ='Order Form'!AE49 | AE39: ='Order Form'!AJ49 | AF39: ='Order Form'!AK49 | AG39: ='Order Form'!AL49 | AH39: ='Order Form'!AM49 | AI39: ='Order Form'!AN49 | AJ39: ='Order Form'!AO49 | AK39: ='Order Form'!AP49 | AL39: ='Order Form'!AQ49 | AM39: ='Order Form'!AR49 | AO39: =IF($V39=0,"",'Order Form'!AF49*$V39*$CH39) | AP39: =IF($V39=0,"",'Order Form'!AG49*$V39*$CH39) | AQ39: ='Order Form'!AH49 | AR39: ='Order Form'!AI49 | AU39: =IF(V39=0,"",'Order Form'!AS49*V39*CI39) | AV39: =IF(V39=0,"",'Order Form'!AT49*V39*CI39) | AW39: ='Order Form'!AU49 | AX39: ='Order Form'!AV49 | AY39: ='Order Form'!AW49 | AZ39: ='Order Form'!AX49 | BA39: ='Order Form'!AY49 | BB39: ='Order Form'!AZ49 | BC39: ='Order Form'!BA49 | BD39: ='Order Form'!BB49 | ... CE39: ='Order Form'!CC49 | CF39: =IF($V39=0,"",'Order Form'!CD49*$V39*$CH39) | CG39: =IF($V39=0,"",'Order Form'!CE49) | CH39: ='Order Form'!CF49 | CI39: ='Order Form'!CG49 | CJ39: ='Order Form'!CH49 | CK39: ='Order Form'!CI49
J40: =IF(B40="","",SUM(N40:S40)) | K40: =IF(B40="","",J40-$L$4) | O40: =IF(N40="","",'Order Form'!$M$15) | P40: =IF(N40="","",'Order Form'!$N$15) | Q40: =IF(O40="","",'Order Form'!$O$15) | V40: ='Order Form'!B50 -> 0 | W40: 32 | X40: ='Order Form'!Y50 | Y40: ='Order Form'!Z50 | Z40: ='Order Form'!AA50 | AA40: ='Order Form'!AB50 | AB40: ='Order Form'!AC50 | AC40: ='Order Form'!AD50 | AD40: ='Order Form'!AE50 | AE40: ='Order Form'!AJ50 | AF40: ='Order Form'!AK50 | AG40: ='Order Form'!AL50 | AH40: ='Order Form'!AM50 | AI40: ='Order Form'!AN50 | AJ40: ='Order Form'!AO50 | AK40: ='Order Form'!AP50 | AL40: ='Order Form'!AQ50 | AM40: ='Order Form'!AR50 | AO40: =IF($V40=0,"",'Order Form'!AF50*$V40*$CH40) | AP40: =IF($V40=0,"",'Order Form'!AG50*$V40*$CH40) | AQ40: ='Order Form'!AH50 | AR40: ='Order Form'!AI50 | AU40: =IF(V40=0,"",'Order Form'!AS50*V40*CI40) | AV40: =IF(V40=0,"",'Order Form'!AT50*V40*CI40) | AW40: ='Order Form'!AU50 | AX40: ='Order Form'!AV50 | AY40: ='Order Form'!AW50 | AZ40: ='Order Form'!AX50 | BA40: ='Order Form'!AY50 | BB40: ='Order Form'!AZ50 | BC40: ='Order Form'!BA50 | BD40: ='Order Form'!BB50 | ... CE40: ='Order Form'!CC50 | CF40: =IF($V40=0,"",'Order Form'!CD50*$V40*$CH40) | CG40: =IF($V40=0,"",'Order Form'!CE50) | CH40: ='Order Form'!CF50 | CI40: ='Order Form'!CG50 | CJ40: ='Order Form'!CH50 | CK40: ='Order Form'!CI50
J41: =IF(B41="","",SUM(N41:S41)) | K41: =IF(B41="","",J41-$L$4) | O41: =IF(N41="","",'Order Form'!$M$15) | P41: =IF(N41="","",'Order Form'!$N$15) | Q41: =IF(O41="","",'Order Form'!$O$15) | V41: ='Order Form'!B51 -> 0 | W41: 33 | X41: ='Order Form'!Y51 | Y41: ='Order Form'!Z51 | Z41: ='Order Form'!AA51 | AA41: ='Order Form'!AB51 | AB41: ='Order Form'!AC51 | AC41: ='Order Form'!AD51 | AD41: ='Order Form'!AE51 | AE41: ='Order Form'!AJ51 | AF41: ='Order Form'!AK51 | AG41: ='Order Form'!AL51 | AH41: ='Order Form'!AM51 | AI41: ='Order Form'!AN51 | AJ41: ='Order Form'!AO51 | AK41: ='Order Form'!AP51 | AL41: ='Order Form'!AQ51 | AM41: ='Order Form'!AR51 | AO41: =IF($V41=0,"",'Order Form'!AF51*$V41*$CH41) | AP41: =IF($V41=0,"",'Order Form'!AG51*$V41*$CH41) | AQ41: ='Order Form'!AH51 | AR41: ='Order Form'!AI51 | AU41: =IF(V41=0,"",'Order Form'!AS51*V41*CI41) | AV41: =IF(V41=0,"",'Order Form'!AT51*V41*CI41) | AW41: ='Order Form'!AU51 | AX41: ='Order Form'!AV51 | AY41: ='Order Form'!AW51 | AZ41: ='Order Form'!AX51 | BA41: ='Order Form'!AY51 | BB41: ='Order Form'!AZ51 | BC41: ='Order Form'!BA51 | BD41: ='Order Form'!BB51 | ... CE41: ='Order Form'!CC51 | CF41: =IF($V41=0,"",'Order Form'!CD51*$V41*$CH41) | CG41: =IF($V41=0,"",'Order Form'!CE51) | CH41: ='Order Form'!CF51 | CI41: ='Order Form'!CG51 | CJ41: ='Order Form'!CH51 | CK41: ='Order Form'!CI51
J42: =IF(B42="","",SUM(N42:S42)) | K42: =IF(B42="","",J42-$L$4) | O42: =IF(N42="","",'Order Form'!$M$15) | P42: =IF(N42="","",'Order Form'!$N$15) | Q42: =IF(O42="","",'Order Form'!$O$15) | V42: ='Order Form'!B52 -> 0 | W42: 34 | X42: ='Order Form'!Y52 | Y42: ='Order Form'!Z52 | Z42: ='Order Form'!AA52 | AA42: ='Order Form'!AB52 | AB42: ='Order Form'!AC52 | AC42: ='Order Form'!AD52 | AD42: ='Order Form'!AE52 | AE42: ='Order Form'!AJ52 | AF42: ='Order Form'!AK52 | AG42: ='Order Form'!AL52 | AH42: ='Order Form'!AM52 | AI42: ='Order Form'!AN52 | AJ42: ='Order Form'!AO52 | AK42: ='Order Form'!AP52 | AL42: ='Order Form'!AQ52 | AM42: ='Order Form'!AR52 | AO42: =IF($V42=0,"",'Order Form'!AF52*$V42*$CH42) | AP42: =IF($V42=0,"",'Order Form'!AG52*$V42*$CH42) | AQ42: ='Order Form'!AH52 | AR42: ='Order Form'!AI52 | AU42: =IF(V42=0,"",'Order Form'!AS52*V42*CI42) | AV42: =IF(V42=0,"",'Order Form'!AT52*V42*CI42) | AW42: ='Order Form'!AU52 | AX42: ='Order Form'!AV52 | AY42: ='Order Form'!AW52 | AZ42: ='Order Form'!AX52 | BA42: ='Order Form'!AY52 | BB42: ='Order Form'!AZ52 | BC42: ='Order Form'!BA52 | BD42: ='Order Form'!BB52 | ... CE42: ='Order Form'!CC52 | CF42: =IF($V42=0,"",'Order Form'!CD52*$V42*$CH42) | CG42: =IF($V42=0,"",'Order Form'!CE52) | CH42: ='Order Form'!CF52 | CI42: ='Order Form'!CG52 | CJ42: ='Order Form'!CH52 | CK42: ='Order Form'!CI52
J43: =IF(B43="","",SUM(N45:S45)) | K43: =IF(B43="","",J43-$L$4) | V43: ='Order Form'!B53 -> 0 | W43: 35 | X43: ='Order Form'!Y53 | Y43: ='Order Form'!Z53 | Z43: ='Order Form'!AA53 | AA43: ='Order Form'!AB53 | AB43: ='Order Form'!AC53 | AC43: ='Order Form'!AD53 | AD43: ='Order Form'!AE53 | AE43: ='Order Form'!AJ53 | AF43: ='Order Form'!AK53 | AG43: ='Order Form'!AL53 | AH43: ='Order Form'!AM53 | AI43: ='Order Form'!AN53 | AJ43: ='Order Form'!AO53 | AK43: ='Order Form'!AP53 | AL43: ='Order Form'!AQ53 | AM43: ='Order Form'!AR53 | AO43: =IF($V43=0,"",'Order Form'!AF53*$V43*$CH43) | AP43: =IF($V43=0,"",'Order Form'!AG53*$V43*$CH43) | AQ43: ='Order Form'!AH53 | AR43: ='Order Form'!AI53 | AU43: =IF(V43=0,"",'Order Form'!AS53*V43*CI43) | AV43: =IF(V43=0,"",'Order Form'!AT53*V43*CI43) | AW43: ='Order Form'!AU53 | AX43: ='Order Form'!AV53 | AY43: ='Order Form'!AW53 | AZ43: ='Order Form'!AX53 | BA43: ='Order Form'!AY53 | BB43: ='Order Form'!AZ53 | BC43: ='Order Form'!BA53 | BD43: ='Order Form'!BB53 | ... CE43: ='Order Form'!CC53 | CF43: =IF($V43=0,"",'Order Form'!CD53*$V43*$CH43) | CG43: =IF($V43=0,"",'Order Form'!CE53) | CH43: ='Order Form'!CF53 | CI43: ='Order Form'!CG53 | CJ43: ='Order Form'!CH53 | CK43: ='Order Form'!CI53
V44: ='Order Form'!B54 -> 0 | W44: 36 | X44: ='Order Form'!Y54 | Y44: ='Order Form'!Z54 | Z44: ='Order Form'!AA54 | AA44: ='Order Form'!AB54 | AB44: ='Order Form'!AC54 | AC44: ='Order Form'!AD54 | AD44: ='Order Form'!AE54 | AE44: ='Order Form'!AJ54 | AF44: ='Order Form'!AK54 | AG44: ='Order Form'!AL54 | AH44: ='Order Form'!AM54 | AI44: ='Order Form'!AN54 | AJ44: ='Order Form'!AO54 | AK44: ='Order Form'!AP54 | AL44: ='Order Form'!AQ54 | AM44: ='Order Form'!AR54 | AO44: =IF($V44=0,"",'Order Form'!AF54*$V44*$CH44) | AP44: =IF($V44=0,"",'Order Form'!AG54*$V44*$CH44) | AQ44: ='Order Form'!AH54 | AR44: ='Order Form'!AI54 | AU44: =IF(V44=0,"",'Order Form'!AS54*V44*CI44) | AV44: =IF(V44=0,"",'Order Form'!AT54*V44*CI44) | AW44: ='Order Form'!AU54 | AX44: ='Order Form'!AV54 | AY44: ='Order Form'!AW54 | AZ44: ='Order Form'!AX54 | BA44: ='Order Form'!AY54 | BB44: ='Order Form'!AZ54 | BC44: ='Order Form'!BA54 | BD44: ='Order Form'!BB54 | ... CE44: ='Order Form'!CC54 | CF44: =IF($V44=0,"",'Order Form'!CD54*$V44*$CH44) | CG44: =IF($V44=0,"",'Order Form'!CE54) | CH44: ='Order Form'!CF54 | CI44: ='Order Form'!CG54 | CJ44: ='Order Form'!CH54 | CK44: ='Order Form'!CI54
O45: =IF(N45="","",'Order Form'!$M$15) | P45: =IF(N45="","",'Order Form'!$N$15) | Q45: =IF(O45="","",'Order Form'!$O$15) | V45: ='Order Form'!B55 -> 0 | W45: 37 | X45: ='Order Form'!Y55 | Y45: ='Order Form'!Z55 | Z45: ='Order Form'!AA55 | AA45: ='Order Form'!AB55 | AB45: ='Order Form'!AC55 | AC45: ='Order Form'!AD55 | AD45: ='Order Form'!AE55 | AE45: ='Order Form'!AJ55 | AF45: ='Order Form'!AK55 | AG45: ='Order Form'!AL55 | AH45: ='Order Form'!AM55 | AI45: ='Order Form'!AN55 | AJ45: ='Order Form'!AO55 | AK45: ='Order Form'!AP55 | AL45: ='Order Form'!AQ55 | AM45: ='Order Form'!AR55 | AO45: =IF($V45=0,"",'Order Form'!AF55*$V45*$CH45) | AP45: =IF($V45=0,"",'Order Form'!AG55*$V45*$CH45) | AQ45: ='Order Form'!AH55 | AR45: ='Order Form'!AI55 | AU45: =IF(V45=0,"",'Order Form'!AS55*V45*CI45) | AV45: =IF(V45=0,"",'Order Form'!AT55*V45*CI45) | AW45: ='Order Form'!AU55 | AX45: ='Order Form'!AV55 | AY45: ='Order Form'!AW55 | AZ45: ='Order Form'!AX55 | BA45: ='Order Form'!AY55 | BB45: ='Order Form'!AZ55 | BC45: ='Order Form'!BA55 | BD45: ='Order Form'!BB55 | ... CE45: ='Order Form'!CC55 | CF45: =IF($V45=0,"",'Order Form'!CD55*$V45*$CH45) | CG45: =IF($V45=0,"",'Order Form'!CE55) | CH45: ='Order Form'!CF55 | CI45: ='Order Form'!CG55 | CJ45: ='Order Form'!CH55 | CK45: ='Order Form'!CI55
V46: ='Order Form'!B56 -> 0 | W46: 38 | X46: ='Order Form'!Y56 | Y46: ='Order Form'!Z56 | Z46: ='Order Form'!AA56 | AA46: ='Order Form'!AB56 | AB46: ='Order Form'!AC56 | AC46: ='Order Form'!AD56 | AD46: ='Order Form'!AE56 | AE46: ='Order Form'!AJ56 | AF46: ='Order Form'!AK56 | AG46: ='Order Form'!AL56 | AH46: ='Order Form'!AM56 | AI46: ='Order Form'!AN56 | AJ46: ='Order Form'!AO56 | AK46: ='Order Form'!AP56 | AL46: ='Order Form'!AQ56 | AM46: ='Order Form'!AR56 | AO46: =IF($V46=0,"",'Order Form'!AF56*$V46*$CH46) | AP46: =IF($V46=0,"",'Order Form'!AG56*$V46*$CH46) | AQ46: ='Order Form'!AH56 | AR46: ='Order Form'!AI56 | AU46: =IF(V46=0,"",'Order Form'!AS56*V46*CI46) | AV46: =IF(V46=0,"",'Order Form'!AT56*V46*CI46) | AW46: ='Order Form'!AU56 | AX46: ='Order Form'!AV56 | AY46: ='Order Form'!AW56 | AZ46: ='Order Form'!AX56 | BA46: ='Order Form'!AY56 | BB46: ='Order Form'!AZ56 | BC46: ='Order Form'!BA56 | BD46: ='Order Form'!BB56 | ... CE46: ='Order Form'!CC56 | CF46: =IF($V46=0,"",'Order Form'!CD56*$V46*$CH46) | CG46: =IF($V46=0,"",'Order Form'!CE56) | CH46: ='Order Form'!CF56 | CI46: ='Order Form'!CG56 | CJ46: ='Order Form'!CH56 | CK46: ='Order Form'!CI56
V47: ='Order Form'!B57 -> 0 | W47: 39 | X47: ='Order Form'!Y57 | Y47: ='Order Form'!Z57 | Z47: ='Order Form'!AA57 | AA47: ='Order Form'!AB57 | AB47: ='Order Form'!AC57 | AC47: ='Order Form'!AD57 | AD47: ='Order Form'!AE57 | AE47: ='Order Form'!AJ57 | AF47: ='Order Form'!AK57 | AG47: ='Order Form'!AL57 | AH47: ='Order Form'!AM57 | AI47: ='Order Form'!AN57 | AJ47: ='Order Form'!AO57 | AK47: ='Order Form'!AP57 | AL47: ='Order Form'!AQ57 | AM47: ='Order Form'!AR57 | AO47: =IF($V47=0,"",'Order Form'!AF57*$V47*$CH47) | AP47: =IF($V47=0,"",'Order Form'!AG57*$V47*$CH47) | AQ47: ='Order Form'!AH57 | AR47: ='Order Form'!AI57 | AU47: =IF(V47=0,"",'Order Form'!AS57*V47*CI47) | AV47: =IF(V47=0,"",'Order Form'!AT57*V47*CI47) | AW47: ='Order Form'!AU57 | AX47: ='Order Form'!AV57 | AY47: ='Order Form'!AW57 | AZ47: ='Order Form'!AX57 | BA47: ='Order Form'!AY57 | BB47: ='Order Form'!AZ57 | BC47: ='Order Form'!BA57 | BD47: ='Order Form'!BB57 | ... CE47: ='Order Form'!CC57 | CF47: =IF($V47=0,"",'Order Form'!CD57*$V47*$CH47) | CG47: =IF($V47=0,"",'Order Form'!CE57) | CH47: ='Order Form'!CF57 | CI47: ='Order Form'!CG57 | CJ47: ='Order Form'!CH57 | CK47: ='Order Form'!CI57
V48: ='Order Form'!B58 -> 0 | W48: 40 | X48: ='Order Form'!Y58 | Y48: ='Order Form'!Z58 | Z48: ='Order Form'!AA58 | AA48: ='Order Form'!AB58 | AB48: ='Order Form'!AC58 | AC48: ='Order Form'!AD58 | AD48: ='Order Form'!AE58 | AE48: ='Order Form'!AJ58 | AF48: ='Order Form'!AK58 | AG48: ='Order Form'!AL58 | AH48: ='Order Form'!AM58 | AI48: ='Order Form'!AN58 | AJ48: ='Order Form'!AO58 | AK48: ='Order Form'!AP58 | AL48: ='Order Form'!AQ58 | AM48: ='Order Form'!AR58 | AO48: =IF($V48=0,"",'Order Form'!AF58*$V48*$CH48) | AP48: =IF($V48=0,"",'Order Form'!AG58*$V48*$CH48) | AQ48: ='Order Form'!AH58 | AR48: ='Order Form'!AI58 | AU48: =IF(V48=0,"",'Order Form'!AS58*V48*CI48) | AV48: =IF(V48=0,"",'Order Form'!AT58*V48*CI48) | AW48: ='Order Form'!AU58 | AX48: ='Order Form'!AV58 | AY48: ='Order Form'!AW58 | AZ48: ='Order Form'!AX58 | BA48: ='Order Form'!AY58 | BB48: ='Order Form'!AZ58 | BC48: ='Order Form'!BA58 | BD48: ='Order Form'!BB58 | ... CE48: ='Order Form'!CC58 | CF48: =IF($V48=0,"",'Order Form'!CD58*$V48*$CH48) | CG48: =IF($V48=0,"",'Order Form'!CE58) | CH48: ='Order Form'!CF58 | CI48: ='Order Form'!CG58 | CJ48: ='Order Form'!CH58 | CK48: ='Order Form'!CI58
V49: ='Order Form'!B59 -> 0 | W49: 41 | X49: ='Order Form'!Y59 | Y49: ='Order Form'!Z59 | Z49: ='Order Form'!AA59 | AA49: ='Order Form'!AB59 | AB49: ='Order Form'!AC59 | AC49: ='Order Form'!AD59 | AD49: ='Order Form'!AE59 | AE49: ='Order Form'!AJ59 | AF49: ='Order Form'!AK59 | AG49: ='Order Form'!AL59 | AH49: ='Order Form'!AM59 | AI49: ='Order Form'!AN59 | AJ49: ='Order Form'!AO59 | AK49: ='Order Form'!AP59 | AL49: ='Order Form'!AQ59 | AM49: ='Order Form'!AR59 | AO49: =IF($V49=0,"",'Order Form'!AF59*$V49*$CH49) | AP49: =IF($V49=0,"",'Order Form'!AG59*$V49*$CH49) | AQ49: ='Order Form'!AH59 | AR49: ='Order Form'!AI59 | AU49: =IF(V49=0,"",'Order Form'!AS59*V49*CI49) | AV49: =IF(V49=0,"",'Order Form'!AT59*V49*CI49) | AW49: ='Order Form'!AU59 | AX49: ='Order Form'!AV59 | AY49: ='Order Form'!AW59 | AZ49: ='Order Form'!AX59 | BA49: ='Order Form'!AY59 | BB49: ='Order Form'!AZ59 | BC49: ='Order Form'!BA59 | BD49: ='Order Form'!BB59 | ... CE49: ='Order Form'!CC59 | CF49: =IF($V49=0,"",'Order Form'!CD59*$V49*$CH49) | CG49: =IF($V49=0,"",'Order Form'!CE59) | CH49: ='Order Form'!CF59 | CI49: ='Order Form'!CG59 | CJ49: ='Order Form'!CH59 | CK49: ='Order Form'!CI59
V50: ='Order Form'!B60 -> 0 | W50: 42 | X50: ='Order Form'!Y60 | Y50: ='Order Form'!Z60 | Z50: ='Order Form'!AA60 | AA50: ='Order Form'!AB60 | AB50: ='Order Form'!AC60 | AC50: ='Order Form'!AD60 | AD50: ='Order Form'!AE60 | AE50: ='Order Form'!AJ60 | AF50: ='Order Form'!AK60 | AG50: ='Order Form'!AL60 | AH50: ='Order Form'!AM60 | AI50: ='Order Form'!AN60 | AJ50: ='Order Form'!AO60 | AK50: ='Order Form'!AP60 | AL50: ='Order Form'!AQ60 | AM50: ='Order Form'!AR60 | AO50: =IF($V50=0,"",'Order Form'!AF60*$V50*$CH50) | AP50: =IF($V50=0,"",'Order Form'!AG60*$V50*$CH50) | AQ50: ='Order Form'!AH60 | AR50: ='Order Form'!AI60 | AU50: =IF(V50=0,"",'Order Form'!AS60*V50*CI50) | AV50: =IF(V50=0,"",'Order Form'!AT60*V50*CI50) | AW50: ='Order Form'!AU60 | AX50: ='Order Form'!AV60 | AY50: ='Order Form'!AW60 | AZ50: ='Order Form'!AX60 | BA50: ='Order Form'!AY60 | BB50: ='Order Form'!AZ60 | BC50: ='Order Form'!BA60 | BD50: ='Order Form'!BB60 | ... CE50: ='Order Form'!CC60 | CF50: =IF($V50=0,"",'Order Form'!CD60*$V50*$CH50) | CG50: =IF($V50=0,"",'Order Form'!CE60) | CH50: ='Order Form'!CF60 | CI50: ='Order Form'!CG60 | CJ50: ='Order Form'!CH60 | CK50: ='Order Form'!CI60
V51: ='Order Form'!B61 -> 0 | W51: 43 | X51: ='Order Form'!Y61 | Y51: ='Order Form'!Z61 | Z51: ='Order Form'!AA61 | AA51: ='Order Form'!AB61 | AB51: ='Order Form'!AC61 | AC51: ='Order Form'!AD61 | AD51: ='Order Form'!AE61 | AE51: ='Order Form'!AJ61 | AF51: ='Order Form'!AK61 | AG51: ='Order Form'!AL61 | AH51: ='Order Form'!AM61 | AI51: ='Order Form'!AN61 | AJ51: ='Order Form'!AO61 | AK51: ='Order Form'!AP61 | AL51: ='Order Form'!AQ61 | AM51: ='Order Form'!AR61 | AO51: =IF($V51=0,"",'Order Form'!AF61*$V51*$CH51) | AP51: =IF($V51=0,"",'Order Form'!AG61*$V51*$CH51) | AQ51: ='Order Form'!AH61 | AR51: ='Order Form'!AI61 | AU51: =IF(V51=0,"",'Order Form'!AS61*V51*CI51) | AV51: =IF(V51=0,"",'Order Form'!AT61*V51*CI51) | AW51: ='Order Form'!AU61 | AX51: ='Order Form'!AV61 | AY51: ='Order Form'!AW61 | AZ51: ='Order Form'!AX61 | BA51: ='Order Form'!AY61 | BB51: ='Order Form'!AZ61 | BC51: ='Order Form'!BA61 | BD51: ='Order Form'!BB61 | ... CE51: ='Order Form'!CC61 | CF51: =IF($V51=0,"",'Order Form'!CD61*$V51*$CH51) | CG51: =IF($V51=0,"",'Order Form'!CE61) | CH51: ='Order Form'!CF61 | CI51: ='Order Form'!CG61 | CJ51: ='Order Form'!CH61 | CK51: ='Order Form'!CI61
V52: ='Order Form'!B62 -> 0 | W52: 44 | X52: ='Order Form'!Y62 | Y52: ='Order Form'!Z62 | Z52: ='Order Form'!AA62 | AA52: ='Order Form'!AB62 | AB52: ='Order Form'!AC62 | AC52: ='Order Form'!AD62 | AD52: ='Order Form'!AE62 | AE52: ='Order Form'!AJ62 | AF52: ='Order Form'!AK62 | AG52: ='Order Form'!AL62 | AH52: ='Order Form'!AM62 | AI52: ='Order Form'!AN62 | AJ52: ='Order Form'!AO62 | AK52: ='Order Form'!AP62 | AL52: ='Order Form'!AQ62 | AM52: ='Order Form'!AR62 | AO52: =IF($V52=0,"",'Order Form'!AF62*$V52*$CH52) | AP52: =IF($V52=0,"",'Order Form'!AG62*$V52*$CH52) | AQ52: ='Order Form'!AH62 | AR52: ='Order Form'!AI62 | AU52: =IF(V52=0,"",'Order Form'!AS62*V52*CI52) | AV52: =IF(V52=0,"",'Order Form'!AT62*V52*CI52) | AW52: ='Order Form'!AU62 | AX52: ='Order Form'!AV62 | AY52: ='Order Form'!AW62 | AZ52: ='Order Form'!AX62 | BA52: ='Order Form'!AY62 | BB52: ='Order Form'!AZ62 | BC52: ='Order Form'!BA62 | BD52: ='Order Form'!BB62 | ... CE52: ='Order Form'!CC62 | CF52: =IF($V52=0,"",'Order Form'!CD62*$V52*$CH52) | CG52: =IF($V52=0,"",'Order Form'!CE62) | CH52: ='Order Form'!CF62 | CI52: ='Order Form'!CG62 | CJ52: ='Order Form'!CH62 | CK52: ='Order Form'!CI62
V53: ='Order Form'!B63 -> 0 | W53: 45 | X53: ='Order Form'!Y63 | Y53: ='Order Form'!Z63 | Z53: ='Order Form'!AA63 | AA53: ='Order Form'!AB63 | AB53: ='Order Form'!AC63 | AC53: ='Order Form'!AD63 | AD53: ='Order Form'!AE63 | AE53: ='Order Form'!AJ63 | AF53: ='Order Form'!AK63 | AG53: ='Order Form'!AL63 | AH53: ='Order Form'!AM63 | AI53: ='Order Form'!AN63 | AJ53: ='Order Form'!AO63 | AK53: ='Order Form'!AP63 | AL53: ='Order Form'!AQ63 | AM53: ='Order Form'!AR63 | AO53: =IF($V53=0,"",'Order Form'!AF63*$V53*$CH53) | AP53: =IF($V53=0,"",'Order Form'!AG63*$V53*$CH53) | AQ53: ='Order Form'!AH63 | AR53: ='Order Form'!AI63 | AU53: =IF(V53=0,"",'Order Form'!AS63*V53*CI53) | AV53: =IF(V53=0,"",'Order Form'!AT63*V53*CI53) | AW53: ='Order Form'!AU63 | AX53: ='Order Form'!AV63 | AY53: ='Order Form'!AW63 | AZ53: ='Order Form'!AX63 | BA53: ='Order Form'!AY63 | BB53: ='Order Form'!AZ63 | BC53: ='Order Form'!BA63 | BD53: ='Order Form'!BB63 | ... CE53: ='Order Form'!CC63 | CF53: =IF($V53=0,"",'Order Form'!CD63*$V53*$CH53) | CG53: =IF($V53=0,"",'Order Form'!CE63) | CH53: ='Order Form'!CF63 | CI53: ='Order Form'!CG63 | CJ53: ='Order Form'!CH63 | CK53: ='Order Form'!CI63
V54: ='Order Form'!B64 -> 0 | W54: 46 | X54: ='Order Form'!Y64 | Y54: ='Order Form'!Z64 | Z54: ='Order Form'!AA64 | AA54: ='Order Form'!AB64 | AB54: ='Order Form'!AC64 | AC54: ='Order Form'!AD64 | AD54: ='Order Form'!AE64 | AE54: ='Order Form'!AJ64 | AF54: ='Order Form'!AK64 | AG54: ='Order Form'!AL64 | AH54: ='Order Form'!AM64 | AI54: ='Order Form'!AN64 | AJ54: ='Order Form'!AO64 | AK54: ='Order Form'!AP64 | AL54: ='Order Form'!AQ64 | AM54: ='Order Form'!AR64 | AO54: =IF($V54=0,"",'Order Form'!AF64*$V54*$CH54) | AP54: =IF($V54=0,"",'Order Form'!AG64*$V54*$CH54) | AQ54: ='Order Form'!AH64 | AR54: ='Order Form'!AI64 | AU54: =IF(V54=0,"",'Order Form'!AS64*V54*CI54) | AV54: =IF(V54=0,"",'Order Form'!AT64*V54*CI54) | AW54: ='Order Form'!AU64 | AX54: ='Order Form'!AV64 | AY54: ='Order Form'!AW64 | AZ54: ='Order Form'!AX64 | BA54: ='Order Form'!AY64 | BB54: ='Order Form'!AZ64 | BC54: ='Order Form'!BA64 | BD54: ='Order Form'!BB64 | ... CE54: ='Order Form'!CC64 | CF54: =IF($V54=0,"",'Order Form'!CD64*$V54*$CH54) | CG54: =IF($V54=0,"",'Order Form'!CE64) | CH54: ='Order Form'!CF64 | CI54: ='Order Form'!CG64 | CJ54: ='Order Form'!CH64 | CK54: ='Order Form'!CI64
V55: ='Order Form'!B65 -> 0 | W55: 47 | X55: ='Order Form'!Y65 | Y55: ='Order Form'!Z65 | Z55: ='Order Form'!AA65 | AA55: ='Order Form'!AB65 | AB55: ='Order Form'!AC65 | AC55: ='Order Form'!AD65 | AD55: ='Order Form'!AE65 | AE55: ='Order Form'!AJ65 | AF55: ='Order Form'!AK65 | AG55: ='Order Form'!AL65 | AH55: ='Order Form'!AM65 | AI55: ='Order Form'!AN65 | AJ55: ='Order Form'!AO65 | AK55: ='Order Form'!AP65 | AL55: ='Order Form'!AQ65 | AM55: ='Order Form'!AR65 | AO55: =IF($V55=0,"",'Order Form'!AF65*$V55*$CH55) | AP55: =IF($V55=0,"",'Order Form'!AG65*$V55*$CH55) | AQ55: ='Order Form'!AH65 | AR55: ='Order Form'!AI65 | AU55: =IF(V55=0,"",'Order Form'!AS65*V55*CI55) | AV55: =IF(V55=0,"",'Order Form'!AT65*V55*CI55) | AW55: ='Order Form'!AU65 | AX55: ='Order Form'!AV65 | AY55: ='Order Form'!AW65 | AZ55: ='Order Form'!AX65 | BA55: ='Order Form'!AY65 | BB55: ='Order Form'!AZ65 | BC55: ='Order Form'!BA65 | BD55: ='Order Form'!BB65 | ... CE55: ='Order Form'!CC65 | CF55: =IF($V55=0,"",'Order Form'!CD65*$V55*$CH55) | CG55: =IF($V55=0,"",'Order Form'!CE65) | CH55: ='Order Form'!CF65 | CI55: ='Order Form'!CG65 | CJ55: ='Order Form'!CH65 | CK55: ='Order Form'!CI65
V56: ='Order Form'!B66 -> 0 | W56: 48 | X56: ='Order Form'!Y66 | Y56: ='Order Form'!Z66 | Z56: ='Order Form'!AA66 | AA56: ='Order Form'!AB66 | AB56: ='Order Form'!AC66 | AC56: ='Order Form'!AD66 | AD56: ='Order Form'!AE66 | AE56: ='Order Form'!AJ66 | AF56: ='Order Form'!AK66 | AG56: ='Order Form'!AL66 | AH56: ='Order Form'!AM66 | AI56: ='Order Form'!AN66 | AJ56: ='Order Form'!AO66 | AK56: ='Order Form'!AP66 | AL56: ='Order Form'!AQ66 | AM56: ='Order Form'!AR66 | AO56: =IF($V56=0,"",'Order Form'!AF66*$V56*$CH56) | AP56: =IF($V56=0,"",'Order Form'!AG66*$V56*$CH56) | AQ56: ='Order Form'!AH66 | AR56: ='Order Form'!AI66 | AU56: =IF(V56=0,"",'Order Form'!AS66*V56*CI56) | AV56: =IF(V56=0,"",'Order Form'!AT66*V56*CI56) | AW56: ='Order Form'!AU66 | AX56: ='Order Form'!AV66 | AY56: ='Order Form'!AW66 | AZ56: ='Order Form'!AX66 | BA56: ='Order Form'!AY66 | BB56: ='Order Form'!AZ66 | BC56: ='Order Form'!BA66 | BD56: ='Order Form'!BB66 | ... CE56: ='Order Form'!CC66 | CF56: =IF($V56=0,"",'Order Form'!CD66*$V56*$CH56) | CG56: =IF($V56=0,"",'Order Form'!CE66) | CH56: ='Order Form'!CF66 | CI56: ='Order Form'!CG66 | CJ56: ='Order Form'!CH66 | CK56: ='Order Form'!CI66
V57: ='Order Form'!B67 -> 0 | W57: 49 | X57: ='Order Form'!Y67 | Y57: ='Order Form'!Z67 | Z57: ='Order Form'!AA67 | AA57: ='Order Form'!AB67 | AB57: ='Order Form'!AC67 | AC57: ='Order Form'!AD67 | AD57: ='Order Form'!AE67 | AE57: ='Order Form'!AJ67 | AF57: ='Order Form'!AK67 | AG57: ='Order Form'!AL67 | AH57: ='Order Form'!AM67 | AI57: ='Order Form'!AN67 | AJ57: ='Order Form'!AO67 | AK57: ='Order Form'!AP67 | AL57: ='Order Form'!AQ67 | AM57: ='Order Form'!AR67 | AO57: =IF($V57=0,"",'Order Form'!AF67*$V57*$CH57) | AP57: =IF($V57=0,"",'Order Form'!AG67*$V57*$CH57) | AQ57: ='Order Form'!AH67 | AR57: ='Order Form'!AI67 | AU57: =IF(V57=0,"",'Order Form'!AS67*V57*CI57) | AV57: =IF(V57=0,"",'Order Form'!AT67*V57*CI57) | AW57: ='Order Form'!AU67 | AX57: ='Order Form'!AV67 | AY57: ='Order Form'!AW67 | AZ57: ='Order Form'!AX67 | BA57: ='Order Form'!AY67 | BB57: ='Order Form'!AZ67 | BC57: ='Order Form'!BA67 | BD57: ='Order Form'!BB67 | ... CE57: ='Order Form'!CC67 | CF57: =IF($V57=0,"",'Order Form'!CD67*$V57*$CH57) | CG57: =IF($V57=0,"",'Order Form'!CE67) | CH57: ='Order Form'!CF67 | CI57: ='Order Form'!CG67 | CJ57: ='Order Form'!CH67 | CK57: ='Order Form'!CI67
... V107: ='Order Form'!B117 -> 0 | W107: 99 | X107: ='Order Form'!Y117 | Y107: ='Order Form'!Z117 | Z107: ='Order Form'!AA117 | AA107: ='Order Form'!AB117 | AB107: ='Order Form'!AC117 | AC107: ='Order Form'!AD117 | AD107: ='Order Form'!AE117 | AE107: ='Order Form'!AJ117 | AF107: ='Order Form'!AK117 | AG107: ='Order Form'!AL117 | AH107: ='Order Form'!AM117 | AI107: ='Order Form'!AN117 | AJ107: ='Order Form'!AO117 | AK107: ='Order Form'!AP117 | AL107: ='Order Form'!AQ117 | AM107: ='Order Form'!AR117 | AO107: =IF($V107=0,"",'Order Form'!AF117*$V107*$CH107) | AP107: =IF($V107=0,"",'Order Form'!AG117*$V107*$CH107) | AQ107: ='Order Form'!AH117 | AR107: ='Order Form'!AI117 | AU107: =IF(V107=0,"",'Order Form'!AS117*V107*CI107) | AV107: =IF(V107=0,"",'Order Form'!AT117*V107*CI107) | AW107: ='Order Form'!AU117 | AX107: ='Order Form'!AV117 | AY107: ='Order Form'!AW117 | AZ107: ='Order Form'!AX117 | BA107: ='Order Form'!AY117 | BB107: ='Order Form'!AZ117 | BC107: ='Order Form'!BA117 | BD107: ='Order Form'!BB117 | ... CE107: ='Order Form'!CC117 | CF107: =IF($V107=0,"",'Order Form'!CD117*$V107*$CH107) | CG107: =IF($V107=0,"",'Order Form'!CE117) | CH107: ='Order Form'!CF117 | CI107: ='Order Form'!CG117 | CJ107: ='Order Form'!CH117 | CK107: ='Order Form'!CI117

Sheet Doors Matrix

Sheet Order Form
B1: =D3&" Form" -> Form
B2: Order Information | I2: Doorstyle | K2: Shipping Information | N2: Code Definitions | AA2: End | AB2: Door | AG2: Alpha | AH2: Index
B3: Order Type | K3: Address | N3: Drawer Box | P3: Door Hinge | Y3: Active Adder Index | Z3: =VLOOKUP(I5,INDIRECT($BG$8),4,FALSE) -> #N/A | AA3: =VLOOKUP($Z$3,$Z$4:$AB$11,2,FALSE) -> #N/A | AB3: =VLOOKUP($Z$3,$Z$4:$AB$11,3,FALSE) -> #N/A | AF3: Active Doorstyle | AG3: =VLOOKUP($I3,INDIRECT($BG$6),2,FALSE) -> #N/A | AH3: =VLOOKUP($I3,INDIRECT($BG$6),4,FALSE) -> #N/A | AL3: Shipping Multiplier | AM3: =IF(OR(D3="Sales Order",AND(D3="Parts Order",D4="")=TRUE)=TRUE,1,VLOOKUP(D4,tbl_ReasonCodes,2,FALSE)) -> #N/A | AT3: Doorstyle Notes | AU3: =IFERROR(IF(I3="","Please Select a Doorstyle","You have selected a Doorstyle with "&AM9&" species"),"This Doorstyle is for Warranty Only") -> Please Select a Doorstyle | BD3: Show Old DSF's | BE3: =AM3=0 -> #N/A
B4: Reason Code | I4: Finish | K4: City | N4: STD = Standard | P4: STD = Standard Hinge | Y4: White - no charge | Z4: NON | AA4: NA | AB4: NA
B5: Date | K5: State | N5: DT = DoveTail | P5: SC = Soft Close Hinge | Y5: Veneer | Z5: VEN | AA5: 21 | AB5: NA | AF5: Active Finish Codes | AG5: =VLOOKUP(I5,INDIRECT($BG$8),3,FALSE) -> #N/A | AL5: Active DSF Name | AM5: =I3&I5 | AT5: DSF Combo Notes | AU5: =IF(I5="","Please select a species appropriate finish",IF(LEFT(AG3,2)="xx","No-Door can use any finish available","The DSF combination you selected is "&LOWER($AM$7))) -> Please select a species appropriate finish | BE5: List | BG5: Table
B6: Account Name | I6: Glass Grade | K6: Zip Code | Y6: Veneer Glaze | Z6: GLZ | AA6: 22 | AB6: 23 | BD6: Active Doorstyle Range | BE6: =IF($BE$3=FALSE,"list_DoorStyles","list_OldDoorStyles") -> #N/A | BG6: =IF($BE$3=FALSE,"tbl_DoorStyles","tbl_OldDoorStyles") -> #N/A
B7: Account # | I7: Clear | K7: Phone # | P7: Glass Grade | Y7: Veneer Paint | Z7: PNT | AA7: 22 | AB7: 24 | AF7: Active Glass Codes | AG7: =IF(I7="","CLR",VLOOKUP($I7,tbl_GlassGrade,2,FALSE)) -> CLR | AH7: =IF(I7="","NA",VLOOKUP($I7,tbl_GlassGrade,3,FALSE)) -> NA | AL7: Active DSF Status | AM7: =(VLOOKUP(AM5,INDIRECT($BG$10),2,FALSE)) -> #N/A | AT7: Material Spec Notes | AU7: =IF($I$9="","Please select a Material Specification",IF(AND($I$9<>$AG$11,$AG$11<>"choose")=TRUE,"You must pick "&$AG$11&" for a Material Spec",IF(AND($AG$11="Choose",$I$9="RTF")=TRUE,"Please Choose Veneer or Faux for Material Specifiation","You have choosen a valid Material Specification"))) -> #N/A
B8: Project Name | K8: Method | N8: Finished Ends | P8: CLR = Clear | Y8: Venner Glaze/Paint | Z8: GPTT | AA8: 22 | AB8: 25 | BD8: Active Finish Range | BE8: =IF(AG3="ALS","list_ALS",IF($BE$3=FALSE,"list_Finishes","list_OldFinishes")) -> #N/A | BG8: =IF(AG3="ALS","tbl_ALS",IF($BE$3=FALSE,"tbl_Finishes","tbl_OldFinishes")) -> #N/A
B9: Project # | I9: =INDIRECT(VLOOKUP(val_Finish,tbl_Finishes,2,FALSE)) -> #N/A | K9: Freight Cost | N9: M=Matching End | Y9: Wood Grain 0 | Z9: WG0 | AA9: 58 | AB9: 59 | AF9: Is Oak indicator | AG9: =OR(AG5=12,AG5=13,AG5=14) -> #N/A | AL9: Active Door Species | AM9: =VLOOKUP($I$3,INDIRECT($BG$6),3,FALSE) -> #N/A | AT9: Glass Grade Notes | AU9: =IF(SUM(CA18:CB117)>0,"There is at least one Glass Door Cabinet on order","No Glass Cabs on order") -> No Glass Cabs on order
B10: Purchase Order # | I10: =IFERROR(AU5,"DSF combination is INVALD") -> Please select a species appropriate finish | L10: Ship Credits | M10: =S16 -> 0 | Y10: Wood Grain 1 | Z10: WG1 | AA10: 8 | AB10: 10 | AF10: Is RTF indicator | AG10: =OR(Z3="WG0",Z3="NON",Z3="WG1",Z3="WG2") -> #N/A | BD10: Active DSF Range | BE10: =IF($BE$3=FALSE,"list_DSF","list_OldDSF") -> #N/A | BG10: =IF($BE$3=FALSE,"tbl_DSF","tbl_OldDSF") -> #N/A
B11: Plan - Lot | I11: =AU9 -> No Glass Cabs on order | L11: Freight | M11: =L9 -> 0 | Y11: Wood Grain 2 | Z11: WG2 | AA11: 9 | AB11: 11 | AF11: Implied Skin Grade | AG11: =IF(AG9=TRUE,"Faux",IF(AG10=TRUE,"RTF","Choose")) -> #N/A | AJ11: Veneer Accesory X | AM11: =list_VeneerAccMultiplier -> 3.5
B12: Multiplier | D12: 1 | L12: Materials Net | M12: =P15 -> 0 | BD12: Active Skin Offering | BE12: =VLOOKUP(I5,tbl_Finishes,2,FALSE) -> #N/A
B13: Stocked? | I13: TEA aluminum door for replacement facia ONLY | L13: Total | M13: =M12+M11 -> 0
B14: !!!!!! WARNING - - TEA aluminum door for replacement facia ONLY - - WARNING !!!!! | R14: Version: | S14: 2026v1.0 | X14: PriceLookup-Index | Y14: 1 | Z14: 2 | AA14: 3 | AB14: 4 | AC14: 5 | AD14: 6 | AE14: 7 | AF14: 8 | AG14: 9 | AH14: 10 | AI14: 11 | AJ14: 12 | AK14: 13 | AL14: 14 | AM14: 15 | AN14: 16 | AO14: 17 | AP14: 18 | AQ14: 19 | AR14: 20 | AS14: 21 | AT14: 22 | AU14: 23 | AV14: 24 | AW14: 25 | AX14: 26 | AY14: 27 | AZ14: 28 | BA14: 29 | BB14: 30 | BC14: 31 | BD14: 32 | BE14: 33 | BF14: 34 | BG14: 35 | BH14: 36 | BI14: 37 | BJ14: 38 | BK14: 39 | BL14: 40 | BM14: 41 | BN14: 42 | BO14: 43 | BP14: 44 | BQ14: 45 | BR14: 46 | BS14: 47 | BT14: 48 | BU14: 49 | BV14: 50 | BW14: 51 | BX14: 52 | BY14: 53 | BZ14: 54 | CA14: 55 | CB14: 56 | CC14: 57 | CD14: 58 | CE14: 59
I15: NET TOTALS | J15: =+J16*$D$12 -> 0 | K15: =+K16*$D$12 -> 0 | L15: =+L16*$D$12 -> 0 | M15: =+M16*$D$12 -> 0 | N15: =+N16*$D$12 -> 0 | O15: =+O16*$D$12 -> 0 | P15: =SUM(V18:V117) -> 0 | X15: HardList-Vlook | Y15: 3 | Z15: 4 | AA15: 5 | AB15: 6 | AC15: 7 | AD15: 8 | AE15: 9 | AF15: 10 | AG15: 11 | AH15: 12 | AI15: 13 | AJ15: 14 | AK15: 15 | AL15: 16 | AM15: 17 | AN15: 18 | AO15: 19 | AP15: 20 | AQ15: 21 | AR15: 22 | AS15: 23 | AT15: 24 | AU15: 25 | AV15: 26 | AW15: 27 | AX15: 28 | AY15: 29 | AZ15: 30 | BA15: 31 | BB15: 32 | BC15: 33 | BD15: 34 | BE15: 35 | BF15: 36 | BG15: 37 | BH15: 38 | BI15: 39 | BJ15: 40 | BK15: 41 | BL15: 42 | BM15: 43 | BN15: 44 | BO15: 45 | BP15: 46 | BQ15: 47 | BR15: 48 | BS15: 49 | BT15: 50 | BU15: 51 | BV15: 52 | BW15: 53 | BX15: 54 | BY15: 55 | BZ15: 56 | CA15: 57 | CB15: 58 | CC15: 59 | CD15: 62 | CE15: 63
I16: LIST TOTALS | J16: =SUM(J18:J117) -> 0 | K16: =SUM(K18:K117) -> 0 | L16: =SUM(L18:L117) -> 0 | M16: =SUM(M18:M117) -> 0 | N16: =SUM(N18:N117) -> 0 | O16: =SUM(O18:O117) -> 0 | P16: =SUM(P18:P117) -> 0 | Q16: =SUM(Q18:Q117) -> 0 | R16: =SUM(R18:R117) -> 0 | S16: =ROUNDUP(SUM(S18:S117),2) -> 0 | Y16: THERMOFOIL DOORS | AF16: THERMOFOIL ADDERS | AJ16: OAK DOORS | AM16: MAPLE DOORS | AS16: FINISH ADDERS | AX16: SPEC GRADE ADDERS | BB16: INFORMATION
B17: Qty | C17: Cabinet | D17: Hinge | E17: Left End | F17: Right End | G17: Drawer Box | H17: Door Hinge | I17: Description and Dimensions | J17: Base SKU Price | K17: Finish End Upcharge | L17: Paint or RTF Door Upcharge | M17: Drawer Box Upcharge | N17: Hinge Upcharge | O17: Glass Grade Upcharge | P17: Total Price | Q17: Cubes | R17: Weight | S17: Ship Credits | V17: Active Net | X17: Index | Y17: XX | Z17: ML | AA17: LX | AB17: MD | AC17: HM | AD17: MS | AE17: NT | AF17: Group 1 Ends | AG17: Group 2 Ends | AH17: Group 1 Doors | AI17: Group 2 Doors | AJ17: XXO/M | AK17: 31 LCO | AL17: 6 SHO | AM17: 31 LCM | AN17: 13 SHM | AO17: 32 FNM | AP17: 26 CFM | AQ17: 18 NPM | AR17: 33 MNM | AS17: Vnr Ends Stains | AT17: Vnr Ends Glaze Vanilla | AU17: Doors Glaze Adder | AV17: Doors Paint Adder | AW17: Doors Glazed Paint Adder | AX17: Dovetail Drawers | AY17: Fusion Drawers | AZ17: Soft Close Hinges | BA17: Tripoli Aluminum Door | BB17: Hinging L/R | BC17: Type | BD17: Subtype | BE17: Prefix | BF17: Depth | BG17: Width | BH17: Height | BI17: Cube | BJ17: Ave Weight | BK17: BSF | BL17: FSF | BM17: Knobs | BN17: Doors | BO17: Drawers | BP17: Rollouts | BQ17: Adj Shelves | BR17: Hinges | BS17: Ship Credits | BT17: Piece Credits | BU17: SIT | BV17: If ACC, needs finish code? | BW17: Takes Glaze | BX17: Takes Paint | BY17: Takes Glazed Paint | BZ17: Needs Glass? | CA17: Glass Adder 1 - FRS/RAN/RIB | CB17: Glass Adder 2 CRD | CC17: Needs Material Spec | CD17: Group 0 Ends | CE17: Group 0 Doors | CF17: Matching Ends | CG17: Total Drawers | CH17: veneer Accessory? | CI17: Faux Accessory?
I18: =IF($C18=0,"",+VLOOKUP($C18,ListPrice,2,FALSE)) | J18: =IFERROR(IF(OR(B18="",C18="",I$3="",I$5="",I$9="")=TRUE,0,ROUNDUP((INDEX(PriceLookup,X18,$AH$3))*IF(CH18=TRUE,$AM$11,1),0))*$AM$3*$B18,0) -> 0 | K18: =IFERROR(IF(OR(B18="",C18="",I$5="",Z$3="NON",CC18=0,$I$9="FAUX",$I$9="",$AG$9=TRUE,J18=0)=TRUE,0,(INDEX(PriceLookup,X18,$AA$3))*CF18*B18)*AM$3,0) -> 0 | L18: =IFERROR(IF(OR(B18="",C18="",I$5="",I$3="",AB$3="NA",AG$3="ALS",J18=0,CI18=TRUE)=TRUE,0,ROUNDUP(INDEX(PriceLookup,X18,$AB$3)*IF(LEFT(AG$11,1)="R",1,J18/B18), 0)*B18)*AM$3,0) -> 0 | M18: =IFERROR(IF(OR(B18="",C18="",G18="",G18="STD",CG18=0,J18=0)=TRUE,0,(B18*IF(G18="DT",AX18,IF(G18="FS",AY18))))*AM$3,0) -> 0 | N18: =IFERROR(IF(OR($B18="",$C18="",H18<>"SC",J18=0)=TRUE,0,AZ18*B18)*AM$3,0) -> 0 | O18: =IFERROR(IF(OR($B18="",$C18="",I$7="",I$7="Clear")=TRUE,0,INDEX(PriceLookup,X18,$AH$7)*BN18)*AM$3*B18,0) -> 0 | P18: =IF(C18=0," ",SUM(J18:O18)) | Q18: =IF(B18="","",B18*BI18) | R18: =IF(B18="","",B18*BJ18) | S18: =IFERROR(IF(OR(B18=0,$AM$3=0,BS18=0)=TRUE,0,(B18*BS18*$AM$3)),0) -> 0 | V18: =IF(B18="","",ROUND((P18*$D$12),2)) | X18: 1 | Y18: =IF($C18="","",VLOOKUP($C18,ListPrice,Y$15,FALSE)) | Z18: =IF($C18="","",VLOOKUP($C18,ListPrice,Z$15,FALSE)) | AA18: =IF($C18="","",VLOOKUP($C18,ListPrice,AA$15,FALSE)) | AB18: =IF($C18="","",VLOOKUP($C18,ListPrice,AB$15,FALSE)) | AC18: =IF($C18="","",VLOOKUP($C18,ListPrice,AC$15,FALSE)) | AD18: =IF($C18="","",VLOOKUP($C18,ListPrice,AD$15,FALSE)) | AE18: =IF($C18="","",VLOOKUP($C18,ListPrice,AE$15,FALSE)) | AF18: =IF($C18="","",VLOOKUP($C18,ListPrice,AF$15,FALSE)) | ... CE18: =IF($C18="","",VLOOKUP($C18,ListPrice,CE$15,FALSE)) | CF18: =IF(OR(B18="",C18="")=TRUE,"",COUNTIF(E18:F18,"M")) | CG18: =IF(OR(B18="",C18="")=TRUE,"``",SUM(BO18:BP18)) -> `` | CH18: =IF(OR(B18="",C18="")=TRUE,"",(AND($I$9="Veneer",CC18=1,BC18="Access"))) | CI18: =IF(OR(B18="",C18="")=TRUE,"",(AND($I$9="Faux",CC18=1,OR(BC18="Access",BC18="Parts"))))
I19: =IF($C19=0,"",+VLOOKUP($C19,ListPrice,2,FALSE)) | J19: =IFERROR(IF(OR(B19="",C19="",I$3="",I$5="",I$9="")=TRUE,0,ROUNDUP((INDEX(PriceLookup,X19,$AH$3))*IF(CH19=TRUE,$AM$11,1),0))*$AM$3*$B19,0) -> 0 | K19: =IFERROR(IF(OR(B19="",C19="",I$5="",Z$3="NON",CC19=0,$I$9="FAUX",$I$9="",$AG$9=TRUE,J19=0)=TRUE,0,(INDEX(PriceLookup,X19,$AA$3))*CF19*B19)*AM$3,0) -> 0 | L19: =IFERROR(IF(OR(B19="",C19="",I$5="",I$3="",AB$3="NA",AG$3="ALS",J19=0,CI19=TRUE)=TRUE,0,ROUNDUP(INDEX(PriceLookup,X19,$AB$3)*IF(LEFT(AG$11,1)="R",1,J19/B19), 0)*B19)*AM$3,0) -> 0 | M19: =IFERROR(IF(OR(B19="",C19="",G19="",G19="STD",CG19=0,J19=0)=TRUE,0,(B19*IF(G19="DT",AX19,IF(G19="FS",AY19))))*AM$3,0) -> 0 | N19: =IFERROR(IF(OR($B19="",$C19="",H19<>"SC",J19=0)=TRUE,0,AZ19*B19)*AM$3,0) -> 0 | O19: =IFERROR(IF(OR($B19="",$C19="",I$7="",I$7="Clear")=TRUE,0,INDEX(PriceLookup,X19,$AH$7)*BN19)*AM$3*B19,0) -> 0 | P19: =IF(C19=0," ",SUM(J19:O19)) | Q19: =IF(B19="","",B19*BI19) | R19: =IF(B19="","",B19*BJ19) | S19: =IFERROR(IF(OR(B19=0,$AM$3=0,BS19=0)=TRUE,0,(B19*BS19*$AM$3)),0) -> 0 | V19: =IF(B19="","",ROUND((P19*$D$12),2)) | X19: 2 | Y19: =IF($C19="","",VLOOKUP($C19,ListPrice,Y$15,FALSE)) | Z19: =IF($C19="","",VLOOKUP($C19,ListPrice,Z$15,FALSE)) | AA19: =IF($C19="","",VLOOKUP($C19,ListPrice,AA$15,FALSE)) | AB19: =IF($C19="","",VLOOKUP($C19,ListPrice,AB$15,FALSE)) | AC19: =IF($C19="","",VLOOKUP($C19,ListPrice,AC$15,FALSE)) | AD19: =IF($C19="","",VLOOKUP($C19,ListPrice,AD$15,FALSE)) | AE19: =IF($C19="","",VLOOKUP($C19,ListPrice,AE$15,FALSE)) | AF19: =IF($C19="","",VLOOKUP($C19,ListPrice,AF$15,FALSE)) | ... CE19: =IF($C19="","",VLOOKUP($C19,ListPrice,CE$15,FALSE)) | CF19: =IF(OR(B19="",C19="")=TRUE,"",COUNTIF(E19:F19,"M")) | CG19: =IF(OR(B19="",C19="")=TRUE,"",SUM(BO19:BP19)) | CH19: =IF(OR(B19="",C19="")=TRUE,"",(AND($I$9="Veneer",CC19=1,BC19="Access"))) | CI19: =IF(OR(B19="",C19="")=TRUE,"",(AND($I$9="Faux",CC19=1,OR(BC19="Access",BC19="Parts"))))
I20: =IF($C20=0,"",+VLOOKUP($C20,ListPrice,2,FALSE)) | J20: =IFERROR(IF(OR(B20="",C20="",I$3="",I$5="",I$9="")=TRUE,0,ROUNDUP((INDEX(PriceLookup,X20,$AH$3))*IF(CH20=TRUE,$AM$11,1),0))*$AM$3*$B20,0) -> 0 | K20: =IFERROR(IF(OR(B20="",C20="",I$5="",Z$3="NON",CC20=0,$I$9="FAUX",$I$9="",$AG$9=TRUE,J20=0)=TRUE,0,(INDEX(PriceLookup,X20,$AA$3))*CF20*B20)*AM$3,0) -> 0 | L20: =IFERROR(IF(OR(B20="",C20="",I$5="",I$3="",AB$3="NA",AG$3="ALS",J20=0,CI20=TRUE)=TRUE,0,ROUNDUP(INDEX(PriceLookup,X20,$AB$3)*IF(LEFT(AG$11,1)="R",1,J20/B20), 0)*B20)*AM$3,0) -> 0 | M20: =IFERROR(IF(OR(B20="",C20="",G20="",G20="STD",CG20=0,J20=0)=TRUE,0,(B20*IF(G20="DT",AX20,IF(G20="FS",AY20))))*AM$3,0) -> 0 | N20: =IFERROR(IF(OR($B20="",$C20="",H20<>"SC",J20=0)=TRUE,0,AZ20*B20)*AM$3,0) -> 0 | O20: =IFERROR(IF(OR($B20="",$C20="",I$7="",I$7="Clear")=TRUE,0,INDEX(PriceLookup,X20,$AH$7)*BN20)*AM$3*B20,0) -> 0 | P20: =IF(C20=0," ",SUM(J20:O20)) | Q20: =IF(B20="","",B20*BI20) | R20: =IF(B20="","",B20*BJ20) | S20: =IFERROR(IF(OR(B20=0,$AM$3=0,BS20=0)=TRUE,0,(B20*BS20*$AM$3)),0) -> 0 | V20: =IF(B20="","",ROUND((P20*$D$12),2)) | X20: 3 | Y20: =IF($C20="","",VLOOKUP($C20,ListPrice,Y$15,FALSE)) | Z20: =IF($C20="","",VLOOKUP($C20,ListPrice,Z$15,FALSE)) | AA20: =IF($C20="","",VLOOKUP($C20,ListPrice,AA$15,FALSE)) | AB20: =IF($C20="","",VLOOKUP($C20,ListPrice,AB$15,FALSE)) | AC20: =IF($C20="","",VLOOKUP($C20,ListPrice,AC$15,FALSE)) | AD20: =IF($C20="","",VLOOKUP($C20,ListPrice,AD$15,FALSE)) | AE20: =IF($C20="","",VLOOKUP($C20,ListPrice,AE$15,FALSE)) | AF20: =IF($C20="","",VLOOKUP($C20,ListPrice,AF$15,FALSE)) | ... CE20: =IF($C20="","",VLOOKUP($C20,ListPrice,CE$15,FALSE)) | CF20: =IF(OR(B20="",C20="")=TRUE,"",COUNTIF(E20:F20,"M")) | CG20: =IF(OR(B20="",C20="")=TRUE,"",SUM(BO20:BP20)) | CH20: =IF(OR(B20="",C20="")=TRUE,"",(AND($I$9="Veneer",CC20=1,BC20="Access"))) | CI20: =IF(OR(B20="",C20="")=TRUE,"",(AND($I$9="Faux",CC20=1,OR(BC20="Access",BC20="Parts"))))
I21: =IF($C21=0,"",+VLOOKUP($C21,ListPrice,2,FALSE)) | J21: =IFERROR(IF(OR(B21="",C21="",I$3="",I$5="",I$9="")=TRUE,0,ROUNDUP((INDEX(PriceLookup,X21,$AH$3))*IF(CH21=TRUE,$AM$11,1),0))*$AM$3*$B21,0) -> 0 | K21: =IFERROR(IF(OR(B21="",C21="",I$5="",Z$3="NON",CC21=0,$I$9="FAUX",$I$9="",$AG$9=TRUE,J21=0)=TRUE,0,(INDEX(PriceLookup,X21,$AA$3))*CF21*B21)*AM$3,0) -> 0 | L21: =IFERROR(IF(OR(B21="",C21="",I$5="",I$3="",AB$3="NA",AG$3="ALS",J21=0,CI21=TRUE)=TRUE,0,ROUNDUP(INDEX(PriceLookup,X21,$AB$3)*IF(LEFT(AG$11,1)="R",1,J21/B21), 0)*B21)*AM$3,0) -> 0 | M21: =IFERROR(IF(OR(B21="",C21="",G21="",G21="STD",CG21=0,J21=0)=TRUE,0,(B21*IF(G21="DT",AX21,IF(G21="FS",AY21))))*AM$3,0) -> 0 | N21: =IFERROR(IF(OR($B21="",$C21="",H21<>"SC",J21=0)=TRUE,0,AZ21*B21)*AM$3,0) -> 0 | O21: =IFERROR(IF(OR($B21="",$C21="",I$7="",I$7="Clear")=TRUE,0,INDEX(PriceLookup,X21,$AH$7)*BN21)*AM$3*B21,0) -> 0 | P21: =IF(C21=0," ",SUM(J21:O21)) | Q21: =IF(B21="","",B21*BI21) | R21: =IF(B21="","",B21*BJ21) | S21: =IFERROR(IF(OR(B21=0,$AM$3=0,BS21=0)=TRUE,0,(B21*BS21*$AM$3)),0) -> 0 | V21: =IF(B21="","",ROUND((P21*$D$12),2)) | X21: 4 | Y21: =IF($C21="","",VLOOKUP($C21,ListPrice,Y$15,FALSE)) | Z21: =IF($C21="","",VLOOKUP($C21,ListPrice,Z$15,FALSE)) | AA21: =IF($C21="","",VLOOKUP($C21,ListPrice,AA$15,FALSE)) | AB21: =IF($C21="","",VLOOKUP($C21,ListPrice,AB$15,FALSE)) | AC21: =IF($C21="","",VLOOKUP($C21,ListPrice,AC$15,FALSE)) | AD21: =IF($C21="","",VLOOKUP($C21,ListPrice,AD$15,FALSE)) | AE21: =IF($C21="","",VLOOKUP($C21,ListPrice,AE$15,FALSE)) | AF21: =IF($C21="","",VLOOKUP($C21,ListPrice,AF$15,FALSE)) | ... CE21: =IF($C21="","",VLOOKUP($C21,ListPrice,CE$15,FALSE)) | CF21: =IF(OR(B21="",C21="")=TRUE,"",COUNTIF(E21:F21,"M")) | CG21: =IF(OR(B21="",C21="")=TRUE,"",SUM(BO21:BP21)) | CH21: =IF(OR(B21="",C21="")=TRUE,"",(AND($I$9="Veneer",CC21=1,BC21="Access"))) | CI21: =IF(OR(B21="",C21="")=TRUE,"",(AND($I$9="Faux",CC21=1,OR(BC21="Access",BC21="Parts"))))
I22: =IF($C22=0,"",+VLOOKUP($C22,ListPrice,2,FALSE)) | J22: =IFERROR(IF(OR(B22="",C22="",I$3="",I$5="",I$9="")=TRUE,0,ROUNDUP((INDEX(PriceLookup,X22,$AH$3))*IF(CH22=TRUE,$AM$11,1),0))*$AM$3*$B22,0) -> 0 | K22: =IFERROR(IF(OR(B22="",C22="",I$5="",Z$3="NON",CC22=0,$I$9="FAUX",$I$9="",$AG$9=TRUE,J22=0)=TRUE,0,(INDEX(PriceLookup,X22,$AA$3))*CF22*B22)*AM$3,0) -> 0 | L22: =IFERROR(IF(OR(B22="",C22="",I$5="",I$3="",AB$3="NA",AG$3="ALS",J22=0,CI22=TRUE)=TRUE,0,ROUNDUP(INDEX(PriceLookup,X22,$AB$3)*IF(LEFT(AG$11,1)="R",1,J22/B22), 0)*B22)*AM$3,0) -> 0 | M22: =IFERROR(IF(OR(B22="",C22="",G22="",G22="STD",CG22=0,J22=0)=TRUE,0,(B22*IF(G22="DT",AX22,IF(G22="FS",AY22))))*AM$3,0) -> 0 | N22: =IFERROR(IF(OR($B22="",$C22="",H22<>"SC",J22=0)=TRUE,0,AZ22*B22)*AM$3,0) -> 0 | O22: =IFERROR(IF(OR($B22="",$C22="",I$7="",I$7="Clear")=TRUE,0,INDEX(PriceLookup,X22,$AH$7)*BN22)*AM$3*B22,0) -> 0 | P22: =IF(C22=0," ",SUM(J22:O22)) | Q22: =IF(B22="","",B22*BI22) | R22: =IF(B22="","",B22*BJ22) | S22: =IFERROR(IF(OR(B22=0,$AM$3=0,BS22=0)=TRUE,0,(B22*BS22*$AM$3)),0) -> 0 | V22: =IF(B22="","",ROUND((P22*$D$12),2)) | X22: 5 | Y22: =IF($C22="","",VLOOKUP($C22,ListPrice,Y$15,FALSE)) | Z22: =IF($C22="","",VLOOKUP($C22,ListPrice,Z$15,FALSE)) | AA22: =IF($C22="","",VLOOKUP($C22,ListPrice,AA$15,FALSE)) | AB22: =IF($C22="","",VLOOKUP($C22,ListPrice,AB$15,FALSE)) | AC22: =IF($C22="","",VLOOKUP($C22,ListPrice,AC$15,FALSE)) | AD22: =IF($C22="","",VLOOKUP($C22,ListPrice,AD$15,FALSE)) | AE22: =IF($C22="","",VLOOKUP($C22,ListPrice,AE$15,FALSE)) | AF22: =IF($C22="","",VLOOKUP($C22,ListPrice,AF$15,FALSE)) | ... CE22: =IF($C22="","",VLOOKUP($C22,ListPrice,CE$15,FALSE)) | CF22: =IF(OR(B22="",C22="")=TRUE,"",COUNTIF(E22:F22,"M")) | CG22: =IF(OR(B22="",C22="")=TRUE,"",SUM(BO22:BP22)) | CH22: =IF(OR(B22="",C22="")=TRUE,"",(AND($I$9="Veneer",CC22=1,BC22="Access"))) | CI22: =IF(OR(B22="",C22="")=TRUE,"",(AND($I$9="Faux",CC22=1,OR(BC22="Access",BC22="Parts"))))
I23: =IF($C23=0,"",+VLOOKUP($C23,ListPrice,2,FALSE)) | J23: =IFERROR(IF(OR(B23="",C23="",I$3="",I$5="",I$9="")=TRUE,0,ROUNDUP((INDEX(PriceLookup,X23,$AH$3))*IF(CH23=TRUE,$AM$11,1),0))*$AM$3*$B23,0) -> 0 | K23: =IFERROR(IF(OR(B23="",C23="",I$5="",Z$3="NON",CC23=0,$I$9="FAUX",$I$9="",$AG$9=TRUE,J23=0)=TRUE,0,(INDEX(PriceLookup,X23,$AA$3))*CF23*B23)*AM$3,0) -> 0 | L23: =IFERROR(IF(OR(B23="",C23="",I$5="",I$3="",AB$3="NA",AG$3="ALS",J23=0,CI23=TRUE)=TRUE,0,ROUNDUP(INDEX(PriceLookup,X23,$AB$3)*IF(LEFT(AG$11,1)="R",1,J23/B23), 0)*B23)*AM$3,0) -> 0 | M23: =IFERROR(IF(OR(B23="",C23="",G23="",G23="STD",CG23=0,J23=0)=TRUE,0,(B23*IF(G23="DT",AX23,IF(G23="FS",AY23))))*AM$3,0) -> 0 | N23: =IFERROR(IF(OR($B23="",$C23="",H23<>"SC",J23=0)=TRUE,0,AZ23*B23)*AM$3,0) -> 0 | O23: =IFERROR(IF(OR($B23="",$C23="",I$7="",I$7="Clear")=TRUE,0,INDEX(PriceLookup,X23,$AH$7)*BN23)*AM$3*B23,0) -> 0 | P23: =IF(C23=0," ",SUM(J23:O23)) | Q23: =IF(B23="","",B23*BI23) | R23: =IF(B23="","",B23*BJ23) | S23: =IFERROR(IF(OR(B23=0,$AM$3=0,BS23=0)=TRUE,0,(B23*BS23*$AM$3)),0) -> 0 | V23: =IF(B23="","",ROUND((P23*$D$12),2)) | X23: 6 | Y23: =IF($C23="","",VLOOKUP($C23,ListPrice,Y$15,FALSE)) | Z23: =IF($C23="","",VLOOKUP($C23,ListPrice,Z$15,FALSE)) | AA23: =IF($C23="","",VLOOKUP($C23,ListPrice,AA$15,FALSE)) | AB23: =IF($C23="","",VLOOKUP($C23,ListPrice,AB$15,FALSE)) | AC23: =IF($C23="","",VLOOKUP($C23,ListPrice,AC$15,FALSE)) | AD23: =IF($C23="","",VLOOKUP($C23,ListPrice,AD$15,FALSE)) | AE23: =IF($C23="","",VLOOKUP($C23,ListPrice,AE$15,FALSE)) | AF23: =IF($C23="","",VLOOKUP($C23,ListPrice,AF$15,FALSE)) | ... CE23: =IF($C23="","",VLOOKUP($C23,ListPrice,CE$15,FALSE)) | CF23: =IF(OR(B23="",C23="")=TRUE,"",COUNTIF(E23:F23,"M")) | CG23: =IF(OR(B23="",C23="")=TRUE,"",SUM(BO23:BP23)) | CH23: =IF(OR(B23="",C23="")=TRUE,"",(AND($I$9="Veneer",CC23=1,BC23="Access"))) | CI23: =IF(OR(B23="",C23="")=TRUE,"",(AND($I$9="Faux",CC23=1,OR(BC23="Access",BC23="Parts"))))
I24: =IF($C24=0,"",+VLOOKUP($C24,ListPrice,2,FALSE)) | J24: =IFERROR(IF(OR(B24="",C24="",I$3="",I$5="",I$9="")=TRUE,0,ROUNDUP((INDEX(PriceLookup,X24,$AH$3))*IF(CH24=TRUE,$AM$11,1),0))*$AM$3*$B24,0) -> 0 | K24: =IFERROR(IF(OR(B24="",C24="",I$5="",Z$3="NON",CC24=0,$I$9="FAUX",$I$9="",$AG$9=TRUE,J24=0)=TRUE,0,(INDEX(PriceLookup,X24,$AA$3))*CF24*B24)*AM$3,0) -> 0 | L24: =IFERROR(IF(OR(B24="",C24="",I$5="",I$3="",AB$3="NA",AG$3="ALS",J24=0,CI24=TRUE)=TRUE,0,ROUNDUP(INDEX(PriceLookup,X24,$AB$3)*IF(LEFT(AG$11,1)="R",1,J24/B24), 0)*B24)*AM$3,0) -> 0 | M24: =IFERROR(IF(OR(B24="",C24="",G24="",G24="STD",CG24=0,J24=0)=TRUE,0,(B24*IF(G24="DT",AX24,IF(G24="FS",AY24))))*AM$3,0) -> 0 | N24: =IFERROR(IF(OR($B24="",$C24="",H24<>"SC",J24=0)=TRUE,0,AZ24*B24)*AM$3,0) -> 0 | O24: =IFERROR(IF(OR($B24="",$C24="",I$7="",I$7="Clear")=TRUE,0,INDEX(PriceLookup,X24,$AH$7)*BN24)*AM$3*B24,0) -> 0 | P24: =IF(C24=0," ",SUM(J24:O24)) | Q24: =IF(B24="","",B24*BI24) | R24: =IF(B24="","",B24*BJ24) | S24: =IFERROR(IF(OR(B24=0,$AM$3=0,BS24=0)=TRUE,0,(B24*BS24*$AM$3)),0) -> 0 | V24: =IF(B24="","",ROUND((P24*$D$12),2)) | X24: 7 | Y24: =IF($C24="","",VLOOKUP($C24,ListPrice,Y$15,FALSE)) | Z24: =IF($C24="","",VLOOKUP($C24,ListPrice,Z$15,FALSE)) | AA24: =IF($C24="","",VLOOKUP($C24,ListPrice,AA$15,FALSE)) | AB24: =IF($C24="","",VLOOKUP($C24,ListPrice,AB$15,FALSE)) | AC24: =IF($C24="","",VLOOKUP($C24,ListPrice,AC$15,FALSE)) | AD24: =IF($C24="","",VLOOKUP($C24,ListPrice,AD$15,FALSE)) | AE24: =IF($C24="","",VLOOKUP($C24,ListPrice,AE$15,FALSE)) | AF24: =IF($C24="","",VLOOKUP($C24,ListPrice,AF$15,FALSE)) | ... CE24: =IF($C24="","",VLOOKUP($C24,ListPrice,CE$15,FALSE)) | CF24: =IF(OR(B24="",C24="")=TRUE,"",COUNTIF(E24:F24,"M")) | CG24: =IF(OR(B24="",C24="")=TRUE,"",SUM(BO24:BP24)) | CH24: =IF(OR(B24="",C24="")=TRUE,"",(AND($I$9="Veneer",CC24=1,BC24="Access"))) | CI24: =IF(OR(B24="",C24="")=TRUE,"",(AND($I$9="Faux",CC24=1,OR(BC24="Access",BC24="Parts"))))
I25: =IF($C25=0,"",+VLOOKUP($C25,ListPrice,2,FALSE)) | J25: =IFERROR(IF(OR(B25="",C25="",I$3="",I$5="",I$9="")=TRUE,0,ROUNDUP((INDEX(PriceLookup,X25,$AH$3))*IF(CH25=TRUE,$AM$11,1),0))*$AM$3*$B25,0) -> 0 | K25: =IFERROR(IF(OR(B25="",C25="",I$5="",Z$3="NON",CC25=0,$I$9="FAUX",$I$9="",$AG$9=TRUE,J25=0)=TRUE,0,(INDEX(PriceLookup,X25,$AA$3))*CF25*B25)*AM$3,0) -> 0 | L25: =IFERROR(IF(OR(B25="",C25="",I$5="",I$3="",AB$3="NA",AG$3="ALS",J25=0,CI25=TRUE)=TRUE,0,ROUNDUP(INDEX(PriceLookup,X25,$AB$3)*IF(LEFT(AG$11,1)="R",1,J25/B25), 0)*B25)*AM$3,0) -> 0 | M25: =IFERROR(IF(OR(B25="",C25="",G25="",G25="STD",CG25=0,J25=0)=TRUE,0,(B25*IF(G25="DT",AX25,IF(G25="FS",AY25))))*AM$3,0) -> 0 | N25: =IFERROR(IF(OR($B25="",$C25="",H25<>"SC",J25=0)=TRUE,0,AZ25*B25)*AM$3,0) -> 0 | O25: =IFERROR(IF(OR($B25="",$C25="",I$7="",I$7="Clear")=TRUE,0,INDEX(PriceLookup,X25,$AH$7)*BN25)*AM$3*B25,0) -> 0 | P25: =IF(C25=0," ",SUM(J25:O25)) | Q25: =IF(B25="","",B25*BI25) | R25: =IF(B25="","",B25*BJ25) | S25: =IFERROR(IF(OR(B25=0,$AM$3=0,BS25=0)=TRUE,0,(B25*BS25*$AM$3)),0) -> 0 | V25: =IF(B25="","",ROUND((P25*$D$12),2)) | X25: 8 | Y25: =IF($C25="","",VLOOKUP($C25,ListPrice,Y$15,FALSE)) | Z25: =IF($C25="","",VLOOKUP($C25,ListPrice,Z$15,FALSE)) | AA25: =IF($C25="","",VLOOKUP($C25,ListPrice,AA$15,FALSE)) | AB25: =IF($C25="","",VLOOKUP($C25,ListPrice,AB$15,FALSE)) | AC25: =IF($C25="","",VLOOKUP($C25,ListPrice,AC$15,FALSE)) | AD25: =IF($C25="","",VLOOKUP($C25,ListPrice,AD$15,FALSE)) | AE25: =IF($C25="","",VLOOKUP($C25,ListPrice,AE$15,FALSE)) | AF25: =IF($C25="","",VLOOKUP($C25,ListPrice,AF$15,FALSE)) | ... CE25: =IF($C25="","",VLOOKUP($C25,ListPrice,CE$15,FALSE)) | CF25: =IF(OR(B25="",C25="")=TRUE,"",COUNTIF(E25:F25,"M")) | CG25: =IF(OR(B25="",C25="")=TRUE,"",SUM(BO25:BP25)) | CH25: =IF(OR(B25="",C25="")=TRUE,"",(AND($I$9="Veneer",CC25=1,BC25="Access"))) | CI25: =IF(OR(B25="",C25="")=TRUE,"",(AND($I$9="Faux",CC25=1,OR(BC25="Access",BC25="Parts"))))
I26: =IF($C26=0,"",+VLOOKUP($C26,ListPrice,2,FALSE)) | J26: =IFERROR(IF(OR(B26="",C26="",I$3="",I$5="",I$9="")=TRUE,0,ROUNDUP((INDEX(PriceLookup,X26,$AH$3))*IF(CH26=TRUE,$AM$11,1),0))*$AM$3*$B26,0) -> 0 | K26: =IFERROR(IF(OR(B26="",C26="",I$5="",Z$3="NON",CC26=0,$I$9="FAUX",$I$9="",$AG$9=TRUE,J26=0)=TRUE,0,(INDEX(PriceLookup,X26,$AA$3))*CF26*B26)*AM$3,0) -> 0 | L26: =IFERROR(IF(OR(B26="",C26="",I$5="",I$3="",AB$3="NA",AG$3="ALS",J26=0,CI26=TRUE)=TRUE,0,ROUNDUP(INDEX(PriceLookup,X26,$AB$3)*IF(LEFT(AG$11,1)="R",1,J26/B26), 0)*B26)*AM$3,0) -> 0 | M26: =IFERROR(IF(OR(B26="",C26="",G26="",G26="STD",CG26=0,J26=0)=TRUE,0,(B26*IF(G26="DT",AX26,IF(G26="FS",AY26))))*AM$3,0) -> 0 | N26: =IFERROR(IF(OR($B26="",$C26="",H26<>"SC",J26=0)=TRUE,0,AZ26*B26)*AM$3,0) -> 0 | O26: =IFERROR(IF(OR($B26="",$C26="",I$7="",I$7="Clear")=TRUE,0,INDEX(PriceLookup,X26,$AH$7)*BN26)*AM$3*B26,0) -> 0 | P26: =IF(C26=0," ",SUM(J26:O26)) | Q26: =IF(B26="","",B26*BI26) | R26: =IF(B26="","",B26*BJ26) | S26: =IFERROR(IF(OR(B26=0,$AM$3=0,BS26=0)=TRUE,0,(B26*BS26*$AM$3)),0) -> 0 | V26: =IF(B26="","",ROUND((P26*$D$12),2)) | X26: 9 | Y26: =IF($C26="","",VLOOKUP($C26,ListPrice,Y$15,FALSE)) | Z26: =IF($C26="","",VLOOKUP($C26,ListPrice,Z$15,FALSE)) | AA26: =IF($C26="","",VLOOKUP($C26,ListPrice,AA$15,FALSE)) | AB26: =IF($C26="","",VLOOKUP($C26,ListPrice,AB$15,FALSE)) | AC26: =IF($C26="","",VLOOKUP($C26,ListPrice,AC$15,FALSE)) | AD26: =IF($C26="","",VLOOKUP($C26,ListPrice,AD$15,FALSE)) | AE26: =IF($C26="","",VLOOKUP($C26,ListPrice,AE$15,FALSE)) | AF26: =IF($C26="","",VLOOKUP($C26,ListPrice,AF$15,FALSE)) | ... CE26: =IF($C26="","",VLOOKUP($C26,ListPrice,CE$15,FALSE)) | CF26: =IF(OR(B26="",C26="")=TRUE,"",COUNTIF(E26:F26,"M")) | CG26: =IF(OR(B26="",C26="")=TRUE,"",SUM(BO26:BP26)) | CH26: =IF(OR(B26="",C26="")=TRUE,"",(AND($I$9="Veneer",CC26=1,BC26="Access"))) | CI26: =IF(OR(B26="",C26="")=TRUE,"",(AND($I$9="Faux",CC26=1,OR(BC26="Access",BC26="Parts"))))
I27: =IF($C27=0,"",+VLOOKUP($C27,ListPrice,2,FALSE)) | J27: =IFERROR(IF(OR(B27="",C27="",I$3="",I$5="",I$9="")=TRUE,0,ROUNDUP((INDEX(PriceLookup,X27,$AH$3))*IF(CH27=TRUE,$AM$11,1),0))*$AM$3*$B27,0) -> 0 | K27: =IFERROR(IF(OR(B27="",C27="",I$5="",Z$3="NON",CC27=0,$I$9="FAUX",$I$9="",$AG$9=TRUE,J27=0)=TRUE,0,(INDEX(PriceLookup,X27,$AA$3))*CF27*B27)*AM$3,0) -> 0 | L27: =IFERROR(IF(OR(B27="",C27="",I$5="",I$3="",AB$3="NA",AG$3="ALS",J27=0,CI27=TRUE)=TRUE,0,ROUNDUP(INDEX(PriceLookup,X27,$AB$3)*IF(LEFT(AG$11,1)="R",1,J27/B27), 0)*B27)*AM$3,0) -> 0 | M27: =IFERROR(IF(OR(B27="",C27="",G27="",G27="STD",CG27=0,J27=0)=TRUE,0,(B27*IF(G27="DT",AX27,IF(G27="FS",AY27))))*AM$3,0) -> 0 | N27: =IFERROR(IF(OR($B27="",$C27="",H27<>"SC",J27=0)=TRUE,0,AZ27*B27)*AM$3,0) -> 0 | O27: =IFERROR(IF(OR($B27="",$C27="",I$7="",I$7="Clear")=TRUE,0,INDEX(PriceLookup,X27,$AH$7)*BN27)*AM$3*B27,0) -> 0 | P27: =IF(C27=0," ",SUM(J27:O27)) | Q27: =IF(B27="","",B27*BI27) | R27: =IF(B27="","",B27*BJ27) | S27: =IFERROR(IF(OR(B27=0,$AM$3=0,BS27=0)=TRUE,0,(B27*BS27*$AM$3)),0) -> 0 | V27: =IF(B27="","",ROUND((P27*$D$12),2)) | X27: 10 | Y27: =IF($C27="","",VLOOKUP($C27,ListPrice,Y$15,FALSE)) | Z27: =IF($C27="","",VLOOKUP($C27,ListPrice,Z$15,FALSE)) | AA27: =IF($C27="","",VLOOKUP($C27,ListPrice,AA$15,FALSE)) | AB27: =IF($C27="","",VLOOKUP($C27,ListPrice,AB$15,FALSE)) | AC27: =IF($C27="","",VLOOKUP($C27,ListPrice,AC$15,FALSE)) | AD27: =IF($C27="","",VLOOKUP($C27,ListPrice,AD$15,FALSE)) | AE27: =IF($C27="","",VLOOKUP($C27,ListPrice,AE$15,FALSE)) | AF27: =IF($C27="","",VLOOKUP($C27,ListPrice,AF$15,FALSE)) | ... CE27: =IF($C27="","",VLOOKUP($C27,ListPrice,CE$15,FALSE)) | CF27: =IF(OR(B27="",C27="")=TRUE,"",COUNTIF(E27:F27,"M")) | CG27: =IF(OR(B27="",C27="")=TRUE,"",SUM(BO27:BP27)) | CH27: =IF(OR(B27="",C27="")=TRUE,"",(AND($I$9="Veneer",CC27=1,BC27="Access"))) | CI27: =IF(OR(B27="",C27="")=TRUE,"",(AND($I$9="Faux",CC27=1,OR(BC27="Access",BC27="Parts"))))
I28: =IF($C28=0,"",+VLOOKUP($C28,ListPrice,2,FALSE)) | J28: =IFERROR(IF(OR(B28="",C28="",I$3="",I$5="",I$9="")=TRUE,0,ROUNDUP((INDEX(PriceLookup,X28,$AH$3))*IF(CH28=TRUE,$AM$11,1),0))*$AM$3*$B28,0) -> 0 | K28: =IFERROR(IF(OR(B28="",C28="",I$5="",Z$3="NON",CC28=0,$I$9="FAUX",$I$9="",$AG$9=TRUE,J28=0)=TRUE,0,(INDEX(PriceLookup,X28,$AA$3))*CF28*B28)*AM$3,0) -> 0 | L28: =IFERROR(IF(OR(B28="",C28="",I$5="",I$3="",AB$3="NA",AG$3="ALS",J28=0,CI28=TRUE)=TRUE,0,ROUNDUP(INDEX(PriceLookup,X28,$AB$3)*IF(LEFT(AG$11,1)="R",1,J28/B28), 0)*B28)*AM$3,0) -> 0 | M28: =IFERROR(IF(OR(B28="",C28="",G28="",G28="STD",CG28=0,J28=0)=TRUE,0,(B28*IF(G28="DT",AX28,IF(G28="FS",AY28))))*AM$3,0) -> 0 | N28: =IFERROR(IF(OR($B28="",$C28="",H28<>"SC",J28=0)=TRUE,0,AZ28*B28)*AM$3,0) -> 0 | O28: =IFERROR(IF(OR($B28="",$C28="",I$7="",I$7="Clear")=TRUE,0,INDEX(PriceLookup,X28,$AH$7)*BN28)*AM$3*B28,0) -> 0 | P28: =IF(C28=0," ",SUM(J28:O28)) | Q28: =IF(B28="","",B28*BI28) | R28: =IF(B28="","",B28*BJ28) | S28: =IFERROR(IF(OR(B28=0,$AM$3=0,BS28=0)=TRUE,0,(B28*BS28*$AM$3)),0) -> 0 | V28: =IF(B28="","",ROUND((P28*$D$12),2)) | X28: 11 | Y28: =IF($C28="","",VLOOKUP($C28,ListPrice,Y$15,FALSE)) | Z28: =IF($C28="","",VLOOKUP($C28,ListPrice,Z$15,FALSE)) | AA28: =IF($C28="","",VLOOKUP($C28,ListPrice,AA$15,FALSE)) | AB28: =IF($C28="","",VLOOKUP($C28,ListPrice,AB$15,FALSE)) | AC28: =IF($C28="","",VLOOKUP($C28,ListPrice,AC$15,FALSE)) | AD28: =IF($C28="","",VLOOKUP($C28,ListPrice,AD$15,FALSE)) | AE28: =IF($C28="","",VLOOKUP($C28,ListPrice,AE$15,FALSE)) | AF28: =IF($C28="","",VLOOKUP($C28,ListPrice,AF$15,FALSE)) | ... CE28: =IF($C28="","",VLOOKUP($C28,ListPrice,CE$15,FALSE)) | CF28: =IF(OR(B28="",C28="")=TRUE,"",COUNTIF(E28:F28,"M")) | CG28: =IF(OR(B28="",C28="")=TRUE,"",SUM(BO28:BP28)) | CH28: =IF(OR(B28="",C28="")=TRUE,"",(AND($I$9="Veneer",CC28=1,BC28="Access"))) | CI28: =IF(OR(B28="",C28="")=TRUE,"",(AND($I$9="Faux",CC28=1,OR(BC28="Access",BC28="Parts"))))
I29: =IF($C29=0,"",+VLOOKUP($C29,ListPrice,2,FALSE)) | J29: =IFERROR(IF(OR(B29="",C29="",I$3="",I$5="",I$9="")=TRUE,0,ROUNDUP((INDEX(PriceLookup,X29,$AH$3))*IF(CH29=TRUE,$AM$11,1),0))*$AM$3*$B29,0) -> 0 | K29: =IFERROR(IF(OR(B29="",C29="",I$5="",Z$3="NON",CC29=0,$I$9="FAUX",$I$9="",$AG$9=TRUE,J29=0)=TRUE,0,(INDEX(PriceLookup,X29,$AA$3))*CF29*B29)*AM$3,0) -> 0 | L29: =IFERROR(IF(OR(B29="",C29="",I$5="",I$3="",AB$3="NA",AG$3="ALS",J29=0,CI29=TRUE)=TRUE,0,ROUNDUP(INDEX(PriceLookup,X29,$AB$3)*IF(LEFT(AG$11,1)="R",1,J29/B29), 0)*B29)*AM$3,0) -> 0 | M29: =IFERROR(IF(OR(B29="",C29="",G29="",G29="STD",CG29=0,J29=0)=TRUE,0,(B29*IF(G29="DT",AX29,IF(G29="FS",AY29))))*AM$3,0) -> 0 | N29: =IFERROR(IF(OR($B29="",$C29="",H29<>"SC",J29=0)=TRUE,0,AZ29*B29)*AM$3,0) -> 0 | O29: =IFERROR(IF(OR($B29="",$C29="",I$7="",I$7="Clear")=TRUE,0,INDEX(PriceLookup,X29,$AH$7)*BN29)*AM$3*B29,0) -> 0 | P29: =IF(C29=0," ",SUM(J29:O29)) | Q29: =IF(B29="","",B29*BI29) | R29: =IF(B29="","",B29*BJ29) | S29: =IFERROR(IF(OR(B29=0,$AM$3=0,BS29=0)=TRUE,0,(B29*BS29*$AM$3)),0) -> 0 | V29: =IF(B29="","",ROUND((P29*$D$12),2)) | X29: 12 | Y29: =IF($C29="","",VLOOKUP($C29,ListPrice,Y$15,FALSE)) | Z29: =IF($C29="","",VLOOKUP($C29,ListPrice,Z$15,FALSE)) | AA29: =IF($C29="","",VLOOKUP($C29,ListPrice,AA$15,FALSE)) | AB29: =IF($C29="","",VLOOKUP($C29,ListPrice,AB$15,FALSE)) | AC29: =IF($C29="","",VLOOKUP($C29,ListPrice,AC$15,FALSE)) | AD29: =IF($C29="","",VLOOKUP($C29,ListPrice,AD$15,FALSE)) | AE29: =IF($C29="","",VLOOKUP($C29,ListPrice,AE$15,FALSE)) | AF29: =IF($C29="","",VLOOKUP($C29,ListPrice,AF$15,FALSE)) | ... CE29: =IF($C29="","",VLOOKUP($C29,ListPrice,CE$15,FALSE)) | CF29: =IF(OR(B29="",C29="")=TRUE,"",COUNTIF(E29:F29,"M")) | CG29: =IF(OR(B29="",C29="")=TRUE,"",SUM(BO29:BP29)) | CH29: =IF(OR(B29="",C29="")=TRUE,"",(AND($I$9="Veneer",CC29=1,BC29="Access"))) | CI29: =IF(OR(B29="",C29="")=TRUE,"",(AND($I$9="Faux",CC29=1,OR(BC29="Access",BC29="Parts"))))
I30: =IF($C30=0,"",+VLOOKUP($C30,ListPrice,2,FALSE)) | J30: =IFERROR(IF(OR(B30="",C30="",I$3="",I$5="",I$9="")=TRUE,0,ROUNDUP((INDEX(PriceLookup,X30,$AH$3))*IF(CH30=TRUE,$AM$11,1),0))*$AM$3*$B30,0) -> 0 | K30: =IFERROR(IF(OR(B30="",C30="",I$5="",Z$3="NON",CC30=0,$I$9="FAUX",$I$9="",$AG$9=TRUE,J30=0)=TRUE,0,(INDEX(PriceLookup,X30,$AA$3))*CF30*B30)*AM$3,0) -> 0 | L30: =IFERROR(IF(OR(B30="",C30="",I$5="",I$3="",AB$3="NA",AG$3="ALS",J30=0,CI30=TRUE)=TRUE,0,ROUNDUP(INDEX(PriceLookup,X30,$AB$3)*IF(LEFT(AG$11,1)="R",1,J30/B30), 0)*B30)*AM$3,0) -> 0 | M30: =IFERROR(IF(OR(B30="",C30="",G30="",G30="STD",CG30=0,J30=0)=TRUE,0,(B30*IF(G30="DT",AX30,IF(G30="FS",AY30))))*AM$3,0) -> 0 | N30: =IFERROR(IF(OR($B30="",$C30="",H30<>"SC",J30=0)=TRUE,0,AZ30*B30)*AM$3,0) -> 0 | O30: =IFERROR(IF(OR($B30="",$C30="",I$7="",I$7="Clear")=TRUE,0,INDEX(PriceLookup,X30,$AH$7)*BN30)*AM$3*B30,0) -> 0 | P30: =IF(C30=0," ",SUM(J30:O30)) | Q30: =IF(B30="","",B30*BI30) | R30: =IF(B30="","",B30*BJ30) | S30: =IFERROR(IF(OR(B30=0,$AM$3=0,BS30=0)=TRUE,0,(B30*BS30*$AM$3)),0) -> 0 | V30: =IF(B30="","",ROUND((P30*$D$12),2)) | X30: 13 | Y30: =IF($C30="","",VLOOKUP($C30,ListPrice,Y$15,FALSE)) | Z30: =IF($C30="","",VLOOKUP($C30,ListPrice,Z$15,FALSE)) | AA30: =IF($C30="","",VLOOKUP($C30,ListPrice,AA$15,FALSE)) | AB30: =IF($C30="","",VLOOKUP($C30,ListPrice,AB$15,FALSE)) | AC30: =IF($C30="","",VLOOKUP($C30,ListPrice,AC$15,FALSE)) | AD30: =IF($C30="","",VLOOKUP($C30,ListPrice,AD$15,FALSE)) | AE30: =IF($C30="","",VLOOKUP($C30,ListPrice,AE$15,FALSE)) | AF30: =IF($C30="","",VLOOKUP($C30,ListPrice,AF$15,FALSE)) | ... CE30: =IF($C30="","",VLOOKUP($C30,ListPrice,CE$15,FALSE)) | CF30: =IF(OR(B30="",C30="")=TRUE,"",COUNTIF(E30:F30,"M")) | CG30: =IF(OR(B30="",C30="")=TRUE,"",SUM(BO30:BP30)) | CH30: =IF(OR(B30="",C30="")=TRUE,"",(AND($I$9="Veneer",CC30=1,BC30="Access"))) | CI30: =IF(OR(B30="",C30="")=TRUE,"",(AND($I$9="Faux",CC30=1,OR(BC30="Access",BC30="Parts"))))
... I117: =IF($C117=0,"",+VLOOKUP($C117,ListPrice,2,FALSE)) | J117: =IFERROR(IF(OR(B117="",C117="",I$3="",I$5="",I$9="")=TRUE,0,ROUNDUP((INDEX(PriceLookup,X117,$AH$3))*IF(CH117=TRUE,$AM$11,1),0))*$AM$3*$B117,0) -> 0 | K117: =IFERROR(IF(OR(B117="",C117="",I$5="",Z$3="NON",CC117=0,$I$9="FAUX",$I$9="",$AG$9=TRUE,J117=0)=TRUE,0,(INDEX(PriceLookup,X117,$AA$3))*CF117*B117)*AM$3,0) -> 0 | L117: =IFERROR(IF(OR(B117="",C117="",I$5="",I$3="",AB$3="NA",AG$3="ALS",J117=0,CI117=TRUE)=TRUE,0,ROUNDUP(INDEX(PriceLookup,X117,$AB$3)*IF(LEFT(AG$11,1)="R",1,J117/B117), 0)*B117)*AM$3,0) -> 0 | M117: =IFERROR(IF(OR(B117="",C117="",G117="",G117="STD",CG117=0,J117=0)=TRUE,0,(B117*IF(G117="DT",AX117,IF(G117="FS",AY117))))*AM$3,0) -> 0 | N117: =IFERROR(IF(OR($B117="",$C117="",H117<>"SC",J117=0)=TRUE,0,AZ117*B117)*AM$3,0) -> 0 | O117: =IFERROR(IF(OR($B117="",$C117="",I$7="",I$7="Clear")=TRUE,0,INDEX(PriceLookup,X117,$AH$7)*BN117)*AM$3*B117,0) -> 0 | P117: =IF(C117=0," ",SUM(J117:O117)) | Q117: =IF(B117="","",B117*BI117) | R117: =IF(B117="","",B117*BJ117) | S117: =IFERROR(IF(OR(B117=0,$AM$3=0,BS117=0)=TRUE,0,(B117*BS117*$AM$3)),0) -> 0 | V117: =IF(B117="","",ROUND((P117*$D$12),2)) | X117: 100 | Y117: =IF($C117="","",VLOOKUP($C117,ListPrice,Y$15,FALSE)) | Z117: =IF($C117="","",VLOOKUP($C117,ListPrice,Z$15,FALSE)) | AA117: =IF($C117="","",VLOOKUP($C117,ListPrice,AA$15,FALSE)) | AB117: =IF($C117="","",VLOOKUP($C117,ListPrice,AB$15,FALSE)) | AC117: =IF($C117="","",VLOOKUP($C117,ListPrice,AC$15,FALSE)) | AD117: =IF($C117="","",VLOOKUP($C117,ListPrice,AD$15,FALSE)) | AE117: =IF($C117="","",VLOOKUP($C117,ListPrice,AE$15,FALSE)) | AF117: =IF($C117="","",VLOOKUP($C117,ListPrice,AF$15,FALSE)) | ... CE117: =IF($C117="","",VLOOKUP($C117,ListPrice,CE$15,FALSE)) | CF117: =IF(OR(B117="",C117="")=TRUE,"",COUNTIF(E117:F117,"M")) | CG117: =IF(OR(B117="",C117="")=TRUE,"",SUM(BO117:BP117)) | CH117: =IF(OR(B117="",C117="")=TRUE,"",(AND($I$9="Veneer",CC117=1,BC117="Access"))) | CI117: =IF(OR(B117="",C117="")=TRUE,"",(AND($I$9="Faux",CC117=1,OR(BC117="Access",BC117="Parts"))))

Sheet Notes
A1: Order Notes
A2: Please provide further details / special order instructions here.
A3: If the order is a warranty, please ellaborate on why the original order was not adequate:

Sheet Order Entry Import
A1: Seq | B1: Quantity | C1: Cabinet or Part Code | D1: Hinging Code | E1: LEFT End Code | F1: RIGHT End Code | G1: Drawer Box | H1: Door Hinge | I1: Glass Grade | J1: Door Style | K1: Finish Code | L1: Total NET Price | M1: ='Order Form'!$D$12 -> 1 | N1: Hinge | O1: Type | P1: Subtype | Q1: Prefix | R1: Depth | S1: Width | T1: Height | U1: Cube | V1: Ave Weight | W1: BSF | X1: FSF | Y1: Knobs | Z1: Doors | AA1: Drawers | AB1: Rollouts | AC1: Adj Shelves | AD1: Hinges | AE1: Ship Credits | AF1: Piece Credits | AG1: SIT | AH1: If ACC, needs finish code? | AI1: Takes Glaze | AJ1: Takes Paint | AK1: Takes Glazed Paint | AL1: Needs Glass? | AM1: Glass Adder 1 - FRS/RAN/RIB | AN1: Glass Adder 2 CRD | AO1: Needs Material Spec | AP1: Faux Accessory?
A2: 1 | B2: =IF('Order Form'!B18="","",'Order Form'!B18) | C2: =UPPER('Order Form'!C18) | D2: =UPPER(IF('Order Form'!D18="","",'Order Form'!D18)) | E2: =IF(C2="","",IF('Order Form'!E18="","N",'Order Form'!E18)) | F2: =IF(C2="","",IF('Order Form'!F18="","N",'Order Form'!F18)) | G2: =UPPER(IF('Order Form'!G18="","",'Order Form'!G18)) | H2: =UPPER(IF('Order Form'!H18="","",'Order Form'!H18)) | I2: =IF(B2="","",IF((AM2+AN2)=0,"",'Order Form'!$AG$7)) | J2: =IF(C2="","",'Order Form'!$AG$3) | K2: =IF(C2="","",'Order Form'!$AG$5) | L2: ='Order Form'!V18 | N2: ='Order Form'!BB18 | O2: ='Order Form'!BC18 | P2: ='Order Form'!BD18 | Q2: ='Order Form'!BE18 | R2: ='Order Form'!BF18 | S2: ='Order Form'!BG18 | T2: ='Order Form'!BH18 | U2: ='Order Form'!BI18 | ... AO2: ='Order Form'!CC18 | AP2: =IF(B2="","",'Order Form'!CH18)
A3: 2 | B3: =IF('Order Form'!B19="","",'Order Form'!B19) | C3: =UPPER('Order Form'!C19) | D3: =UPPER(IF('Order Form'!D19="","",'Order Form'!D19)) | E3: =IF(C3="","",IF('Order Form'!E19="","N",'Order Form'!E19)) | F3: =IF(C3="","",IF('Order Form'!F19="","N",'Order Form'!F19)) | G3: =UPPER(IF('Order Form'!G19="","",'Order Form'!G19)) | H3: =UPPER(IF('Order Form'!H19="","",'Order Form'!H19)) | I3: =IF(B3="","",IF((AM3+AN3)=0,"",'Order Form'!$AG$7)) | J3: =IF(C3="","",'Order Form'!$AG$3) | K3: =IF(C3="","",'Order Form'!$AG$5) | L3: ='Order Form'!V19 | N3: ='Order Form'!BB19 | O3: ='Order Form'!BC19 | P3: ='Order Form'!BD19 | Q3: ='Order Form'!BE19 | R3: ='Order Form'!BF19 | S3: ='Order Form'!BG19 | T3: ='Order Form'!BH19 | U3: ='Order Form'!BI19 | ... AO3: ='Order Form'!CC19 | AP3: =IF(B3="","",'Order Form'!CH19)
A4: 3 | B4: =IF('Order Form'!B20="","",'Order Form'!B20) | C4: =UPPER('Order Form'!C20) | D4: =UPPER(IF('Order Form'!D20="","",'Order Form'!D20)) | E4: =IF(C4="","",IF('Order Form'!E20="","N",'Order Form'!E20)) | F4: =IF(C4="","",IF('Order Form'!F20="","N",'Order Form'!F20)) | G4: =UPPER(IF('Order Form'!G20="","",'Order Form'!G20)) | H4: =UPPER(IF('Order Form'!H20="","",'Order Form'!H20)) | I4: =IF(B4="","",IF((AM4+AN4)=0,"",'Order Form'!$AG$7)) | J4: =IF(C4="","",'Order Form'!$AG$3) | K4: =IF(C4="","",'Order Form'!$AG$5) | L4: ='Order Form'!V20 | N4: ='Order Form'!BB20 | O4: ='Order Form'!BC20 | P4: ='Order Form'!BD20 | Q4: ='Order Form'!BE20 | R4: ='Order Form'!BF20 | S4: ='Order Form'!BG20 | T4: ='Order Form'!BH20 | U4: ='Order Form'!BI20 | ... AO4: ='Order Form'!CC20 | AP4: =IF(B4="","",'Order Form'!CH20)
A5: 4 | B5: =IF('Order Form'!B21="","",'Order Form'!B21) | C5: =UPPER('Order Form'!C21) | D5: =UPPER(IF('Order Form'!D21="","",'Order Form'!D21)) | E5: =IF(C5="","",IF('Order Form'!E21="","N",'Order Form'!E21)) | F5: =IF(C5="","",IF('Order Form'!F21="","N",'Order Form'!F21)) | G5: =UPPER(IF('Order Form'!G21="","",'Order Form'!G21)) | H5: =UPPER(IF('Order Form'!H21="","",'Order Form'!H21)) | I5: =IF(B5="","",IF((AM5+AN5)=0,"",'Order Form'!$AG$7)) | J5: =IF(C5="","",'Order Form'!$AG$3) | K5: =IF(C5="","",'Order Form'!$AG$5) | L5: ='Order Form'!V21 | N5: ='Order Form'!BB21 | O5: ='Order Form'!BC21 | P5: ='Order Form'!BD21 | Q5: ='Order Form'!BE21 | R5: ='Order Form'!BF21 | S5: ='Order Form'!BG21 | T5: ='Order Form'!BH21 | U5: ='Order Form'!BI21 | ... AO5: ='Order Form'!CC21 | AP5: =IF(B5="","",'Order Form'!CH21)
A6: 5 | B6: =IF('Order Form'!B22="","",'Order Form'!B22) | C6: =UPPER('Order Form'!C22) | D6: =UPPER(IF('Order Form'!D22="","",'Order Form'!D22)) | E6: =IF(C6="","",IF('Order Form'!E22="","N",'Order Form'!E22)) | F6: =IF(C6="","",IF('Order Form'!F22="","N",'Order Form'!F22)) | G6: =UPPER(IF('Order Form'!G22="","",'Order Form'!G22)) | H6: =UPPER(IF('Order Form'!H22="","",'Order Form'!H22)) | I6: =IF(B6="","",IF((AM6+AN6)=0,"",'Order Form'!$AG$7)) | J6: =IF(C6="","",'Order Form'!$AG$3) | K6: =IF(C6="","",'Order Form'!$AG$5) | L6: ='Order Form'!V22 | N6: ='Order Form'!BB22 | O6: ='Order Form'!BC22 | P6: ='Order Form'!BD22 | Q6: ='Order Form'!BE22 | R6: ='Order Form'!BF22 | S6: ='Order Form'!BG22 | T6: ='Order Form'!BH22 | U6: ='Order Form'!BI22 | ... AO6: ='Order Form'!CC22 | AP6: =IF(B6="","",'Order Form'!CH22)
A7: 6 | B7: =IF('Order Form'!B23="","",'Order Form'!B23) | C7: =UPPER('Order Form'!C23) | D7: =UPPER(IF('Order Form'!D23="","",'Order Form'!D23)) | E7: =IF(C7="","",IF('Order Form'!E23="","N",'Order Form'!E23)) | F7: =IF(C7="","",IF('Order Form'!F23="","N",'Order Form'!F23)) | G7: =UPPER(IF('Order Form'!G23="","",'Order Form'!G23)) | H7: =UPPER(IF('Order Form'!H23="","",'Order Form'!H23)) | I7: =IF(B7="","",IF((AM7+AN7)=0,"",'Order Form'!$AG$7)) | J7: =IF(C7="","",'Order Form'!$AG$3) | K7: =IF(C7="","",'Order Form'!$AG$5) | L7: ='Order Form'!V23 | N7: ='Order Form'!BB23 | O7: ='Order Form'!BC23 | P7: ='Order Form'!BD23 | Q7: ='Order Form'!BE23 | R7: ='Order Form'!BF23 | S7: ='Order Form'!BG23 | T7: ='Order Form'!BH23 | U7: ='Order Form'!BI23 | ... AO7: ='Order Form'!CC23 | AP7: =IF(B7="","",'Order Form'!CH23)
A8: 7 | B8: =IF('Order Form'!B24="","",'Order Form'!B24) | C8: =UPPER('Order Form'!C24) | D8: =UPPER(IF('Order Form'!D24="","",'Order Form'!D24)) | E8: =IF(C8="","",IF('Order Form'!E24="","N",'Order Form'!E24)) | F8: =IF(C8="","",IF('Order Form'!F24="","N",'Order Form'!F24)) | G8: =UPPER(IF('Order Form'!G24="","",'Order Form'!G24)) | H8: =UPPER(IF('Order Form'!H24="","",'Order Form'!H24)) | I8: =IF(B8="","",IF((AM8+AN8)=0,"",'Order Form'!$AG$7)) | J8: =IF(C8="","",'Order Form'!$AG$3) | K8: =IF(C8="","",'Order Form'!$AG$5) | L8: ='Order Form'!V24 | N8: ='Order Form'!BB24 | O8: ='Order Form'!BC24 | P8: ='Order Form'!BD24 | Q8: ='Order Form'!BE24 | R8: ='Order Form'!BF24 | S8: ='Order Form'!BG24 | T8: ='Order Form'!BH24 | U8: ='Order Form'!BI24 | ... AO8: ='Order Form'!CC24 | AP8: =IF(B8="","",'Order Form'!CH24)
A9: 8 | B9: =IF('Order Form'!B25="","",'Order Form'!B25) | C9: =UPPER('Order Form'!C25) | D9: =UPPER(IF('Order Form'!D25="","",'Order Form'!D25)) | E9: =IF(C9="","",IF('Order Form'!E25="","N",'Order Form'!E25)) | F9: =IF(C9="","",IF('Order Form'!F25="","N",'Order Form'!F25)) | G9: =UPPER(IF('Order Form'!G25="","",'Order Form'!G25)) | H9: =UPPER(IF('Order Form'!H25="","",'Order Form'!H25)) | I9: =IF(B9="","",IF((AM9+AN9)=0,"",'Order Form'!$AG$7)) | J9: =IF(C9="","",'Order Form'!$AG$3) | K9: =IF(C9="","",'Order Form'!$AG$5) | L9: ='Order Form'!V25 | N9: ='Order Form'!BB25 | O9: ='Order Form'!BC25 | P9: ='Order Form'!BD25 | Q9: ='Order Form'!BE25 | R9: ='Order Form'!BF25 | S9: ='Order Form'!BG25 | T9: ='Order Form'!BH25 | U9: ='Order Form'!BI25 | ... AO9: ='Order Form'!CC25 | AP9: =IF(B9="","",'Order Form'!CH25)
A10: 9 | B10: =IF('Order Form'!B26="","",'Order Form'!B26) | C10: =UPPER('Order Form'!C26) | D10: =UPPER(IF('Order Form'!D26="","",'Order Form'!D26)) | E10: =IF(C10="","",IF('Order Form'!E26="","N",'Order Form'!E26)) | F10: =IF(C10="","",IF('Order Form'!F26="","N",'Order Form'!F26)) | G10: =UPPER(IF('Order Form'!G26="","",'Order Form'!G26)) | H10: =UPPER(IF('Order Form'!H26="","",'Order Form'!H26)) | I10: =IF(B10="","",IF((AM10+AN10)=0,"",'Order Form'!$AG$7)) | J10: =IF(C10="","",'Order Form'!$AG$3) | K10: =IF(C10="","",'Order Form'!$AG$5) | L10: ='Order Form'!V26 | N10: ='Order Form'!BB26 | O10: ='Order Form'!BC26 | P10: ='Order Form'!BD26 | Q10: ='Order Form'!BE26 | R10: ='Order Form'!BF26 | S10: ='Order Form'!BG26 | T10: ='Order Form'!BH26 | U10: ='Order Form'!BI26 | ... AO10: ='Order Form'!CC26 | AP10: =IF(B10="","",'Order Form'!CH26)
A11: 10 | B11: =IF('Order Form'!B27="","",'Order Form'!B27) | C11: =UPPER('Order Form'!C27) | D11: =UPPER(IF('Order Form'!D27="","",'Order Form'!D27)) | E11: =IF(C11="","",IF('Order Form'!E27="","N",'Order Form'!E27)) | F11: =IF(C11="","",IF('Order Form'!F27="","N",'Order Form'!F27)) | G11: =UPPER(IF('Order Form'!G27="","",'Order Form'!G27)) | H11: =UPPER(IF('Order Form'!H27="","",'Order Form'!H27)) | I11: =IF(B11="","",IF((AM11+AN11)=0,"",'Order Form'!$AG$7)) | J11: =IF(C11="","",'Order Form'!$AG$3) | K11: =IF(C11="","",'Order Form'!$AG$5) | L11: ='Order Form'!V27 | N11: ='Order Form'!BB27 | O11: ='Order Form'!BC27 | P11: ='Order Form'!BD27 | Q11: ='Order Form'!BE27 | R11: ='Order Form'!BF27 | S11: ='Order Form'!BG27 | T11: ='Order Form'!BH27 | U11: ='Order Form'!BI27 | ... AO11: ='Order Form'!CC27 | AP11: =IF(B11="","",'Order Form'!CH27)
A12: 11 | B12: =IF('Order Form'!B28="","",'Order Form'!B28) | C12: =UPPER('Order Form'!C28) | D12: =UPPER(IF('Order Form'!D28="","",'Order Form'!D28)) | E12: =IF(C12="","",IF('Order Form'!E28="","N",'Order Form'!E28)) | F12: =IF(C12="","",IF('Order Form'!F28="","N",'Order Form'!F28)) | G12: =UPPER(IF('Order Form'!G28="","",'Order Form'!G28)) | H12: =UPPER(IF('Order Form'!H28="","",'Order Form'!H28)) | I12: =IF(B12="","",IF((AM12+AN12)=0,"",'Order Form'!$AG$7)) | J12: =IF(C12="","",'Order Form'!$AG$3) | K12: =IF(C12="","",'Order Form'!$AG$5) | L12: ='Order Form'!V28 | N12: ='Order Form'!BB28 | O12: ='Order Form'!BC28 | P12: ='Order Form'!BD28 | Q12: ='Order Form'!BE28 | R12: ='Order Form'!BF28 | S12: ='Order Form'!BG28 | T12: ='Order Form'!BH28 | U12: ='Order Form'!BI28 | ... AO12: ='Order Form'!CC28 | AP12: =IF(B12="","",'Order Form'!CH28)
A13: 12 | B13: =IF('Order Form'!B29="","",'Order Form'!B29) | C13: =UPPER('Order Form'!C29) | D13: =UPPER(IF('Order Form'!D29="","",'Order Form'!D29)) | E13: =IF(C13="","",IF('Order Form'!E29="","N",'Order Form'!E29)) | F13: =IF(C13="","",IF('Order Form'!F29="","N",'Order Form'!F29)) | G13: =UPPER(IF('Order Form'!G29="","",'Order Form'!G29)) | H13: =UPPER(IF('Order Form'!H29="","",'Order Form'!H29)) | I13: =IF(B13="","",IF((AM13+AN13)=0,"",'Order Form'!$AG$7)) | J13: =IF(C13="","",'Order Form'!$AG$3) | K13: =IF(C13="","",'Order Form'!$AG$5) | L13: ='Order Form'!V29 | N13: ='Order Form'!BB29 | O13: ='Order Form'!BC29 | P13: ='Order Form'!BD29 | Q13: ='Order Form'!BE29 | R13: ='Order Form'!BF29 | S13: ='Order Form'!BG29 | T13: ='Order Form'!BH29 | U13: ='Order Form'!BI29 | ... AO13: ='Order Form'!CC29 | AP13: =IF(B13="","",'Order Form'!CH29)
... A68: 67 | B68: =IF('Order Form'!B84="","",'Order Form'!B84) | C68: =UPPER('Order Form'!C84) | D68: =UPPER(IF('Order Form'!D84="","",'Order Form'!D84)) | E68: =IF(C68="","",IF('Order Form'!E84="","N",'Order Form'!E84)) | F68: =IF(C68="","",IF('Order Form'!F84="","N",'Order Form'!F84)) | G68: =UPPER(IF('Order Form'!G84="","",'Order Form'!G84)) | H68: =UPPER(IF('Order Form'!H84="","",'Order Form'!H84)) | I68: =IF(B68="","",IF((AM68+AN68)=0,"",'Order Form'!$AG$7)) | J68: =IF(C68="","",'Order Form'!$AG$3) | K68: =IF(C68="","",'Order Form'!$AG$5) | L68: ='Order Form'!V84 | N68: ='Order Form'!BB84 | O68: ='Order Form'!BC84 | P68: ='Order Form'!BD84 | Q68: ='Order Form'!BE84 | R68: ='Order Form'!BF84 | S68: ='Order Form'!BG84 | T68: ='Order Form'!BH84 | U68: ='Order Form'!BI84 | ... AO68: ='Order Form'!CC84 | AP68: =IF(B68="","",'Order Form'!CH84)
A69: 68 | B69: =IF('Order Form'!B85="","",'Order Form'!B85) | C69: =UPPER('Order Form'!C85) | D69: =UPPER(IF('Order Form'!D85="","",'Order Form'!D85)) | E69: =IF(C69="","",IF('Order Form'!E85="","N",'Order Form'!E85)) | F69: =IF(C69="","",IF('Order Form'!F85="","N",'Order Form'!F85)) | G69: =UPPER(IF('Order Form'!G85="","",'Order Form'!G85)) | H69: =UPPER(IF('Order Form'!H85="","",'Order Form'!H85)) | I69: =IF(B69="","",IF((AM69+AN69)=0,"",'Order Form'!$AG$7)) | J69: =IF(C69="","",'Order Form'!$AG$3) | K69: =IF(C69="","",'Order Form'!$AG$5) | L69: ='Order Form'!V85
A70: 69 | B70: =IF('Order Form'!B86="","",'Order Form'!B86) | C70: =UPPER('Order Form'!C86) | D70: =UPPER(IF('Order Form'!D86="","",'Order Form'!D86)) | E70: =IF(C70="","",IF('Order Form'!E86="","N",'Order Form'!E86)) | F70: =IF(C70="","",IF('Order Form'!F86="","N",'Order Form'!F86)) | G70: =UPPER(IF('Order Form'!G86="","",'Order Form'!G86)) | H70: =UPPER(IF('Order Form'!H86="","",'Order Form'!H86)) | I70: =IF(B70="","",IF((AM70+AN70)=0,"",'Order Form'!$AG$7)) | J70: =IF(C70="","",'Order Form'!$AG$3) | K70: =IF(C70="","",'Order Form'!$AG$5) | L70: ='Order Form'!V86
A71: 70 | B71: =IF('Order Form'!B87="","",'Order Form'!B87) | C71: =UPPER('Order Form'!C87) | D71: =UPPER(IF('Order Form'!D87="","",'Order Form'!D87)) | E71: =IF(C71="","",IF('Order Form'!E87="","N",'Order Form'!E87)) | F71: =IF(C71="","",IF('Order Form'!F87="","N",'Order Form'!F87)) | G71: =UPPER(IF('Order Form'!G87="","",'Order Form'!G87)) | H71: =UPPER(IF('Order Form'!H87="","",'Order Form'!H87)) | I71: =IF(B71="","",IF((AM71+AN71)=0,"",'Order Form'!$AG$7)) | J71: =IF(C71="","",'Order Form'!$AG$3) | K71: =IF(C71="","",'Order Form'!$AG$5) | L71: ='Order Form'!V87
A72: 71 | B72: =IF('Order Form'!B88="","",'Order Form'!B88) | C72: =UPPER('Order Form'!C88) | D72: =UPPER(IF('Order Form'!D88="","",'Order Form'!D88)) | E72: =IF(C72="","",IF('Order Form'!E88="","N",'Order Form'!E88)) | F72: =IF(C72="","",IF('Order Form'!F88="","N",'Order Form'!F88)) | G72: =UPPER(IF('Order Form'!G88="","",'Order Form'!G88)) | H72: =UPPER(IF('Order Form'!H88="","",'Order Form'!H88)) | I72: =IF(B72="","",IF((AM72+AN72)=0,"",'Order Form'!$AG$7)) | J72: =IF(C72="","",'Order Form'!$AG$3) | K72: =IF(C72="","",'Order Form'!$AG$5) | L72: ='Order Form'!V88
A73: 72 | B73: =IF('Order Form'!B89="","",'Order Form'!B89) | C73: =UPPER('Order Form'!C89) | D73: =UPPER(IF('Order Form'!D89="","",'Order Form'!D89)) | E73: =IF(C73="","",IF('Order Form'!E89="","N",'Order Form'!E89)) | F73: =IF(C73="","",IF('Order Form'!F89="","N",'Order Form'!F89)) | G73: =UPPER(IF('Order Form'!G89="","",'Order Form'!G89)) | H73: =UPPER(IF('Order Form'!H89="","",'Order Form'!H89)) | I73: =IF(B73="","",IF((AM73+AN73)=0,"",'Order Form'!$AG$7)) | J73: =IF(C73="","",'Order Form'!$AG$3) | K73: =IF(C73="","",'Order Form'!$AG$5) | L73: ='Order Form'!V89
A74: 73 | B74: =IF('Order Form'!B90="","",'Order Form'!B90) | C74: =UPPER('Order Form'!C90) | D74: =UPPER(IF('Order Form'!D90="","",'Order Form'!D90)) | E74: =IF(C74="","",IF('Order Form'!E90="","N",'Order Form'!E90)) | F74: =IF(C74="","",IF('Order Form'!F90="","N",'Order Form'!F90)) | G74: =UPPER(IF('Order Form'!G90="","",'Order Form'!G90)) | H74: =UPPER(IF('Order Form'!H90="","",'Order Form'!H90)) | I74: =IF(B74="","",IF((AM74+AN74)=0,"",'Order Form'!$AG$7)) | J74: =IF(C74="","",'Order Form'!$AG$3) | K74: =IF(C74="","",'Order Form'!$AG$5) | L74: ='Order Form'!V90
A75: 74 | B75: =IF('Order Form'!B91="","",'Order Form'!B91) | C75: =UPPER('Order Form'!C91) | D75: =UPPER(IF('Order Form'!D91="","",'Order Form'!D91)) | E75: =IF(C75="","",IF('Order Form'!E91="","N",'Order Form'!E91)) | F75: =IF(C75="","",IF('Order Form'!F91="","N",'Order Form'!F91)) | G75: =UPPER(IF('Order Form'!G91="","",'Order Form'!G91)) | H75: =UPPER(IF('Order Form'!H91="","",'Order Form'!H91)) | I75: =IF(B75="","",IF((AM75+AN75)=0,"",'Order Form'!$AG$7)) | J75: =IF(C75="","",'Order Form'!$AG$3) | K75: =IF(C75="","",'Order Form'!$AG$5) | L75: ='Order Form'!V91
A76: 75 | B76: =IF('Order Form'!B92="","",'Order Form'!B92) | C76: =UPPER('Order Form'!C92) | D76: =UPPER(IF('Order Form'!D92="","",'Order Form'!D92)) | E76: =IF(C76="","",IF('Order Form'!E92="","N",'Order Form'!E92)) | F76: =IF(C76="","",IF('Order Form'!F92="","N",'Order Form'!F92)) | G76: =UPPER(IF('Order Form'!G92="","",'Order Form'!G92)) | H76: =UPPER(IF('Order Form'!H92="","",'Order Form'!H92)) | I76: =IF(B76="","",IF((AM76+AN76)=0,"",'Order Form'!$AG$7)) | J76: =IF(C76="","",'Order Form'!$AG$3) | K76: =IF(C76="","",'Order Form'!$AG$5) | L76: ='Order Form'!V92
A77: 76 | B77: =IF('Order Form'!B93="","",'Order Form'!B93) | C77: =UPPER('Order Form'!C93) | D77: =UPPER(IF('Order Form'!D93="","",'Order Form'!D93)) | E77: =IF(C77="","",IF('Order Form'!E93="","N",'Order Form'!E93)) | F77: =IF(C77="","",IF('Order Form'!F93="","N",'Order Form'!F93)) | G77: =UPPER(IF('Order Form'!G93="","",'Order Form'!G93)) | H77: =UPPER(IF('Order Form'!H93="","",'Order Form'!H93)) | I77: =IF(B77="","",IF((AM77+AN77)=0,"",'Order Form'!$AG$7)) | J77: =IF(C77="","",'Order Form'!$AG$3) | K77: =IF(C77="","",'Order Form'!$AG$5) | L77: ='Order Form'!V93
A78: 77 | B78: =IF('Order Form'!B94="","",'Order Form'!B94) | C78: =UPPER('Order Form'!C94) | D78: =UPPER(IF('Order Form'!D94="","",'Order Form'!D94)) | E78: =IF(C78="","",IF('Order Form'!E94="","N",'Order Form'!E94)) | F78: =IF(C78="","",IF('Order Form'!F94="","N",'Order Form'!F94)) | G78: =UPPER(IF('Order Form'!G94="","",'Order Form'!G94)) | H78: =UPPER(IF('Order Form'!H94="","",'Order Form'!H94)) | I78: =IF(B78="","",IF((AM78+AN78)=0,"",'Order Form'!$AG$7)) | J78: =IF(C78="","",'Order Form'!$AG$3) | K78: =IF(C78="","",'Order Form'!$AG$5) | L78: ='Order Form'!V94
A79: 78 | B79: =IF('Order Form'!B95="","",'Order Form'!B95) | C79: =UPPER('Order Form'!C95) | D79: =UPPER(IF('Order Form'!D95="","",'Order Form'!D95)) | E79: =IF(C79="","",IF('Order Form'!E95="","N",'Order Form'!E95)) | F79: =IF(C79="","",IF('Order Form'!F95="","N",'Order Form'!F95)) | G79: =UPPER(IF('Order Form'!G95="","",'Order Form'!G95)) | H79: =UPPER(IF('Order Form'!H95="","",'Order Form'!H95)) | I79: =IF(B79="","",IF((AM79+AN79)=0,"",'Order Form'!$AG$7)) | J79: =IF(C79="","",'Order Form'!$AG$3) | K79: =IF(C79="","",'Order Form'!$AG$5) | L79: ='Order Form'!V95
A80: 79 | B80: =IF('Order Form'!B96="","",'Order Form'!B96) | C80: =UPPER('Order Form'!C96) | D80: =UPPER(IF('Order Form'!D96="","",'Order Form'!D96)) | E80: =IF(C80="","",IF('Order Form'!E96="","N",'Order Form'!E96)) | F80: =IF(C80="","",IF('Order Form'!F96="","N",'Order Form'!F96)) | G80: =UPPER(IF('Order Form'!G96="","",'Order Form'!G96)) | H80: =UPPER(IF('Order Form'!H96="","",'Order Form'!H96)) | I80: =IF(B80="","",IF((AM80+AN80)=0,"",'Order Form'!$AG$7)) | J80: =IF(C80="","",'Order Form'!$AG$3) | K80: =IF(C80="","",'Order Form'!$AG$5) | L80: ='Order Form'!V96
... A101: 100 | B101: =IF('Order Form'!B117="","",'Order Form'!B117) | C101: =UPPER('Order Form'!C117) | D101: =UPPER(IF('Order Form'!D117="","",'Order Form'!D117)) | E101: =IF(C101="","",IF('Order Form'!E117="","N",'Order Form'!E117)) | F101: =IF(C101="","",IF('Order Form'!F117="","N",'Order Form'!F117)) | G101: =UPPER(IF('Order Form'!G117="","",'Order Form'!G117)) | H101: =UPPER(IF('Order Form'!H117="","",'Order Form'!H117)) | I101: =IF(B101="","",IF((AM101+AN101)=0,"",'Order Form'!$AG$7)) | J101: =IF(C101="","",'Order Form'!$AG$3) | K101: =IF(C101="","",'Order Form'!$AG$5) | L101: ='Order Form'!V117

Sheet Attributes
A1: 1 | B1: 2 | C1: 3 | D1: 4 | E1: 5 | F1: 6 | G1: 7 | H1: 8 | I1: 9 | J1: 10 | K1: 11 | L1: 12 | M1: 13 | N1: 14 | O1: 15 | P1: 16 | Q1: 17 | R1: 18 | S1: 19 | T1: 20 | U1: 21 | V1: 22 | W1: 23 | X1: 24 | Y1: 25 | Z1: 26 | AA1: 27 | AB1: 28 | AC1: 29 | AD1: 30 | AE1: 31 | AF1: 32
A2: Model | B2: Description and Dimensions | C2: IsConf? | D2: Height | E2: Depth | F2: Width | G2: Shelves | H2: Knobs | I2: Doors | J2: Drawers | K2: Rollouts | L2: HasFinInterior | M2: FSF | N2: SubType | O2: SIT | P2: MfgLine | Q2: BoringInstructions | R2: Has DoorStyle | S2: Has Finish | T2: Has Hinging L/R | U2: Has Left Config | V2: Has Right Config | W2: Has Finished Interior | X2: Has Drawer Grade | Y2: Has Roll Outs | Z2: Has Glass Grade | AA2: Has Toe Kick | AB2: Has Hinge Grade | AC2: Orderable in ALS | AD2: Orderable No Door | AE2: Orderable 31 Also | AF2: Orderable in 30/31 Only
A3: ACB10 | B3: Corbel, Std, 10" x 9" | C3: 0 | D3: 9 | E3: 2 | F3: 10 | G3: 0 | H3: 0 | I3: 0 | J3: 0 | K3: 0 | L3: NA | M3: 0 | N3: Corbel | O3: 5 | P3: NA | Q3: NA | R3: 0 | S3: 1 | T3: NA | U3: NA | V3: NA | W3: NA | X3: NA | Y3: NA | Z3: NA | AA3: NA | AB3: NA | AC3: NA | AD3: NA | AE3: NA | AF3: NA
A4: ACB13 | B4: Corbel, Std, 13" x 12" | C4: 0 | D4: 12 | E4: 2 | F4: 13 | G4: 0 | H4: 0 | I4: 0 | J4: 0 | K4: 0 | L4: NA | M4: 0 | N4: Corbel | O4: 5 | P4: NA | Q4: NA | R4: 0 | S4: 1 | T4: NA | U4: NA | V4: NA | W4: NA | X4: NA | Y4: NA | Z4: NA | AA4: NA | AB4: NA | AC4: NA | AD4: NA | AE4: NA | AF4: NA
A5: ACB7 | B5: Corbel, Std, 7" x 6" | C5: 0 | D5: 6 | E5: 2 | F5: 7 | G5: 0 | H5: 0 | I5: 0 | J5: 0 | K5: 0 | L5: NA | M5: 0 | N5: Corbel | O5: 5 | P5: NA | Q5: NA | R5: 0 | S5: 1 | T5: NA | U5: NA | V5: NA | W5: NA | X5: NA | Y5: NA | Z5: NA | AA5: NA | AB5: NA | AC5: NA | AD5: NA | AE5: NA | AF5: NA
A6: ACBM9 | B6: Corbel, Metal, 8x8 | C6: 0 | D6: 8 | E6: 1 | F6: 8 | G6: 0 | H6: 0 | I6: 0 | J6: 0 | K6: 0 | L6: NA | M6: 0 | N6: Corbel | O6: 5 | P6: NA | Q6: NA | R6: 0 | S6: 0 | T6: NA | U6: NA | V6: NA | W6: NA | X6: NA | Y6: NA | Z6: NA | AA6: NA | AB6: NA | AC6: NA | AD6: NA | AE6: NA | AF6: NA
A7: ACBS9 | B7: Corbel, Carved Scroll, 9x13x3 | C7: 0 | D7: 13 | E7: 3 | F7: 9 | G7: 0 | H7: 0 | I7: 0 | J7: 0 | K7: 0 | L7: NA | M7: 0 | N7: Corbel | O7: 10 | P7: NA | Q7: NA | R7: 0 | S7: 1 | T7: NA | U7: NA | V7: NA | W7: NA | X7: NA | Y7: NA | Z7: NA | AA7: NA | AB7: NA | AC7: NA | AD7: NA | AE7: NA | AF7: NA
A8: ADGIA-1330-CLR | B8: GLS,INS,2.00,13X30,CLEAR | C8: 0 | D8: 26.34 | E8: 0 | F8: 9.84 | G8: 0 | H8: 0 | I8: 0 | J8: 0 | K8: 0 | L8: NA | M8: 0 | N8: Glass | O8: 10 | P8: NA | Q8: NA | R8: 0 | S8: 0 | T8: NA | U8: NA | V8: NA | W8: NA | X8: NA | Y8: NA | Z8: NA | AA8: NA | AB8: NA | AC8: NA | AD8: NA | AE8: NA | AF8: NA
A9: ADGIA-1330-CRD | B9: GLS,INS,2.00,13X30,REED | C9: 0 | D9: 26.34 | E9: 0 | F9: 9.84 | G9: 0 | H9: 0 | I9: 0 | J9: 0 | K9: 0 | L9: NA | M9: 0 | N9: Glass | O9: 10 | P9: NA | Q9: NA | R9: 0 | S9: 0 | T9: NA | U9: NA | V9: NA | W9: NA | X9: NA | Y9: NA | Z9: NA | AA9: NA | AB9: NA | AC9: NA | AD9: NA | AE9: NA | AF9: NA
A10: ADGIA-1330-FRS | B10: GLS,INS,2.00,13X30,FROST | C10: 0 | D10: 26.34 | E10: 0 | F10: 9.84 | G10: 0 | H10: 0 | I10: 0 | J10: 0 | K10: 0 | L10: NA | M10: 0 | N10: Glass | O10: 10 | P10: NA | Q10: NA | R10: 0 | S10: 0 | T10: NA | U10: NA | V10: NA | W10: NA | X10: NA | Y10: NA | Z10: NA | AA10: NA | AB10: NA | AC10: NA | AD10: NA | AE10: NA | AF10: NA
A11: ADGIA-1330-RIB | B11: GLS,INS,2.00,13X30,RIBBED | C11: 0 | D11: 26.34 | E11: 0 | F11: 9.84 | G11: 0 | H11: 0 | I11: 0 | J11: 0 | K11: 0 | L11: NA | M11: 0 | N11: Glass | O11: 10 | P11: NA | Q11: NA | R11: 0 | S11: 0 | T11: NA | U11: NA | V11: NA | W11: NA | X11: NA | Y11: NA | Z11: NA | AA11: NA | AB11: NA | AC11: NA | AD11: NA | AE11: NA | AF11: NA
A12: ADGIA-1336-CLR | B12: GLS,INS,2.00,13X36,CLEAR | C12: 0 | D12: 32.34 | E12: 0 | F12: 9.84 | G12: 0 | H12: 0 | I12: 0 | J12: 0 | K12: 0 | L12: NA | M12: 0 | N12: Glass | O12: 10 | P12: NA | Q12: NA | R12: 0 | S12: 0 | T12: NA | U12: NA | V12: NA | W12: NA | X12: NA | Y12: NA | Z12: NA | AA12: NA | AB12: NA | AC12: NA | AD12: NA | AE12: NA | AF12: NA
A13: ADGIA-1336-CRD | B13: GLS,INS,2.00,13X36,REED | C13: 0 | D13: 32.34 | E13: 0 | F13: 9.84 | G13: 0 | H13: 0 | I13: 0 | J13: 0 | K13: 0 | L13: NA | M13: 0 | N13: Glass | O13: 10 | P13: NA | Q13: NA | R13: 0 | S13: 0 | T13: NA | U13: NA | V13: NA | W13: NA | X13: NA | Y13: NA | Z13: NA | AA13: NA | AB13: NA | AC13: NA | AD13: NA | AE13: NA | AF13: NA
A14: ADGIA-1336-FRS | B14: GLS,INS,2.00,13X36,FROST | C14: 0 | D14: 32.34 | E14: 0 | F14: 9.84 | G14: 0 | H14: 0 | I14: 0 | J14: 0 | K14: 0 | L14: NA | M14: 0 | N14: Glass | O14: 10 | P14: NA | Q14: NA | R14: 0 | S14: 0 | T14: NA | U14: NA | V14: NA | W14: NA | X14: NA | Y14: NA | Z14: NA | AA14: NA | AB14: NA | AC14: NA | AD14: NA | AE14: NA | AF14: NA
... A354: APS4896 | B354: 5.2mm Skin, 48 x 96 | C354: 0 | D354: 96 | E354: 0.25 | F354: 48 | G354: 0 | H354: 0 | I354: 0 | J354: 0 | K354: 0 | L354: NA | M354: 0 | N354: Skin | O354: 10 | P354: NA | Q354: NA | R354: 0 | S354: 1 | T354: NA | U354: NA | V354: NA | W354: NA | X354: NA | Y354: NA | Z354: NA | AA354: NA | AB354: NA | AC354: NA | AD354: NA | AE354: NA | AF354: NA
A355: ARO12 | B355: Rollout Kit for 12" wide Cabinet | C355: 1 | D355: 3.00 | E355: 24 | F355: 10.5 | G355: N | H355: N | I355: N | J355: N | K355: 1 | L355: 0 | M355: 0 | N355: DW BX, UPPER | O355: 10 | P355: KPP | Q355: NA | R355: 0 | S355: 0 | T355: 0 | U355: 0 | V355: 0 | W355: 0 | X355: 1 | Y355: 0 | Z355: 0 | AA355: 0 | AB355: 0 | AC355: 0 | AD355: 1 | AE355: 0 | AF355: 1
A356: ARO15 | B356: Rollout Kit for 15" wide Cabinet | C356: 1 | D356: 3.00 | E356: 24 | F356: 13.5 | G356: N | H356: N | I356: N | J356: N | K356: 1 | L356: 0 | M356: 0 | N356: DW BX, UPPER | O356: 10 | P356: KPP | Q356: NA | R356: 0 | S356: 0 | T356: 0 | U356: 0 | V356: 0 | W356: 0 | X356: 1 | Y356: 0 | Z356: 0 | AA356: 0 | AB356: 0 | AC356: 0 | AD356: 1 | AE356: 0 | AF356: 1
A357: ARO18 | B357: Rollout Kit for 18" wide Cabinet | C357: 1 | D357: 3.00 | E357: 24 | F357: 16.5 | G357: N | H357: N | I357: N | J357: N | K357: 1 | L357: 0 | M357: 0 | N357: DW BX, UPPER | O357: 10 | P357: KPP | Q357: NA | R357: 0 | S357: 0 | T357: 0 | U357: 0 | V357: 0 | W357: 0 | X357: 1 | Y357: 0 | Z357: 0 | AA357: 0 | AB357: 0 | AC357: 0 | AD357: 1 | AE357: 0 | AF357: 1
A358: ARO21 | B358: Rollout Kit for 21" wide Cabinet | C358: 1 | D358: 3.00 | E358: 24 | F358: 19.5 | G358: N | H358: N | I358: N | J358: N | K358: 1 | L358: 0 | M358: 0 | N358: DW BX, UPPER | O358: 10 | P358: KPP | Q358: NA | R358: 0 | S358: 0 | T358: 0 | U358: 0 | V358: 0 | W358: 0 | X358: 1 | Y358: 0 | Z358: 0 | AA358: 0 | AB358: 0 | AC358: 0 | AD358: 1 | AE358: 0 | AF358: 1
A359: ARO24 | B359: Rollout Kit for 24" wide Cabinet | C359: 1 | D359: 3.00 | E359: 24 | F359: 21 | G359: N | H359: N | I359: N | J359: N | K359: 1 | L359: 0 | M359: 0 | N359: DW BX, UPPER | O359: 10 | P359: KPP | Q359: NA | R359: 0 | S359: 0 | T359: 0 | U359: 0 | V359: 0 | W359: 0 | X359: 1 | Y359: 0 | Z359: 0 | AA359: 0 | AB359: 0 | AC359: 0 | AD359: 1 | AE359: 0 | AF359: 1
A360: ARO24S | B360: Rollout Kit for 24" wide Cabinet, single door | C360: 1 | D360: 3.00 | E360: 24 | F360: 22.5 | G360: N | H360: N | I360: N | J360: N | K360: 1 | L360: 0 | M360: 0 | N360: DW BX, UPPER | O360: 10 | P360: KPP | Q360: NA | R360: 0 | S360: 0 | T360: 0 | U360: 0 | V360: 0 | W360: 0 | X360: 1 | Y360: 0 | Z360: 0 | AA360: 0 | AB360: 0 | AC360: 0 | AD360: 1 | AE360: 0 | AF360: 1
A361: ARO27 | B361: Rollout Kit for 27" wide Cabinet | C361: 1 | D361: 3.00 | E361: 24 | F361: 24 | G361: N | H361: N | I361: N | J361: N | K361: 1 | L361: 0 | M361: 0 | N361: DW BX, UPPER | O361: 10 | P361: KPP | Q361: NA | R361: 0 | S361: 0 | T361: 0 | U361: 0 | V361: 0 | W361: 0 | X361: 1 | Y361: 0 | Z361: 0 | AA361: 0 | AB361: 0 | AC361: 0 | AD361: 1 | AE361: 0 | AF361: 1
A362: ARO30 | B362: Rollout Kit for 30" wide Cabinet | C362: 1 | D362: 3.00 | E362: 24 | F362: 27 | G362: N | H362: N | I362: N | J362: N | K362: 1 | L362: 0 | M362: 0 | N362: DW BX, UPPER | O362: 10 | P362: KPP | Q362: NA | R362: 0 | S362: 0 | T362: 0 | U362: 0 | V362: 0 | W362: 0 | X362: 1 | Y362: 0 | Z362: 0 | AA362: 0 | AB362: 0 | AC362: 0 | AD362: 1 | AE362: 0 | AF362: 1
A363: ARO33 | B363: Rollout Kit for 33" wide Cabinet | C363: 1 | D363: 3.00 | E363: 24 | F363: 30 | G363: N | H363: N | I363: N | J363: N | K363: 1 | L363: 0 | M363: 0 | N363: DW BX, UPPER | O363: 10 | P363: KPP | Q363: NA | R363: 0 | S363: 0 | T363: 0 | U363: 0 | V363: 0 | W363: 0 | X363: 1 | Y363: 0 | Z363: 0 | AA363: 0 | AB363: 0 | AC363: 0 | AD363: 1 | AE363: 0 | AF363: 1
A364: ARO36 | B364: Rollout Kit for 36" wide Cabinet | C364: 1 | D364: 3.00 | E364: 24 | F364: 33 | G364: N | H364: N | I364: N | J364: N | K364: 1 | L364: 0 | M364: 0 | N364: DW BX, UPPER | O364: 10 | P364: KPP | Q364: NA | R364: 0 | S364: 0 | T364: 0 | U364: 0 | V364: 0 | W364: 0 | X364: 1 | Y364: 0 | Z364: 0 | AA364: 0 | AB364: 0 | AC364: 0 | AD364: 1 | AE364: 0 | AF364: 1
A365: ARO39 | B365: Rollout Kit for 39" wide Cabinet | C365: 1 | D365: 3.00 | E365: 24 | F365: 36 | G365: N | H365: N | I365: N | J365: N | K365: 1 | L365: 0 | M365: 0 | N365: DW BX, UPPER | O365: 10 | P365: KPP | Q365: NA | R365: 0 | S365: 0 | T365: 0 | U365: 0 | V365: 0 | W365: 0 | X365: 1 | Y365: 0 | Z365: 0 | AA365: 0 | AB365: 0 | AC365: 0 | AD365: 1 | AE365: 0 | AF365: 1
A366: ARO42 | B366: Rollout Kit for 42" wide Cabinet | C366: 1 | D366: 3.00 | E366: 24 | F366: 39 | G366: N | H366: N | I366: N | J366: N | K366: 1 | L366: 0 | M366: 0 | N366: DW BX, UPPER | O366: 10 | P366: KPP | Q366: NA | R366: 0 | S366: 0 | T366: 0 | U366: 0 | V366: 0 | W366: 0 | X366: 1 | Y366: 0 | Z366: 0 | AA366: 0 | AB366: 0 | AC366: 0 | AD366: 1 | AE366: 0 | AF366: 1
A367: AROSTD | B367: Rollout Standard Kit | C367: 0 | D367: 24 | E367: 1.5 | F367: 0 | G367: N | H367: N | I367: N | J367: N | K367: 1 | L367: 0 | M367: 0 | N367: ROLLOUT SUPPORT | P367: NA | Q367: NA | R367: 0 | S367: 0 | T367: NA | U367: NA | V367: NA | W367: NA | X367: NA | Y367: NA | Z367: NA | AA367: NA | AB367: NA | AC367: NA | AD367: NA | AE367: NA | AF367: NA
A368: ASBT3024 | B368: In-cabinet Sink Tray fits BS30 30x24 | C368: 0 | D368: 24 | E368: 1 | F368: 30 | G368: 0 | H368: 0 | I368: 0 | J368: 0 | K368: 0 | L368: NA | M368: 0 | N368: SinkTray | O368: 1 | P368: NA | Q368: NA | R368: 0 | S368: 0 | T368: NA | U368: NA | V368: NA | W368: NA | X368: NA | Y368: NA | Z368: NA | AA368: NA | AB368: NA | AC368: NA | AD368: NA | AE368: NA | AF368: NA
A369: ASBT3324 | B369: In-cabinet Sink Tray fits BS33 33x24 | C369: 0 | D369: 24 | E369: 1 | F369: 33 | G369: 0 | H369: 0 | I369: 0 | J369: 0 | K369: 0 | L369: NA | M369: 0 | N369: SinkTray | O369: 1 | P369: NA | Q369: NA | R369: 0 | S369: 0 | T369: NA | U369: NA | V369: NA | W369: NA | X369: NA | Y369: NA | Z369: NA | AA369: NA | AB369: NA | AC369: NA | AD369: NA | AE369: NA | AF369: NA
A370: ASBT3624 | B370: In-cabinet Sink Tray fits BS36 36x24 | C370: 0 | D370: 24 | E370: 1 | F370: 36 | G370: 0 | H370: 0 | I370: 0 | J370: 0 | K370: 0 | L370: NA | M370: 0 | N370: SinkTray | O370: 1 | P370: NA | Q370: NA | R370: 0 | S370: 0 | T370: NA | U370: NA | V370: NA | W370: NA | X370: NA | Y370: NA | Z370: NA | AA370: NA | AB370: NA | AC370: NA | AD370: NA | AE370: NA | AF370: NA
A371: ASBT4224 | B371: In-cabinet Sink Tray fits BS42 42x24 | C371: 0 | D371: 24 | E371: 1 | F371: 42 | G371: 0 | H371: 0 | I371: 0 | J371: 0 | K371: 0 | L371: NA | M371: 0 | N371: SinkTray | O371: 1 | P371: NA | Q371: NA | R371: 0 | S371: 0 | T371: NA | U371: NA | V371: NA | W371: NA | X371: NA | Y371: NA | Z371: NA | AA371: NA | AB371: NA | AC371: NA | AD371: NA | AE371: NA | AF371: NA
A372: ATK | B372: 5.2mm Skin, Toekick 4.5" x 96" | C372: 0 | D372: 96 | E372: 0.25 | F372: 4.5 | G372: 0 | H372: 0 | I372: 0 | J372: 0 | K372: 0 | L372: NA | M372: 0 | N372: Skin | O372: 3 | P372: NA | Q372: NA | R372: 0 | S372: 1 | T372: NA | U372: NA | V372: NA | W372: NA | X372: NA | Y372: NA | Z372: NA | AA372: NA | AB372: NA | AC372: NA | AD372: NA | AE372: NA | AF372: NA
A373: AWB15 | B373: Drop on or Slide Out WorkBoard fits 15" cabinet | C373: 0 | D373: 24 | E373: 1 | F373: 14 | G373: 0 | H373: 0 | I373: 0 | J373: 0 | K373: 0 | L373: NA | M373: 0 | N373: Workboard | O373: 1 | P373: NA | Q373: NA | R373: 0 | S373: 0 | T373: NA | U373: NA | V373: NA | W373: NA | X373: NA | Y373: NA | Z373: NA | AA373: NA | AB373: NA | AC373: NA | AD373: NA | AE373: NA | AF373: NA
A374: AWB18 | B374: Drop on or Slide Out WorkBoard fits 18" cabinet | C374: 0 | D374: 24 | E374: 1 | F374: 17 | G374: 0 | H374: 0 | I374: 0 | J374: 0 | K374: 0 | L374: NA | M374: 0 | N374: Workboard | O374: 1 | P374: NA | Q374: NA | R374: 0 | S374: 0 | T374: NA | U374: NA | V374: NA | W374: NA | X374: NA | Y374: NA | Z374: NA | AA374: NA | AB374: NA | AC374: NA | AD374: NA | AE374: NA | AF374: NA
A375: AWB21 | B375: Drop on or Slide Out WorkBoard fits 21" cabinet | C375: 0 | D375: 24 | E375: 1 | F375: 20 | G375: 0 | H375: 0 | I375: 0 | J375: 0 | K375: 0 | L375: NA | M375: 0 | N375: Workboard | O375: 1 | P375: NA | Q375: NA | R375: 0 | S375: 0 | T375: NA | U375: NA | V375: NA | W375: NA | X375: NA | Y375: NA | Z375: NA | AA375: NA | AB375: NA | AC375: NA | AD375: NA | AE375: NA | AF375: NA
A376: AWSC1296 | B376: Contempory Wood Shelf, 1 Side Finished 12"X96" | C376: 1 | D376: 1.5 | E376: 12 | F376: 96 | G376: 0 | H376: 0 | I376: 0 | J376: 0 | K376: 0 | L376: 0 | M376: 0 | N376: CFGACC | O376: 10 | P376: KPX | Q376: NA | R376: 0 | S376: 1 | T376: 0 | U376: 0 | V376: 0 | W376: 0 | X376: 0 | Y376: 0 | Z376: 0 | AA376: 0 | AB376: 0 | AC376: 0 | AD376: 1 | AE376: 0 | AF376: 0
A377: AWSC1296B | B377: Contempory Wood Shelf, 2 Sides Finished 12"X96" | C377: 1 | D377: 1.5 | E377: 12 | F377: 96 | G377: 0 | H377: 0 | I377: 0 | J377: 0 | K377: 0 | L377: 0 | M377: 0 | N377: CFGACC | O377: 10 | P377: KPX | Q377: NA | R377: 0 | S377: 1 | T377: 0 | U377: 0 | V377: 0 | W377: 0 | X377: 0 | Y377: 0 | Z377: 0 | AA377: 0 | AB377: 0 | AC377: 0 | AD377: 1 | AE377: 0 | AF377: 0
A378: AWT4 | B378: Wood Top, 3 edges finished 24" x 48" | C378: 0 | D378: 48 | E378: 1.25 | F378: 25 | G378: 0 | H378: 0 | I378: 0 | J378: 0 | K378: 0 | L378: NA | M378: 0 | N378: Top | O378: 10 | P378: NA | Q378: NA | R378: 0 | S378: 1 | T378: NA | U378: NA | V378: NA | W378: NA | X378: NA | Y378: NA | Z378: NA | AA378: NA | AB378: NA | AC378: NA | AD378: NA | AE378: NA | AF378: NA
A379: AWT8 | B379: Wood Top, 3 edges finished 24" x 96" | C379: 0 | D379: 96 | E379: 1.25 | F379: 25 | G379: 0 | H379: 0 | I379: 0 | J379: 0 | K379: 0 | L379: NA | M379: 0 | N379: Top | O379: 10 | P379: NA | Q379: NA | R379: 0 | S379: 1 | T379: NA | U379: NA | V379: NA | W379: NA | X379: NA | Y379: NA | Z379: NA | AA379: NA | AB379: NA | AC379: NA | AD379: NA | AE379: NA | AF379: NA
A380: B12 | B380: Base 1 Drawer, 12 X 34.5 X 24 | C380: 1 | D380: 34.50 | E380: 24.00 | F380: 12.00 | G380: 1 | H380: 2 | I380: 1 | J380: 1 | K380: 0 | L380: 0 | M380: 2.5 | N380: B | O380: 12 | P380: KPS | Q380: NA | R380: 1 | S380: 1 | T380: 1 | U380: 1 | V380: 1 | W380: 0 | X380: 1 | Y380: 1 | Z380: 0 | AA380: 1 | AB380: 1 | AC380: 0 | AD380: 1 | AE380: 0 | AF380: 0
A381: B15 | B381: Base 1 Drawer, 15 X 34.5 X 24 | C381: 1 | D381: 34.50 | E381: 24.00 | F381: 15.00 | G381: 1 | H381: 2 | I381: 1 | J381: 1 | K381: 0 | L381: 0 | M381: 3.13 | N381: B | O381: 12 | P381: KPS | Q381: NA | R381: 1 | S381: 1 | T381: 1 | U381: 1 | V381: 1 | W381: 0 | X381: 1 | Y381: 1 | Z381: 0 | AA381: 1 | AB381: 1 | AC381: 0 | AD381: 1 | AE381: 0 | AF381: 0
A382: B18 | B382: Base 1 Drawer, 18 X 34.5 X 24 | C382: 1 | D382: 34.50 | E382: 24.00 | F382: 18.00 | G382: 1 | H382: 2 | I382: 1 | J382: 1 | K382: 0 | L382: 0 | M382: 3.75 | N382: B | O382: 12 | P382: KPS | Q382: NA | R382: 1 | S382: 1 | T382: 1 | U382: 1 | V382: 1 | W382: 0 | X382: 1 | Y382: 1 | Z382: 0 | AA382: 1 | AB382: 1 | AC382: 0 | AD382: 1 | AE382: 0 | AF382: 0
A383: B1RO12 | B383: Base 1 Drawer, 1 R/O, 12 X 34.5 X 24 | C383: 1 | D383: 34.50 | E383: 24.00 | F383: 12.00 | G383: 0 | H383: 2 | I383: 1 | J383: 1 | K383: 1 | L383: 0 | M383: 2.5 | N383: B1RO | O383: 12 | P383: KPS | Q383: NA | R383: 1 | S383: 1 | T383: 1 | U383: 1 | V383: 1 | W383: 0 | X383: 1 | Y383: 1 | Z383: 0 | AA383: 1 | AB383: 1 | AC383: 0 | AD383: 1 | AE383: 0 | AF383: 0
A384: B1RO15 | B384: Base 1 Drawer, 1 R/O, 15 X 34.5 X 24 | C384: 1 | D384: 34.50 | E384: 24.00 | F384: 15.00 | G384: 0 | H384: 2 | I384: 1 | J384: 1 | K384: 1 | L384: 0 | M384: 3.13 | N384: B1RO | O384: 12 | P384: KPS | Q384: NA | R384: 1 | S384: 1 | T384: 1 | U384: 1 | V384: 1 | W384: 0 | X384: 1 | Y384: 1 | Z384: 0 | AA384: 1 | AB384: 1 | AC384: 0 | AD384: 1 | AE384: 0 | AF384: 0
A385: B1RO18 | B385: Base 1 Drawer, 1 R/O, 18 X 34.5 X 24 | C385: 1 | D385: 34.50 | E385: 24.00 | F385: 18.00 | G385: 0 | H385: 2 | I385: 1 | J385: 1 | K385: 1 | L385: 0 | M385: 3.75 | N385: B1RO | O385: 12 | P385: KPS | Q385: NA | R385: 1 | S385: 1 | T385: 1 | U385: 1 | V385: 1 | W385: 0 | X385: 1 | Y385: 1 | Z385: 0 | AA385: 1 | AB385: 1 | AC385: 0 | AD385: 1 | AE385: 0 | AF385: 0
A386: B1RO21 | B386: Base 1 Drawer, 1 R/O, 21 X 34.5 X 24 | C386: 1 | D386: 34.50 | E386: 24.00 | F386: 21.00 | G386: 0 | H386: 2 | I386: 1 | J386: 1 | K386: 1 | L386: 0 | M386: 4.38 | N386: B1RO | O386: 12 | P386: KPS | Q386: NA | R386: 1 | S386: 1 | T386: 1 | U386: 1 | V386: 1 | W386: 0 | X386: 1 | Y386: 1 | Z386: 0 | AA386: 1 | AB386: 1 | AC386: 0 | AD386: 1 | AE386: 0 | AF386: 0
A387: B1RO24 | B387: Base 1 Drawer, 1 R/O, 24 X 34.5 X 24 | C387: 1 | D387: 34.50 | E387: 24.00 | F387: 24.00 | G387: 0 | H387: 3 | I387: 2 | J387: 1 | K387: 1 | L387: 0 | M387: 5 | N387: B1RO | O387: 13 | P387: KPS | Q387: NA | R387: 1 | S387: 1 | T387: 0 | U387: 1 | V387: 1 | W387: 0 | X387: 1 | Y387: 1 | Z387: 0 | AA387: 1 | AB387: 1 | AC387: 0 | AD387: 1 | AE387: 0 | AF387: 0
A388: B1RO24S | B388: Base 1 Drawer, 1 R/O, 24 X 34.5 X 24 | C388: 1 | D388: 34.50 | E388: 24.00 | F388: 24.00 | G388: 0 | H388: 2 | I388: 1 | J388: 1 | K388: 0 | L388: 0 | M388: 5 | N388: B1RO | O388: 12 | P388: KPS | Q388: NA | R388: 1 | S388: 1 | T388: 1 | U388: 1 | V388: 1 | W388: 0 | X388: 1 | Y388: 1 | Z388: 0 | AA388: 1 | AB388: 1 | AC388: 0 | AD388: 1 | AE388: 0 | AF388: 0
A389: B1RO27 | B389: Base 1 Drawer, 1 R/O, 27 X 34.5 X 24 | C389: 1 | D389: 34.50 | E389: 24.00 | F389: 27.00 | G389: 0 | H389: 3 | I389: 2 | J389: 1 | K389: 1 | L389: 0 | M389: 5.63 | N389: B1RO | O389: 13 | P389: KPS | Q389: NA | R389: 1 | S389: 1 | T389: 0 | U389: 1 | V389: 1 | W389: 0 | X389: 1 | Y389: 1 | Z389: 0 | AA389: 1 | AB389: 1 | AC389: 0 | AD389: 1 | AE389: 0 | AF389: 0
A390: B1RO30 | B390: Base 1 Drawer, 1 R/O, 30 X 34.5 X 24 | C390: 1 | D390: 34.50 | E390: 24.00 | F390: 30.00 | G390: 0 | H390: 3 | I390: 2 | J390: 1 | K390: 1 | L390: 0 | M390: 6.25 | N390: B1RO | O390: 13 | P390: KPS | Q390: NA | R390: 1 | S390: 1 | T390: 0 | U390: 1 | V390: 1 | W390: 0 | X390: 1 | Y390: 1 | Z390: 0 | AA390: 1 | AB390: 1 | AC390: 0 | AD390: 1 | AE390: 0 | AF390: 0
A391: B1RO33 | B391: Base 1 Drawer, 1 R/O, 33 X 34.5 X 24 | C391: 1 | D391: 34.50 | E391: 24.00 | F391: 33.00 | G391: 0 | H391: 4 | I391: 2 | J391: 1 | K391: 1 | L391: 0 | M391: 6.88 | N391: B1RO | O391: 14 | P391: KPS | Q391: NA | R391: 1 | S391: 1 | T391: 0 | U391: 1 | V391: 1 | W391: 0 | X391: 1 | Y391: 1 | Z391: 0 | AA391: 1 | AB391: 1 | AC391: 0 | AD391: 1 | AE391: 0 | AF391: 0
... A467: BDE3 | B467: Base Dishwasher Return, 3 X 35 X 24 | C467: 1 | D467: 34.50 | E467: 24.00 | F467: 3.00 | G467: 0 | H467: 0 | I467: 0 | J467: 0 | K467: 0 | L467: 0 | M467: .625 | N467: CFGACC | O467: 10 | P467: KPX | Q467: NA | R467: 0 | S467: 1 | T467: 0 | U467: 1 | V467: 0 | W467: 0 | X467: 0 | Y467: 0 | Z467: 0 | AA467: 0 | AB467: 0 | AC467: 0 | AD467: 1 | AE467: 0 | AF467: 0
A468: BDEC1 | B468: Base Dishwasher Return, 1-1/4" X 35 X 24 | C468: 1 | D468: 34.50 | E468: 24.00 | F468: 1 | G468: 0 | H468: 0 | I468: 0 | J468: 0 | K468: 0 | L468: 0 | M468: .625 | N468: CFGACC | O468: 10 | P468: KPX | Q468: NA | R468: 0 | S468: 1 | T468: 0 | U468: 1 | V468: 0 | W468: 0 | X468: 0 | Y468: 0 | Z468: 0 | AA468: 0 | AB468: 0 | AC468: 0 | AD468: 1 | AE468: 0 | AF468: 0
A469: BEZ33 | B469: Base EZ Corner, 33 X 34.5 X 33 | C469: 1 | D469: 34.50 | E469: 33.00 | F469: 33.00 | G469: 1 | H469: 1 | I469: 2 | J469: 0 | K469: 0 | L469: 0 | M469: 3.75 | N469: BEZ | O469: 11 | P469: KPX | Q469: 1X D1230 & 1X D1230Z | R469: 1 | S469: 1 | T469: 1 | U469: 1 | V469: 1 | W469: 0 | X469: 0 | Y469: 0 | Z469: 0 | AA469: 1 | AB469: 0 | AC469: 0 | AD469: 1 | AE469: 0 | AF469: 0
A470: BEZ36 | B470: Base EZ Corner, 36 X 34.5 X 36 | C470: 1 | D470: 34.50 | E470: 36.00 | F470: 36.00 | G470: 1 | H470: 1 | I470: 2 | J470: 0 | K470: 0 | L470: 0 | M470: 5 | N470: BEZ | O470: 11 | P470: KPX | Q470: 1X D1230 & 1X D1230Z | R470: 1 | S470: 1 | T470: 1 | U470: 1 | V470: 1 | W470: 0 | X470: 0 | Y470: 0 | Z470: 0 | AA470: 1 | AB470: 0 | AC470: 0 | AD470: 1 | AE470: 0 | AF470: 0
A471: BF12 | B471: Base Full Door, 12 X 34.5 X 24 | C471: 1 | D471: 34.50 | E471: 24.00 | F471: 12.00 | G471: 1 | H471: 1 | I471: 1 | J471: 0 | K471: 0 | L471: 0 | M471: 2.5 | N471: BF | O471: 11 | P471: KPS | Q471: NA | R471: 1 | S471: 1 | T471: 1 | U471: 1 | V471: 1 | W471: 0 | X471: 0 | Y471: 1 | Z471: 0 | AA471: 1 | AB471: 1 | AC471: 0 | AD471: 1 | AE471: 0 | AF471: 0
A472: BF1212 | B472: Base Full Door, 12 X 34.5 X 12 | C472: 1 | D472: 34.50 | E472: 12.00 | F472: 12.00 | G472: 1 | H472: 1 | I472: 1 | J472: 0 | K472: 0 | L472: 0 | M472: 2.5 | N472: BF | O472: 11 | P472: KPS | Q472: NA | R472: 1 | S472: 1 | T472: 1 | U472: 1 | V472: 1 | W472: 0 | X472: 0 | Y472: 1 | Z472: 0 | AA472: 1 | AB472: 1 | AC472: 0 | AD472: 1 | AE472: 0 | AF472: 0
A473: BF1218 | B473: Base Full Door, 12 X 34.5 X 18 | C473: 1 | D473: 34.50 | E473: 18.00 | F473: 12.00 | G473: 1 | H473: 1 | I473: 1 | J473: 0 | K473: 0 | L473: 0 | M473: 2.5 | N473: BF | O473: 11 | P473: KPS | Q473: NA | R473: 1 | S473: 1 | T473: 1 | U473: 1 | V473: 1 | W473: 0 | X473: 0 | Y473: 1 | Z473: 0 | AA473: 1 | AB473: 1 | AC473: 0 | AD473: 1 | AE473: 0 | AF473: 0
A474: BF15 | B474: Base Full Door, 15 X 34.5 X 24 | C474: 1 | D474: 34.50 | E474: 24.00 | F474: 15.00 | G474: 1 | H474: 1 | I474: 1 | J474: 0 | K474: 0 | L474: 0 | M474: 3.13 | N474: BF | O474: 11 | P474: KPS | Q474: NA | R474: 1 | S474: 1 | T474: 1 | U474: 1 | V474: 1 | W474: 0 | X474: 0 | Y474: 1 | Z474: 0 | AA474: 1 | AB474: 1 | AC474: 0 | AD474: 1 | AE474: 0 | AF474: 0
A475: BF1512 | B475: Base Full Door, 15 X 34.5 X 12 | C475: 1 | D475: 34.50 | E475: 12.00 | F475: 15.00 | G475: 1 | H475: 1 | I475: 1 | J475: 0 | K475: 0 | L475: 0 | M475: 3.13 | N475: BF | O475: 11 | P475: KPS | Q475: NA | R475: 1 | S475: 1 | T475: 1 | U475: 1 | V475: 1 | W475: 0 | X475: 0 | Y475: 1 | Z475: 0 | AA475: 1 | AB475: 1 | AC475: 0 | AD475: 1 | AE475: 0 | AF475: 0
A476: BF1518 | B476: Base Full Door, 15 X 34.5 X 18 | C476: 1 | D476: 34.50 | E476: 18.00 | F476: 15.00 | G476: 1 | H476: 1 | I476: 1 | J476: 0 | K476: 0 | L476: 0 | M476: 3.13 | N476: BF | O476: 11 | P476: KPS | Q476: NA | R476: 1 | S476: 1 | T476: 1 | U476: 1 | V476: 1 | W476: 0 | X476: 0 | Y476: 1 | Z476: 0 | AA476: 1 | AB476: 1 | AC476: 0 | AD476: 1 | AE476: 0 | AF476: 0
A477: BF18 | B477: Base Full Door, 18 X 34.5 X 24 | C477: 1 | D477: 34.50 | E477: 24.00 | F477: 18.00 | G477: 1 | H477: 1 | I477: 1 | J477: 0 | K477: 0 | L477: 0 | M477: 3.75 | N477: BF | O477: 11 | P477: KPS | Q477: NA | R477: 1 | S477: 1 | T477: 1 | U477: 1 | V477: 1 | W477: 0 | X477: 0 | Y477: 1 | Z477: 0 | AA477: 1 | AB477: 1 | AC477: 0 | AD477: 1 | AE477: 0 | AF477: 0
A478: BF1812 | B478: Base Full Door, 18 X 34.5 X 12 | C478: 1 | D478: 34.50 | E478: 12.00 | F478: 18.00 | G478: 1 | H478: 1 | I478: 1 | J478: 0 | K478: 0 | L478: 0 | M478: 3.75 | N478: BF | O478: 11 | P478: KPS | Q478: NA | R478: 1 | S478: 1 | T478: 1 | U478: 1 | V478: 1 | W478: 0 | X478: 0 | Y478: 1 | Z478: 0 | AA478: 1 | AB478: 1 | AC478: 0 | AD478: 1 | AE478: 0 | AF478: 0
A479: BF1818 | B479: Base Full Door, 18 X 34.5 X 18 | C479: 1 | D479: 34.50 | E479: 18.00 | F479: 18.00 | G479: 1 | H479: 1 | I479: 1 | J479: 0 | K479: 0 | L479: 0 | M479: 3.75 | N479: BF | O479: 11 | P479: KPS | Q479: NA | R479: 1 | S479: 1 | T479: 1 | U479: 1 | V479: 1 | W479: 0 | X479: 0 | Y479: 1 | Z479: 0 | AA479: 1 | AB479: 1 | AC479: 0 | AD479: 1 | AE479: 0 | AF479: 0
A480: BF1RO12 | B480: Base Full Dr w/1 Rollout, 12 X 34.5 X 24 | C480: 1 | D480: 34.50 | E480: 24.00 | F480: 12.00 | G480: 0 | H480: 1 | I480: 1 | J480: 0 | K480: 1 | L480: 0 | M480: 2.5 | N480: BF1RO | O480: 11 | P480: KPS | Q480: NA | R480: 1 | S480: 1 | T480: 1 | U480: 1 | V480: 1 | W480: 0 | X480: 1 | Y480: 1 | Z480: 0 | AA480: 0 | AB480: 1 | AC480: 0 | AD480: 1 | AE480: 0 | AF480: 0
... A532: BF3RO21 | B532: Base Full Dr w/3 Rollout, 21 X 34.5 X 24 | C532: 1 | D532: 34.50 | E532: 24.00 | F532: 21.00 | G532: 0 | H532: 1 | I532: 1 | J532: 0 | K532: 3 | L532: 0 | M532: 4.38 | N532: BF3RO | O532: 11 | P532: KPS | Q532: NA | R532: 1 | S532: 1 | T532: 1 | U532: 1 | V532: 1 | W532: 0 | X532: 1 | Y532: 1 | Z532: 0 | AA532: 1 | AB532: 1 | AC532: 0 | AD532: 1 | AE532: 0 | AF532: 0
A533: BF3RO24 | B533: Base Full Dr w/3 Rollout, 24 X 34.5 X 24 | C533: 1 | D533: 34.50 | E533: 24.00 | F533: 24.00 | G533: 0 | H533: 1 | I533: 1 | J533: 0 | K533: 3 | L533: 0 | M533: 5 | N533: BF3RO | O533: 11 | P533: KPS | Q533: NA | R533: 1 | S533: 1 | T533: 0 | U533: 1 | V533: 1 | W533: 0 | X533: 1 | Y533: 1 | Z533: 0 | AA533: 1 | AB533: 1 | AC533: 0 | AD533: 1 | AE533: 0 | AF533: 0
A534: BF3RO24S | B534: Base Full Dr w/3 Rollout, 24 X 34.5 X 24 | C534: 1 | D534: 34.50 | E534: 24.00 | F534: 24.00 | G534: 0 | H534: 1 | I534: 1 | J534: 0 | K534: 3 | L534: 0 | M534: 5 | N534: BF3RO | O534: 11 | P534: KPS | Q534: NA | R534: 1 | S534: 1 | T534: 1 | U534: 1 | V534: 1 | W534: 0 | X534: 1 | Y534: 1 | Z534: 0 | AA534: 1 | AB534: 1 | AC534: 0 | AD534: 1 | AE534: 0 | AF534: 0
A535: BF3RO27 | B535: Base Full Dr w/3 Rollout, 27 X 34.5 X 24 | C535: 1 | D535: 34.50 | E535: 24.00 | F535: 27.00 | G535: 0 | H535: 2 | I535: 2 | J535: 0 | K535: 3 | L535: 0 | M535: 5.63 | N535: BF3RO | O535: 12 | P535: KPS | Q535: NA | R535: 1 | S535: 1 | T535: 0 | U535: 1 | V535: 1 | W535: 0 | X535: 1 | Y535: 1 | Z535: 0 | AA535: 1 | AB535: 1 | AC535: 0 | AD535: 1 | AE535: 0 | AF535: 0
A536: BF3RO30 | B536: Base Full Dr w/3 Rollout, 30 X 34.5 X 24 | C536: 1 | D536: 34.50 | E536: 24.00 | F536: 30.00 | G536: 0 | H536: 2 | I536: 2 | J536: 0 | K536: 3 | L536: 0 | M536: 6.25 | N536: BF3RO | O536: 12 | P536: KPS | Q536: NA | R536: 1 | S536: 1 | T536: 0 | U536: 1 | V536: 1 | W536: 0 | X536: 1 | Y536: 1 | Z536: 0 | AA536: 1 | AB536: 1 | AC536: 0 | AD536: 1 | AE536: 0 | AF536: 0
A537: BF3RO30SAM | B537: Base Full Dr w/3 Assorted Rollout Sample, 30 wide | C537: 1 | D537: 34.50 | E537: 24.00 | F537: 30.00 | G537: 0 | H537: 2 | I537: 2 | J537: 0 | K537: 3 | L537: 0 | M537: 6.25 | N537: CFGACC | O537: 0 | P537: KPX | Q537: NA | R537: 1 | S537: 1 | T537: 0 | U537: 1 | V537: 1 | W537: 0 | X537: 0 | Y537: 1 | Z537: 0 | AA537: 0 | AB537: 0 | AC537: 0 | AD537: 1 | AE537: 0 | AF537: 0
A538: BF3RO33 | B538: Base Full Dr w/3 Rollout, 33 X 34.5 X 24 | C538: 1 | D538: 34.50 | E538: 24.00 | F538: 33.00 | G538: 0 | H538: 2 | I538: 2 | J538: 0 | K538: 3 | L538: 0 | M538: 6.88 | N538: BF3RO | O538: 12 | P538: KPS | Q538: NA | R538: 1 | S538: 1 | T538: 0 | U538: 1 | V538: 1 | W538: 0 | X538: 1 | Y538: 1 | Z538: 0 | AA538: 1 | AB538: 1 | AC538: 0 | AD538: 1 | AE538: 0 | AF538: 0
A539: BF3RO36 | B539: Base Full Dr w/3 Rollout, 36 X 34.5 X 24 | C539: 1 | D539: 34.50 | E539: 24.00 | F539: 36.00 | G539: 0 | H539: 2 | I539: 2 | J539: 0 | K539: 3 | L539: 0 | M539: 7.5 | N539: BF3RO | O539: 12 | P539: KPS | Q539: NA | R539: 1 | S539: 1 | T539: 0 | U539: 1 | V539: 1 | W539: 0 | X539: 1 | Y539: 1 | Z539: 0 | AA539: 1 | AB539: 1 | AC539: 0 | AD539: 1 | AE539: 0 | AF539: 0
A540: BF3RO39 | B540: Base Full Dr w/3 Rollout, 39 X 34.5 X 24 | C540: 1 | D540: 34.50 | E540: 24.00 | F540: 39.00 | G540: 0 | H540: 2 | I540: 2 | J540: 0 | K540: 3 | L540: 0 | M540: 8.13 | N540: BF3RO | O540: 12 | P540: KPS | Q540: NA | R540: 1 | S540: 1 | T540: 0 | U540: 1 | V540: 1 | W540: 0 | X540: 1 | Y540: 1 | Z540: 0 | AA540: 1 | AB540: 1 | AC540: 0 | AD540: 1 | AE540: 0 | AF540: 0
A541: BF3RO42 | B541: Base Full Dr w/3 Rollout, 42 X 34.5 X 24 | C541: 1 | D541: 34.50 | E541: 24.00 | F541: 42.00 | G541: 0 | H541: 2 | I541: 2 | J541: 0 | K541: 3 | L541: 0 | M541: 8.75 | N541: BF3RO | O541: 12 | P541: KPS | Q541: NA | R541: 1 | S541: 1 | T541: 0 | U541: 1 | V541: 1 | W541: 0 | X541: 1 | Y541: 1 | Z541: 0 | AA541: 1 | AB541: 1 | AC541: 0 | AD541: 1 | AE541: 0 | AF541: 0
A542: BF42 | B542: Base Full Door, 42 X 34.5 X 24 | C542: 1 | D542: 34.50 | E542: 24.00 | F542: 42.00 | G542: 1 | H542: 2 | I542: 2 | J542: 0 | K542: 0 | L542: 0 | M542: 8.75 | N542: BF | O542: 12 | P542: KPS | Q542: NA | R542: 1 | S542: 1 | T542: 0 | U542: 1 | V542: 1 | W542: 0 | X542: 0 | Y542: 1 | Z542: 0 | AA542: 1 | AB542: 1 | AC542: 0 | AD542: 1 | AE542: 0 | AF542: 0
A543: BF4212 | B543: Base Full Door, 42 X 34.5 X 12 | C543: 1 | D543: 34.50 | E543: 12.00 | F543: 42.00 | G543: 1 | H543: 2 | I543: 2 | J543: 0 | K543: 0 | L543: 0 | M543: 8.75 | N543: BF | O543: 12 | P543: KPS | Q543: NA | R543: 1 | S543: 1 | T543: 0 | U543: 1 | V543: 1 | W543: 0 | X543: 0 | Y543: 1 | Z543: 0 | AA543: 1 | AB543: 1 | AC543: 0 | AD543: 1 | AE543: 0 | AF543: 0
A544: BF4218 | B544: Base Full Door, 42 X 34.5 X 18 | C544: 1 | D544: 34.50 | E544: 18.00 | F544: 42.00 | G544: 1 | H544: 2 | I544: 2 | J544: 0 | K544: 0 | L544: 0 | M544: 8.75 | N544: BF | O544: 12 | P544: KPS | Q544: NA | R544: 1 | S544: 1 | T544: 0 | U544: 1 | V544: 1 | W544: 0 | X544: 0 | Y544: 1 | Z544: 0 | AA544: 1 | AB544: 1 | AC544: 0 | AD544: 1 | AE544: 0 | AF544: 0
A545: BF48 | B545: Base Full Door, 48 X 34.5 X 24 | C545: 1 | D545: 34.50 | E545: 24.00 | F545: 48.00 | G545: 1 | H545: 2 | I545: 2 | J545: 0 | K545: 0 | L545: 0 | M545: 10 | N545: BF | O545: 0 | P545: KPX | Q545: NA | R545: 1 | S545: 1 | T545: 0 | U545: 1 | V545: 1 | W545: 0 | X545: 0 | Y545: 0 | Z545: 0 | AA545: 0 | AB545: 1 | AC545: 0 | AD545: 1 | AE545: 0 | AF545: 0
... A564: BS48 | B564: Base Sink, 48 X 34.5 X 24 | C564: 1 | D564: 34.50 | E564: 24.00 | F564: 48.00 | G564: 0 | H564: 2 | I564: 2 | J564: 0 | K564: 0 | L564: 0 | M564: 10 | N564: BS | O564: 12 | P564: KPX | Q564: 6" DRAWER - NO BORE | R564: 1 | S564: 1 | T564: 0 | U564: 1 | V564: 1 | W564: 0 | X564: 0 | Y564: 0 | Z564: 0 | AA564: 1 | AB564: 1 | AC564: 0 | AD564: 1 | AE564: 0 | AF564: 0
A565: BSA36 | B565: Base Apron Sink, 36 X 34.5 X 24 | C565: 1 | D565: 34.50 | E565: 24.00 | F565: 36 | G565: 0 | H565: 2 | I565: 2 | J565: 0 | K565: 0 | L565: 0 | M565: 10 | N565: BSA | O565: 12 | P565: KPX | Q565: 6" DRAWER - NO BORE | R565: 1 | S565: 1 | T565: 0 | U565: 1 | V565: 1 | W565: 0 | X565: 0 | Y565: 0 | Z565: 0 | AA565: 1 | AB565: 1 | AC565: 0 | AD565: 1 | AE565: 0 | AF565: 0
A566: BSCK42 | B566: Base Sink Corner Kit, 42 X 34.5 X 24 | C566: 1 | D566: 34.50 | E566: 24.00 | F566: 42.00 | G566: 0 | H566: 2 | I566: 2 | J566: 0 | K566: 0 | L566: 0 | M566: 5 | N566: BSCK | O566: 27 | P566: KPX | Q566: NA | R566: 1 | S566: 1 | T566: 0 | U566: 0 | V566: 0 | W566: 0 | X566: 0 | Y566: 0 | Z566: 0 | AA566: 1 | AB566: 1 | AC566: 0 | AD566: 1 | AE566: 0 | AF566: 0
A567: BSF27 | B567: Base Sink Full Door, 27 X 34.5 X 24 | C567: 1 | D567: 34.50 | E567: 24.00 | F567: 27.00 | G567: 0 | H567: 2 | I567: 2 | J567: 0 | K567: 0 | L567: 0 | M567: 5.63 | N567: BSF | O567: 14 | P567: KPS | Q567: NA | R567: 1 | S567: 1 | T567: 0 | U567: 1 | V567: 1 | W567: 0 | X567: 0 | Y567: 1 | Z567: 0 | AA567: 1 | AB567: 1 | AC567: 0 | AD567: 1 | AE567: 0 | AF567: 0
A568: BSF30 | B568: Base Sink Full Door, 30 X 34.5 X 24 | C568: 1 | D568: 34.50 | E568: 24.00 | F568: 30.00 | G568: 0 | H568: 2 | I568: 2 | J568: 0 | K568: 0 | L568: 0 | M568: 6.25 | N568: BSF | O568: 14 | P568: KPS | Q568: NA | R568: 1 | S568: 1 | T568: 0 | U568: 1 | V568: 1 | W568: 0 | X568: 0 | Y568: 1 | Z568: 0 | AA568: 1 | AB568: 1 | AC568: 0 | AD568: 1 | AE568: 0 | AF568: 0
A569: BSF33 | B569: Base Sink Full Door, 33 X 34.5 X 24 | C569: 1 | D569: 34.50 | E569: 24.00 | F569: 33.00 | G569: 0 | H569: 2 | I569: 2 | J569: 0 | K569: 0 | L569: 0 | M569: 6.88 | N569: BSF | O569: 12 | P569: KPS | Q569: NA | R569: 1 | S569: 1 | T569: 0 | U569: 1 | V569: 1 | W569: 0 | X569: 0 | Y569: 1 | Z569: 0 | AA569: 1 | AB569: 1 | AC569: 0 | AD569: 1 | AE569: 0 | AF569: 0
A570: BSF36 | B570: Base Sink Full Door, 36 X 34.5 X 24 | C570: 1 | D570: 34.50 | E570: 24.00 | F570: 36.00 | G570: 0 | H570: 2 | I570: 2 | J570: 0 | K570: 0 | L570: 0 | M570: 7.5 | N570: BSF | O570: 12 | P570: KPS | Q570: NA | R570: 1 | S570: 1 | T570: 0 | U570: 1 | V570: 1 | W570: 0 | X570: 0 | Y570: 1 | Z570: 0 | AA570: 1 | AB570: 1 | AC570: 0 | AD570: 1 | AE570: 0 | AF570: 0
A571: BSF39 | B571: Base Sink Full Door, 39 X 34.5 X 24 | C571: 1 | D571: 34.50 | E571: 24.00 | F571: 39.00 | G571: 0 | H571: 2 | I571: 2 | J571: 0 | K571: 0 | L571: 0 | M571: 8.13 | N571: BSF | O571: 12 | P571: KPS | Q571: NA | R571: 1 | S571: 1 | T571: 0 | U571: 1 | V571: 1 | W571: 0 | X571: 0 | Y571: 1 | Z571: 0 | AA571: 1 | AB571: 1 | AC571: 0 | AD571: 1 | AE571: 0 | AF571: 0
A572: BSF42 | B572: Base Sink Full Door, 42 X 34.5 X 24 | C572: 1 | D572: 34.50 | E572: 24.00 | F572: 42.00 | G572: 0 | H572: 2 | I572: 2 | J572: 0 | K572: 0 | L572: 0 | M572: 8.75 | N572: BSF | O572: 12 | P572: KPS | Q572: NA | R572: 1 | S572: 1 | T572: 0 | U572: 1 | V572: 1 | W572: 0 | X572: 0 | Y572: 1 | Z572: 0 | AA572: 1 | AB572: 1 | AC572: 0 | AD572: 1 | AE572: 0 | AF572: 0
A573: BSFH33 | B573: Base Sink Full Door (H.C.), 33 X 34.5 X 24 | C573: 1 | D573: 34.50 | E573: 24.00 | F573: 33.00 | G573: 0 | H573: 2 | I573: 2 | J573: 0 | K573: 0 | L573: 0 | M573: 6.88 | N573: BSFH | O573: 16 | P573: KPS | Q573: NA | R573: 1 | S573: 1 | T573: 0 | U573: 1 | V573: 1 | W573: 0 | X573: 0 | Y573: 1 | Z573: 0 | AA573: 1 | AB573: 1 | AC573: 0 | AD573: 1 | AE573: 0 | AF573: 0
A574: BSFH36 | B574: Base Sink Full Door (H.C.), 36 X 34.5 X 24 | C574: 1 | D574: 34.50 | E574: 24.00 | F574: 36.00 | G574: 0 | H574: 2 | I574: 2 | J574: 0 | K574: 0 | L574: 0 | M574: 7.5 | N574: BSFH | O574: 16 | P574: KPS | Q574: NA | R574: 1 | S574: 1 | T574: 0 | U574: 1 | V574: 1 | W574: 0 | X574: 0 | Y574: 1 | Z574: 0 | AA574: 1 | AB574: 1 | AC574: 0 | AD574: 1 | AE574: 0 | AF574: 0
A575: BSFH39 | B575: Base Sink Full Door (H.C.), 39 X 34.5 X 24 | C575: 1 | D575: 34.50 | E575: 24.00 | F575: 39.00 | G575: 0 | H575: 2 | I575: 2 | J575: 0 | K575: 0 | L575: 0 | M575: 8.13 | N575: BSFH | O575: 16 | P575: KPS | Q575: NA | R575: 1 | S575: 1 | T575: 0 | U575: 1 | V575: 1 | W575: 0 | X575: 0 | Y575: 1 | Z575: 0 | AA575: 1 | AB575: 1 | AC575: 0 | AD575: 1 | AE575: 0 | AF575: 0
A576: BSFH42 | B576: Base Sink Full Door (H.C.), 42 X 34.5 X 24 | C576: 1 | D576: 34.50 | E576: 24.00 | F576: 42.00 | G576: 0 | H576: 2 | I576: 2 | J576: 0 | K576: 0 | L576: 0 | M576: 8.75 | N576: BSFH | O576: 16 | P576: KPS | Q576: NA | R576: 1 | S576: 1 | T576: 0 | U576: 1 | V576: 1 | W576: 0 | X576: 0 | Y576: 1 | Z576: 0 | AA576: 1 | AB576: 1 | AC576: 0 | AD576: 1 | AE576: 0 | AF576: 0
A577: BSH33 | B577: Base Sink Handicap, 33 X 34.5 X 24 | C577: 1 | D577: 34.50 | E577: 24.00 | F577: 33.00 | G577: 0 | H577: 2 | I577: 2 | J577: 0 | K577: 0 | L577: 0 | M577: 6.88 | N577: BSH | O577: 16 | P577: KPS | Q577: 6" DRAWER - NO BORE | R577: 1 | S577: 1 | T577: 0 | U577: 1 | V577: 1 | W577: 0 | X577: 0 | Y577: 0 | Z577: 0 | AA577: 1 | AB577: 1 | AC577: 0 | AD577: 1 | AE577: 0 | AF577: 0
... A599: CB42 | B599: Base 1 Drawer, 42 X 32.5 X 24 | C599: 1 | D599: 32.50 | E599: 24.00 | F599: 42.00 | G599: 1 | H599: 4 | I599: 2 | J599: 1 | K599: 0 | L599: 0 | M599: 7.88 | N599: CB | O599: 14 | P599: KPS | Q599: NA | R599: 1 | S599: 1 | T599: 0 | U599: 1 | V599: 1 | W599: 0 | X599: 1 | Y599: 1 | Z599: 0 | AA599: 1 | AB599: 1 | AC599: 0 | AD599: 1 | AE599: 0 | AF599: 0
A600: CB9 | B600: Base 1 Drawer, 9 X 32.5 X 24 | C600: 1 | D600: 32.50 | E600: 24.00 | F600: 9 | G600: 1 | H600: 4 | I600: 2 | J600: 1 | K600: 0 | L600: 0 | M600: 7.88 | N600: CB | O600: 14 | P600: KPS | Q600: NA | R600: 1 | S600: 1 | T600: 0 | U600: 1 | V600: 1 | W600: 0 | X600: 1 | Y600: 1 | Z600: 0 | AA600: 1 | AB600: 1 | AC600: 0 | AD600: 1 | AE600: 0 | AF600: 0
A601: CBSFK33 | B601: Base Sink Kit Full Door ADA, 33 X 32.5 X 24 | C601: 1 | D601: 32.50 | E601: 24.00 | F601: 33.00 | G601: 0 | H601: 2 | I601: 2 | J601: 0 | K601: 0 | L601: 0 | M601: 6.19 | N601: CBSFK | O601: 16 | P601: KPX | Q601: NA | R601: 1 | S601: 1 | T601: 0 | U601: 1 | V601: 1 | W601: 0 | X601: 0 | Y601: 0 | Z601: 0 | AA601: 1 | AB601: 1 | AC601: 0 | AD601: 1 | AE601: 0 | AF601: 0
A602: CBSFK36 | B602: Base Sink Kit Full Door ADA, 36 X 32.5 X 24 | C602: 1 | D602: 32.50 | E602: 24.00 | F602: 36.00 | G602: 0 | H602: 2 | I602: 2 | J602: 0 | K602: 0 | L602: 0 | M602: 6.75 | N602: CBSFK | O602: 16 | P602: KPX | Q602: NA | R602: 1 | S602: 1 | T602: 0 | U602: 1 | V602: 1 | W602: 0 | X602: 0 | Y602: 0 | Z602: 0 | AA602: 1 | AB602: 1 | AC602: 0 | AD602: 1 | AE602: 0 | AF602: 0
A603: CBSFK39 | B603: Base Sink Kit Full Door ADA, 39 X 32.5 X 24 | C603: 1 | D603: 32.50 | E603: 24.00 | F603: 39.00 | G603: 0 | H603: 2 | I603: 2 | J603: 0 | K603: 0 | L603: 0 | M603: 7.31 | N603: CBSFK | O603: 16 | P603: KPX | Q603: NA | R603: 1 | S603: 1 | T603: 0 | U603: 1 | V603: 1 | W603: 0 | X603: 0 | Y603: 0 | Z603: 0 | AA603: 1 | AB603: 1 | AC603: 0 | AD603: 1 | AE603: 0 | AF603: 0
A604: CBSFK42 | B604: Base Sink Kit Full Door ADA, 42 X 32.5 X 24 | C604: 1 | D604: 32.50 | E604: 24.00 | F604: 42.00 | G604: 0 | H604: 2 | I604: 2 | J604: 0 | K604: 0 | L604: 0 | M604: 7.88 | N604: CBSFK | O604: 16 | P604: KPX | Q604: NA | R604: 1 | S604: 1 | T604: 0 | U604: 1 | V604: 1 | W604: 0 | X604: 0 | Y604: 0 | Z604: 0 | AA604: 1 | AB604: 1 | AC604: 0 | AD604: 1 | AE604: 0 | AF604: 0
...

Sheet Tables
A1: Doorstyles | B1: Code | C1: Species | D1: Index column | F1: Finishes | G1: Dynamic Skin Table | H1: Code | I1: Fin Type | K1: DSF | L1: Available? | M1: 6 X 6 Samples | O1: Description | P1: Code | R1: Descritpion | S1: Code | T1: Price Index | V1: Code | W1: Descritpion | Y1: Code | Z1: Descritpion | AB1: Code | AC1: Descritpion | AE1: Code | AF1: Descritpion | AH1: Values | AJ1: Shipping Methods | AL1: Reason Codes | AM1: Multipier | AO1: Model | AP1: D1 | AQ1: DQ1 | AR1: D2 | AS1: DQ2 | AT1: D3 | AU1: DQ3 | AV1: D4 | AW1: DQ4 | AY1: Order Type | AZ1: Code | BB1: Veneer Acces X | BD1: PCS SKU | BE1: Doorstyle | BF1: Finish | BG1: List Price
A2: LX = Lenox Thermofoil | B2: LX | C2: RTF | D2: 3 | F2: 02 = Mocha | G2: List_Skins_P | H2: 02 | I2: VEN | K2: FNM = Fenton Maple02 = Mocha | L2: Available | M2: Not Available | O2: Veneer | P2: V | R2: Clear | S2: CLR | T2: NA | V2: STD | W2: Standard | Y2: STD | Z2: Standard | AB2: M | AC2: Matching | AE2: L | AF2: Left | AH2: Yes | AJ2: FedEx | AL2: Billable Standard | AM2: 1 | AO2: B12 | AP2: D1224 | AQ2: 1 | AR2: DW1206 | AS2: 1 | AT2: x | AV2: x | AY2: Sales Order | AZ2: Sales | BB2: 3.5 | BD2: CLRCHIP-PCS-02 | BE2: Shaker Maple | BF2: Mocha | BG2: 25
A3: HM = Hamilton Thermofoil | B3: HM | C3: RTF | D3: 5 | F3: 19 = Brandy | G3: List_Skins_P | H3: 19 | I3: VEN | K3: FNM = Fenton Maple04 = Fresh White Paint | L3: Available | M3: Not Available | O3: Faux | P3: P | R3: Frosted | S3: FRS | T3: 55 | V3: SC | W3: Soft Close | Y3: DT | Z3: Dovetail | AE3: R | AF3: Right | AH3: No | AJ3: 3PL – Redelivery | AL3: Billable Rush | AM3: 1.2 | AO3: B15 | AP3: D1524 | AQ3: 1 | AR3: DW1506 | AS3: 1 | AT3: x | AV3: x | AY3: Parts Order | AZ3: Parts | BD3: CLRCHIP-PCS-04 | BE3: Shaker Maple | BF3: Fresh White | BG3: 35
A4: MSF = Mission Five Thermofoil | B4: MSF | C4: RTF | D4: 6 | F4: 25 = Java | G4: List_Skins_P | H4: 25 | I4: VEN | K4: FNM = Fenton Maple19 = Brandy | L4: Available | M4: Not Available | O4: RTF | P4: R | R4: Ribbed | S4: RIB | T4: 55 | AJ4: 3PL – Will Call | AL4: Customer Satisfaction | AM4: 0 | AO4: B18 | AP4: D1824 | AQ4: 1 | AR4: DW1806 | AS4: 1 | AT4: x | AV4: x | BD4: CLRCHIP-PCS-19 | BE4: Shaker Maple | BF4: Brandy | BG4: 25
A5: LCM = Lincoln Maple | B5: LCM | C5: Maple | D5: 15 | F5: 64 = Slate | G5: List_Skins_P | H5: 64 | I5: VEN | K5: FNM = Fenton Maple25 = Java | L5: Available | M5: Not Available | R5: Cross Reeded | S5: CRD | T5: 56 | AJ5: Direct – Warehouse | AL5: Quality Defect | AM5: 0 | AO5: B1RO12 | AP5: D1224 | AQ5: 1 | AR5: DW1206 | AS5: 1 | AT5: x | AV5: x | BD5: CLRCHIP-PCS-25 | BE5: Shaker Maple | BF5: Java | BG5: 25
A6: SHM = Shaker Maple | B6: SHM | C6: Maple | D6: 16 | F6: 04 = Fresh White Paint | G6: List_Skins_P | H6: 04 | I6: PNT | K6: FNM = Fenton Maple64 = Slate | L6: Available | M6: Not Available | AJ6: Direct – Jobsite | AL6: Labeling Error / Incorrect SKU | AM6: 0 | AO6: B1RO15 | AP6: D1524 | AQ6: 1 | AR6: DW1506 | AS6: 1 | AT6: x | AV6: x | BD6: CLRCHIP-PCS-30 | BE6: Lenox RTF | BF6: White | BG6: 15
A7: FNM = Fenton Maple | B7: FNM | C7: Maple | D7: 17 | F7: 83 = Dove Gray/Paint | G7: List_Skins_P | H7: 83 | I7: PNT | K7: FNM = Fenton Maple83 = Dove Gray/Paint | L7: Available | M7: Not Available | AL7: Order Entry | AM7: 0 | AO7: B1RO18 | AP7: D1824 | AQ7: 1 | AR7: DW1806 | AS7: 1 | AT7: x | AV7: x | BD7: CLRCHIP-PCS-37R | BE7: Lenox RTF | BF7: Storm | BG7: 15
A8: KDN = Kaden Thermofoil | B8: KDN | C8: RTF | D8: 6 | F8: 30 = White | G8: List_Skins_R | H8: 30 | I8: NON | K8: HM = Hamilton Thermofoil30 = White | L8: Available | M8: Not Available | AL8: Design Error | AM8: 0 | AO8: B1RO21 | AP8: D2124 | AQ8: 1 | AR8: DW2106 | AS8: 1 | AT8: x | AV8: x | BD8: CLRCHIP-PCS-41R | BE8: Lenox RTF | BF8: Onyx | BG8: 15
A9: XX = No Door - RTF/Faux | B9: XX | C9: None | D9: 1 | F9: 37R = Storm | G9: List_Skins_R | H9: 37R | I9: WG0 | K9: HM = Hamilton Thermofoil32R = Satin White | L9: Available | M9: Not Available | AL9: Shipping Damage | AM9: 0 | AO9: B1RO24 | AP9: D1224 | AQ9: 2 | AR9: DW2406 | AS9: 1 | AT9: x | AV9: x | BD9: CLRCHIP-PCS-43R | BE9: Lenox RTF | BF9: Olive | BG9: 15
A10: TEA = Tripoli Aluminum Door | B10: ALS | C10: Metal | D10: 29 | F10: 41R = Onyx | G10: List_Skins_R | H10: 41R | I10: WG0 | K10: HM = Hamilton Thermofoil37R = Storm | L10: Available | M10: Not Available | AL10: Shipping Error | AM10: 0 | AO10: B1RO24S | AP10: D2424 | AQ10: 1 | AR10: DW2406 | AS10: 1 | AT10: x | AV10: x | BD10: CLRCHIP-PCS-45R | BE10: Lenox RTF | BF10: Sandstone | BG10: 15
A11: LCO = Lincoln Oak | B11: LCO | C11: Oak | D11: 13 | F11: 83R = Granite | G11: List_Skins_R | H11: 83R | I11: WG0 | K11: HM = Hamilton Thermofoil41R = Onyx | L11: Available | M11: Not Available | AL11: Short Shipped | AM11: 0 | AO11: B1RO27 | AP11: D1324 | AQ11: 2 | AR11: DW2706 | AS11: 1 | AT11: x | AV11: x | BD11: CLRCHIP-PCS-46R | BE11: Lenox RTF | BF11: Canyon | BG11: 15
A12: SHO = Shaker Oak | B12: SHO | C12: Oak | D12: 14 | F12: 86R = Cloud | G12: List_Skins_R | H12: 86R | I12: WG0 | K12: HM = Hamilton Thermofoil43R = Olive | L12: Available | M12: Not Available | AL12: Installer Mistake | AM12: 0 | AO12: B1RO30 | AP12: D1524 | AQ12: 2 | AR12: DW3006 | AS12: 1 | AT12: x | AV12: x | BD12: CLRCHIP-PCS-64 | BE12: Shaker Maple | BF12: Slate | BG12: 25
A13: NT = Nantucket Thermofoil | B13: NT | C13: RTF | D13: 7 | F13: 73 = Wengi | G13: List_Skins_R | H13: 73 | I13: WG1 | K13: HM = Hamilton Thermofoil77R = Dune | L13: Available | M13: Not Available | AL13: Factory Damage | AM13: 0 | AO13: B1RO33 | AP13: D1624 | AQ13: 2 | AR13: DW3306 | AS13: 1 | AT13: x | AV13: x | BD13: CLRCHIP-PCS-73 | BE13: Lenox RTF | BF13: Wengi | BG13: 15
A14: MNM = Monterey Maple | B14: MNM | C14: Maple | D14: 19 | F14: 32R = Satin White | G14: List_Skins_R | H14: 32R | I14: WG1 | K14: HM = Hamilton Thermofoil83R = Granite | L14: Available | M14: Not Available | AO14: B1RO36 | AP14: D1824 | AQ14: 2 | AR14: DW3606 | AS14: 1 | AT14: x | AV14: x | BD14: CLRCHIP-PCS-76G | BE14: Lenox RTF | BF14: Tsuki2 | BG14: 15
A15: CFM = Craftsman Maple | B15: CFM | C15: Maple | D15: 18 | F15: 43R = Olive | G15: List_Skins_R | H15: 43R | I15: WG0 | K15: HM = Hamilton Thermofoil86R = Cloud | L15: Available | M15: Not Available | AO15: B1RO39 | AP15: D1924 | AQ15: 2 | AR15: DW3906 | AS15: 1 | AT15: x | AV15: x | BD15: CLRCHIP-PCS-77R | BE15: Lenox RTF | BF15: Dune | BG15: 15
A16: MBM = Malibu Maple | B16: MBM | C16: Maple | D16: 17 | F16: 45R = Sandstone | G16: List_Skins_R | H16: 45R | I16: WG2 | K16: KDN = Kaden Thermofoil30 = White | L16: Available | M16: Not Available | AO16: B1RO42 | AP16: D2124 | AQ16: 2 | AR16: DW4206 | AS16: 1 | AT16: x | AV16: x | BD16: CLRCHIP-PCS-79A | BE16: Lenox RTF | BF16: Satomi | BG16: 15
A17: NPM = Newport Maple | B17: NPM | C17: Maple | D17: 19 | F17: 46R = Canyon | G17: List_Skins_R | H17: 46R | I17: WG2 | K17: KDN = Kaden Thermofoil32R = Satin White | L17: Available | M17: Not Available | AO17: B21 | AP17: D2124 | AQ17: 1 | AR17: DW2106 | AS17: 1 | AT17: x | AV17: x | BD17: CLRCHIP-PCS-83 | BE17: Shaker Maple | BF17: Dove Gray | BG17: 35
A18: MRM = Metro Maple II | B18: MRM | C18: Maple | D18: 18 | F18: 76G = Tsuki 2 | G18: List_Skins_R | H18: 76G | I18: WG2 | K18: KDN = Kaden Thermofoil37R = Storm | L18: Available | M18: Available | AO18: B24 | AP18: D1224 | AQ18: 2 | AR18: DW2406 | AS18: 1 | AT18: x | AV18: x | BD18: CLRCHIP-PCS-83R | BE18: Mission RTF | BF18: Granite | BG18: 15
F19: 77R = Dune | G19: List_Skins_R | H19: 77R | I19: WG0 | K19: KDN = Kaden Thermofoil41R = Onyx | L19: Available | M19: Available | AO19: B24S | AP19: D2424 | AQ19: 1 | AR19: DW2406 | AS19: 1 | AT19: x | AV19: x | BD19: CLRCHIP-PCS-86R | BE19: Mission RTF | BF19: Cloud | BG19: 15
A20: Out of Waranty | F20: 79A = Satomi | G20: List_Skins_R | H20: 79A | I20: WG2 | K20: KDN = Kaden Thermofoil43R = Olive | L20: Available | M20: Not Available | AO20: B27 | AP20: D1324 | AQ20: 2 | AR20: DW2706 | AS20: 1 | AT20: x | AV20: x | BD20: COLORCHIPKIT-PCS | BE20: Multiple | BF20: Multiple | BG20: 480
A21: MD = Madison Thermofoil | B21: MD | C21: RTF | D21: 4 | F21: NSTD= Non Standard Thermofoil | G21: List_Skins_R | H21: NSTD | I21: WG2 | K21: KDN = Kaden Thermofoil45R = Sandstone | L21: Available | M21: Not Available | AO21: B2CT30 | AP21: DW3006 | AQ21: 1 | AR21: DW3012 | AS21: 2 | AT21: x | AV21: x | BD21: PCSSD-FNM-02 | BE21: Fenton Maple | BF21: Mocha | BG21: 45
A22: CMM = Craftsman Maple | B22: CFM | C22: Maple | D22: 20 | F22: NA = No Finish Required | G22: List_Skins_R | H22: 30 | I22: NON | K22: KDN = Kaden Thermofoil46R = Canyon | L22: Available | M22: Not Available | AO22: B2CT33 | AP22: DW3306 | AQ22: 1 | AR22: DW3312 | AS22: 2 | AT22: x | AV22: x | BD22: PCSSD-FNM-04 | BE22: Fenton Maple | BF22: Fresh White | BG22: 55
A23: ML = Millenium EB Foil | B23: ML | C23: RTF | D23: 2 | F23: 01 = Natural | G23: List_Skins_P | H23: 01 | I23: VEN | K23: KDN = Kaden Thermofoil73 = Wengi | L23: Available | M23: Not Available | AO23: B2CT36 | AP23: DW3606 | AQ23: 1 | AR23: DW3612 | AS23: 2 | AT23: x | AV23: x | BD23: PCSSD-FNM-19 | BE23: Fenton Maple | BF23: Brandy | BG23: 45
A24: MS = Mission Thermofoil | B24: MS | C24: RTF | D24: 6 | F24: 19BG = Black Glaze/Brandy | G24: List_Skins_VP | H24: 19BG | I24: GLZ | K24: KDN = Kaden Thermofoil76G = Tsuki 2 | L24: Available | M24: Not Available | AO24: B2PP15 | AP24: DW1515 | AQ24: 2 | AR24: x | AT24: x | AV24: x | BD24: PCSSD-FNM-25 | BE24: Fenton Maple | BF24: Java | BG24: 45
A25: LSM = Laguna Square Maple | B25: LSM | C25: Maple | D25: 15 | F25: 66BG = Black Glaze/Chestnut | G25: List_Skins_VP | H25: 66BG | I25: GLZ | K25: KDN = Kaden Thermofoil77R = Dune | L25: Available | M25: Not Available | AO25: B2PP18 | AP25: DW1815 | AQ25: 2 | AR25: x | AT25: x | AV25: x | BD25: PCSSD-FNM-64 | BE25: Fenton Maple | BF25: Slate | BG25: 45
A26: FSM = Fallbrook Square Maple | B26: FSM | C26: Maple | D26: 17 | F26: 66 = Chestnut | G26: List_Skins_P | H26: 66 | I26: VEN | K26: KDN = Kaden Thermofoil79A = Satomi | L26: Available | M26: Not Available | AO26: B2PP21 | AP26: DW2115 | AQ26: 2 | AR26: x | AT26: x | AV26: x | BD26: PCSSD-FNM-83 | BE26: Fenton Maple | BF26: Dove Gray | BG26: 55
A27: SH = Shaker Thermofoil | B27: SH | C27: RTF | D27: 6 | F27: 88BG = Black Glaze/Harvest | G27: List_Skins_VP | H27: 88BG | I27: GLZ | K27: KDN = Kaden Thermofoil83R = Granite | L27: Available | M27: Available | AO27: B2PP24 | AP27: DW2415 | AQ27: 2 | AR27: x | AT27: x | AV27: x | BD27: PCSSD-HM-30 | BE27: Hamilton RTF | BF27: White | BG27: 40
A28: CT = Cottage Thermofoil | B28: CT | C28: Oak | D28: 7 | F28: 82PG = Pewter Glaze/Alabaster | G28: List_Skins_VP | H28: 82PG | I28: PNT | K28: KDN = Kaden Thermofoil86R = Cloud | L28: Available | M28: Available | AO28: B2RO12 | AP28: D1224 | AQ28: 1 | AR28: DW1206 | AS28: 1 | AT28: x | AV28: x | BD28: PCSSD-HM-32R | BE28: Hamilton RTF | BF28: Satin White | BG28: 40
A29: LSO = Laguna Square Oak | B29: LSO | C29: Oak | D29: 13 | F29: 32 = Satin White (old) | G29: List_Skins_R | H29: 32 | I29: WG1 | K29: LCM = Lincoln Maple02 = Mocha | L29: Available | M29: Not Available | AO29: B2RO15 | AP29: D1524 | AQ29: 1 | AR29: DW1506 | AS29: 1 | AT29: x | AV29: x | BD29: PCSSD-HM-37R | BE29: Hamilton RTF | BF29: Storm | BG29: 40
A30: MTM = Metro Maple | B30: MTM | C30: Maple | D30: 18 | F30: 34R = Weathered Gray | G30: List_Skins_R | H30: 34R | I30: WG2 | K30: LCM = Lincoln Maple04 = Fresh White Paint | L30: Available | M30: Not Available | AO30: B2RO18 | AP30: D1824 | AQ30: 1 | AR30: DW1806 | AS30: 1 | AT30: x | AV30: x | BD30: PCSSD-HM-41R | BE30: Hamilton RTF | BF30: Onyx | BG30: 40
A31: MQM = Marquis Maple | B31: MQM | C31: Maple | D31: 20 | F31: 71 = Wheat | G31: List_Skins_R | H31: 71 | I31: WG1 | K31: LCM = Lincoln Maple19 = Brandy | L31: Available | M31: Not Available | AO31: B2RO21 | AP31: D2124 | AQ31: 1 | AR31: DW2106 | AS31: 1 | AT31: x | AV31: x | BD31: PCSSD-HM-43R | BE31: Hamilton RTF | BF31: Olive | BG31: 40
F32: 72 = Sable | G32: List_Skins_R | H32: 72 | I32: WG1 | K32: LCM = Lincoln Maple25 = Java | L32: Available | M32: Not Available | AO32: B2RO24 | AP32: D1224 | AQ32: 2 | AR32: DW2406 | AS32: 1 | AT32: x | AV32: x | BD32: PCSSD-HM-77R | BE32: Hamilton RTF | BF32: Dune | BG32: 40
F33: 75D = Zuri 1 | G33: List_Skins_R | H33: 75D | I33: WG2 | K33: LCM = Lincoln Maple64 = Slate | L33: Available | M33: Not Available | AO33: B2RO24S | AP33: D2424 | AQ33: 1 | AR33: DW2406 | AS33: 1 | AT33: x | AV33: x | BD33: PCSSD-HM-83R | BE33: Hamilton RTF | BF33: Granite | BG33: 40
F34: 75L = Zuri 3 | G34: List_Skins_R | H34: 75L | I34: WG2 | K34: LCM = Lincoln Maple83 = Dove Gray/Paint | L34: Available | M34: Not Available | AO34: B2RO27 | AP34: D1324 | AQ34: 2 | AR34: DW2706 | AS34: 1 | AT34: x | AV34: x | BD34: PCSSD-HM-86R | BE34: Hamilton RTF | BF34: Cloud | BG34: 40
A35: Doorstyles | B35: Code | D35: Index column | F35: 12 = Honey | G35: List_Skins_VP | H35: 12 | I35: VEN | K35: LX = Lenox Thermofoil30 = White | L35: Available | M35: Available | AO35: B2RO30 | AP35: D1524 | AQ35: 2 | AR35: DW3006 | AS35: 1 | AT35: x | AV35: x | BD35: PCSSD-KDN-30 | BE35: Kaden RTF | BF35: White | BG35: 40
A36: XX = No Door - RTF/Faux | B36: XX | C36: None | D36: 1 | F36: 34R = Weathered Gray | G36: List_Skins_R | H36: 34R | I36: WG2 | K36: LX = Lenox Thermofoil32R = Satin White | L36: Available | M36: Available | AO36: B2RO33 | AP36: D1624 | AQ36: 2 | AR36: DW3306 | AS36: 1 | AT36: x | AV36: x | BD36: PCSSD-KDN-32R | BE36: Kaden RTF | BF36: Satin White | BG36: 40
A37: XX = No Door - Veneer | B37: XX | C37: None | D37: 12 | F37: 13 = Auburn | G37: List_Skins_VP | H37: 13 | I37: VEN | K37: LX = Lenox Thermofoil37R = Storm | L37: Available | M37: Available | AO37: B2RO36 | AP37: D1824 | AQ37: 2 | AR37: DW3606 | AS37: 1 | AT37: x | AV37: x | BD37: PCSSD-KDN-37R | BE37: Kaden RTF | BF37: Storm | BG37: 40
F38: 14 = Espresso | G38: List_Skins_VP | H38: 14 | I38: VEN | K38: LX = Lenox Thermofoil41R = Onyx | L38: Available | M38: Available | AO38: B2RO39 | AP38: D1924 | AQ38: 2 | AR38: DW3906 | AS38: 1 | AT38: x | AV38: x | BD38: PCSSD-KDN-41R | BE38: Kaden RTF | BF38: Onyx | BG38: 40
F39: 82 = Alabaster/Paint | G39: List_Skins_P | H39: 82 | I39: PNT | K39: LX = Lenox Thermofoil43R = Olive | L39: Available | M39: Available | AO39: B2RO42 | AP39: D2124 | AQ39: 2 | AR39: DW4206 | AS39: 1 | AT39: x | AV39: x | BD39: PCSSD-KDN-43R | BE39: Kaden RTF | BF39: Olive | BG39: 40
F40: 88 = Harvest | G40: List_Skins_VP | H40: 88 | I40: VEN | K40: LX = Lenox Thermofoil45R = Sandstone | L40: Available | M40: Available | AO40: B30 | AP40: D1524 | AQ40: 2 | AR40: DW3006 | AS40: 1 | AT40: x | AV40: x | BD40: PCSSD-KDN-45R | BE40: Kaden RTF | BF40: Sandstone | BG40: 40
F41: 76W = Tsuki 1 | G41: List_Skins_R | H41: 76W | I41: WG2 | K41: LX = Lenox Thermofoil46R = Canyon | L41: Available | M41: Available | AO41: B33 | AP41: D1624 | AQ41: 2 | AR41: DW3306 | AS41: 1 | AT41: x | AV41: x | BD41: PCSSD-KDN-46R | BE41: Kaden RTF | BF41: Canyon | BG41: 40
F42: 78 = Café | G42: List_Skins_R | H42: 78 | I42: WG1 | K42: LX = Lenox Thermofoil73 = Wengi | L42: Available | M42: Available | AO42: B36 | AP42: D1824 | AQ42: 2 | AR42: DW3606 | AS42: 1 | AT42: x | AV42: x | BD42: PCSSD-KDN-73 | BE42: Kaden RTF | BF42: Wengi | BG42: 40
K43: LX = Lenox Thermofoil76G = Tsuki 2 | L43: Available | M43: Available | AO43: B39 | AP43: D1924 | AQ43: 2 | AR43: DW3906 | AS43: 1 | AT43: x | AV43: x | BD43: PCSSD-KDN-76G | BE43: Kaden RTF | BF43: Tsuki2 | BG43: 40
K44: LX = Lenox Thermofoil77R = Dune | L44: Available | M44: Available | AO44: B3D12 | AP44: DW1206 | AQ44: 1 | AR44: DW1212 | AS44: 2 | AT44: x | AV44: x | BD44: PCSSD-KDN-77R | BE44: Kaden RTF | BF44: Dune | BG44: 40
K45: LX = Lenox Thermofoil79A = Satomi | L45: Available | M45: Available | AO45: B3D15 | AP45: DW1506 | AQ45: 1 | AR45: DW1512 | AS45: 2 | AT45: x | AV45: x | BD45: PCSSD-KDN-79A | BE45: Kaden RTF | BF45: Satomi | BG45: 40
F46: Out of Waranty | K46: LX = Lenox Thermofoil83R = Granite | L46: Available | M46: Available | AO46: B3D18 | AP46: DW1806 | AQ46: 1 | AR46: DW1812 | AS46: 2 | AT46: x | AV46: x | BD46: PCSSD-KDN-83R | BE46: Kaden RTF | BF46: Grey | BG46: 40
F47: 05 = Vanilla Paint | G47: List_Skins_VP | H47: 05 | I47: PNT | K47: LX = Lenox Thermofoil86R = Cloud | L47: Available | M47: Available | AO47: B3D21 | AP47: DW2106 | AQ47: 1 | AR47: DW2112 | AS47: 2 | AT47: x | AV47: x | BD47: PCSSD-KDN-86R | BE47: Kaden RTF | BF47: Cloud | BG47: 40
F48: 05BG = Vanilla Paint w/ Glaze | G48: List_Skins_VP | H48: 05BG | I48: PNT | K48: MSF = Mission Five Thermofoil30 = White | L48: Available | M48: Not Available | AO48: B3D24 | AP48: DW2406 | AQ48: 1 | AR48: DW2412 | AS48: 2 | AT48: x | AV48: x | BD48: PCSSD-LCM-02 | BE48: Lincoln Maple | BF48: Mocha | BG48: 45
F49: 79B = Mayu | G49: List_Skins_R | H49: 79B | I49: WG2 | K49: MSF = Mission Five Thermofoil32R = Satin White | L49: Available | M49: Not Available | AO49: B3PP30 | AP49: DW3006 | AQ49: 1 | AR49: DW3012 | AS49: 2 | AT49: x | AV49: x | BD49: PCSSD-LCM-04 | BE49: Lincoln Maple | BF49: Fresh White | BG49: 55
F50: 77D = Sapi 2 | G50: List_Skins_R | H50: 77D | I50: WG2 | K50: MSF = Mission Five Thermofoil37R = Storm | L50: Available | M50: Available | AO50: B3PP33 | AP50: DW3306 | AQ50: 1 | AR50: DW3312 | AS50: 2 | AT50: x | AV50: x | BD50: PCSSD-LCM-19 | BE50: Lincoln Maple | BF50: Brandy | BG50: 45
F51: 74M = Yasu 1 | G51: List_Skins_R | H51: 74M | I51: WG2 | K51: MSF = Mission Five Thermofoil41R = Onyx | L51: Available | M51: Available | AO51: B3PP36 | AP51: DW3606 | AQ51: 1 | AR51: DW3612 | AS51: 2 | AT51: x | AV51: x | BD51: PCSSD-LCM-25 | BE51: Lincoln Maple | BF51: Java | BG51: 45
F52: 27 = Cordovan | G52: List_Skins_VP | H52: 27 | I52: VEN | K52: MSF = Mission Five Thermofoil43R = Olive | L52: Available | M52: Not Available | AO52: B42 | AP52: D2124 | AQ52: 2 | AR52: DW4206 | AS52: 1 | AT52: x | AV52: x | BD52: PCSSD-LCM-64 | BE52: Lincoln Maple | BF52: Slate | BG52: 45
F53: 20 = Nutmeg | G53: List_Skins_VP | H53: 20 | I53: VEN | K53: MSF = Mission Five Thermofoil45R = Sandstone | L53: Available | M53: Not Available | AO53: B4D12 | AP53: DW1206 | AQ53: 3 | AR53: DW1212 | AS53: 1 | AT53: x | AV53: x | BD53: PCSSD-LCM-83 | BE53: Lincoln Maple | BF53: Dove Gray | BG53: 55
F54: 20BG = Black Glaze/Nutmeg | G54: List_Skins_VP | H54: 20BG | I54: GLZ | K54: MSF = Mission Five Thermofoil46R = Canyon | L54: Available | M54: Not Available | AO54: B4D15 | AP54: DW1506 | AQ54: 3 | AR54: DW1512 | AS54: 1 | AT54: x | AV54: x | BD54: PCSSD-LX-30 | BE54: Lenox RTF | BF54: White | BG54: 40
K55: MSF = Mission Five Thermofoil73 = Wengi | L55: Available | M55: Not Available | AO55: B4D15SAM | AP55: DW1506 | AQ55: 3 | AR55: DW1512 | AS55: 1 | AT55: x | AV55: x | BD55: PCSSD-LX-32R | BE55: Lenox RTF | BF55: Satin White | BG55: 40
K56: MSF = Mission Five Thermofoil76G = Tsuki 2 | L56: Available | M56: Not Available | AO56: B4D18 | AP56: DW1806 | AQ56: 3 | AR56: DW1812 | AS56: 1 | AT56: x | AV56: x | BD56: PCSSD-LX-37R | BE56: Lenox RTF | BF56: Storm | BG56: 40
K57: MSF = Mission Five Thermofoil77R = Dune | L57: Available | M57: Not Available | AO57: B4D21 | AP57: DW2106 | AQ57: 3 | AR57: DW2112 | AS57: 1 | AT57: x | AV57: x | BD57: PCSSD-LX-41R | BE57: Lenox RTF | BF57: Onyx | BG57: 40
K58: MSF = Mission Five Thermofoil79A = Satomi | L58: Available | M58: Not Available | AO58: B4D24 | AP58: DW2406 | AQ58: 3 | AR58: DW2412 | AS58: 1 | AT58: x | AV58: x | BD58: PCSSD-LX-43R | BE58: Lenox RTF | BF58: Olive | BG58: 40
K59: MSF = Mission Five Thermofoil83R = Granite | L59: Available | M59: Available | AO59: B9 | AP59: D0924 | AQ59: 1 | AR59: DW0906 | AS59: 1 | AT59: x | AV59: x | BD59: PCSSD-LX-45R | BE59: Lenox RTF | BF59: Sandstone | BG59: 40
K60: MSF = Mission Five Thermofoil86R = Cloud | L60: Available | M60: Available | AO60: BB36 | AP60: D0924 | AQ60: 1 | AR60: DW0906 | AS60: 1 | AT60: x | AV60: x | BD60: PCSSD-LX-46R | BE60: Lenox RTF | BF60: Canyon | BG60: 40
K61: SHM = Shaker Maple02 = Mocha | L61: Available | M61: Available | AO61: BB39 | AP61: D1224 | AQ61: 1 | AR61: DW1206 | AS61: 1 | AT61: x | AV61: x | BD61: PCSSD-LX-73 | BE61: Lenox RTF | BF61: Wengi | BG61: 40
K62: SHM = Shaker Maple04 = Fresh White Paint | L62: Available | M62: Available | AO62: BB42 | AP62: D1524 | AQ62: 1 | AR62: DW1506 | AS62: 1 | AT62: x | AV62: x | BD62: PCSSD-LX-76G | BE62: Lenox RTF | BF62: Tsuki2 | BG62: 40
K63: SHM = Shaker Maple19 = Brandy | L63: Available | M63: Available | AO63: BB45 | AP63: D1824 | AQ63: 1 | AR63: DW1806 | AS63: 1 | AT63: x | AV63: x | BD63: PCSSD-LX-77R | BE63: Lenox RTF | BF63: Dune | BG63: 40
K64: SHM = Shaker Maple25 = Java | L64: Available | M64: Available | AO64: BB48 | AP64: D2124 | AQ64: 1 | AR64: DW2106 | AS64: 1 | AT64: x | AV64: x | BD64: PCSSD-LX-79A | BE64: Lenox RTF | BF64: Satomi | BG64: 40
K65: SHM = Shaker Maple64 = Slate | L65: Available | M65: Available | AO65: BB51 | AP65: D2424 | AQ65: 1 | AR65: DW2406 | AS65: 1 | AT65: x | AV65: x | BD65: PCSSD-LX-83R | BE65: Lenox RTF | BF65: Granite | BG65: 40
K66: SHM = Shaker Maple83 = Dove Gray/Paint | L66: Available | M66: Available | AO66: BBF36 | AP66: D0930 | AQ66: 1 | AR66: x | AT66: x | AV66: x | BD66: PCSSD-LX-86R | BE66: Lenox RTF | BF66: Cloud | BG66: 40
K67: XX = No Door - RTF/Faux02 = Mocha | L67: Available | M67: Not Available | AO67: BBF39 | AP67: D1230 | AQ67: 1 | AR67: x | AT67: x | AV67: x | BD67: PCSSD-MSF-30 | BE67: Mission RTF | BF67: White | BG67: 40
K68: XX = No Door - RTF/Faux04 = Fresh White Paint | L68: Available | M68: Not Available | AO68: BBF42 | AP68: D1530 | AQ68: 1 | AR68: x | AT68: x | AV68: x | BD68: PCSSD-MSF-32R | BE68: Mission RTF | BF68: Satin White | BG68: 40
K69: XX = No Door - RTF/Faux19 = Brandy | L69: Available | M69: Not Available | AO69: BBF45 | AP69: D1830 | AQ69: 1 | AR69: x | AT69: x | AV69: x | BD69: PCSSD-MSF-37R | BE69: Mission RTF | BF69: Storm | BG69: 40
K70: XX = No Door - RTF/Faux25 = Java | L70: Available | M70: Not Available | AO70: BBF48 | AP70: D2130 | AQ70: 1 | AR70: x | AT70: x | AV70: x | BD70: PCSSD-MSF-41R | BE70: Mission RTF | BF70: Onyx | BG70: 40
K71: XX = No Door - RTF/Faux30 = White | L71: Available | M71: Not Available | AO71: BBF51 | AP71: D2430 | AQ71: 1 | AR71: x | AT71: x | AV71: x | BD71: PCSSD-MSF-43R | BE71: Mission RTF | BF71: Olive | BG71: 40
K72: XX = No Door - RTF/Faux32 = Satin White | L72: Available | M72: Not Available | AO72: BDD1RO30 | AP72: D1524 | AQ72: 2 | AR72: DW1506 | AS72: 2 | AT72: x | AV72: x | BD72: PCSSD-MSF-45R | BE72: Mission RTF | BF72: Sandstone | BG72: 40
K73: XX = No Door - RTF/Faux32R = Satin White | L73: Available | M73: Not Available | AO73: BDD1RO33 | AP73: D1624 | AQ73: 2 | AR73: DW1606 | AS73: 2 | AT73: x | AV73: x | BD73: PCSSD-MSF-46R | BE73: Mission RTF | BF73: Canyon | BG73: 40
K74: XX = No Door - RTF/Faux37R = Storm | L74: Available | M74: Not Available | AO74: BDD1RO36 | AP74: D1824 | AQ74: 2 | AR74: DW1806 | AS74: 2 | AT74: x | AV74: x | BD74: PCSSD-MSF-73 | BE74: Mission RTF | BF74: Wengi | BG74: 40
K75: XX = No Door - RTF/Faux41R = Onyx | L75: Available | M75: Not Available | AO75: BDD1RO39 | AP75: D1924 | AQ75: 2 | AR75: DW1906 | AS75: 2 | AT75: x | AV75: x | BD75: PCSSD-MSF-76G | BE75: Mission RTF | BF75: Tsuki 2 | BG75: 40
K76: XX = No Door - RTF/Faux43R = Olive | L76: Available | M76: Not Available | AO76: BDD1RO42 | AP76: D2124 | AQ76: 2 | AR76: DW2106 | AS76: 2 | AT76: x | AV76: x | BD76: PCSSD-MSF-77R | BE76: Mission RTF | BF76: Dune | BG76: 40
K77: XX = No Door - RTF/Faux45R = Sandstone | L77: Available | M77: Not Available | AO77: BDD2RO30 | AP77: D1524 | AQ77: 2 | AR77: DW1506 | AS77: 2 | AT77: x | AV77: x | BD77: PCSSD-MSF-79A | BE77: Mission RTF | BF77: Satomi | BG77: 40
K78: XX = No Door - RTF/Faux64 = Slate | L78: Available | M78: Not Available | AO78: BDD2RO33 | AP78: D1624 | AQ78: 2 | AR78: DW1606 | AS78: 2 | AT78: x | AV78: x | BD78: PCSSD-MSF-83R | BE78: Mission RTF | BF78: Granite | BG78: 40
K79: XX = No Door - RTF/Faux73 = Wengi | L79: Available | M79: Not Available | AO79: BDD2RO36 | AP79: D1824 | AQ79: 2 | AR79: DW1806 | AS79: 2 | AT79: x | AV79: x | BD79: PCSSD-MSF-86R | BE79: Mission RTF | BF79: Cloud | BG79: 40
K80: XX = No Door - RTF/Faux76G = Tsuki 2 | L80: Available | M80: Not Available | AO80: BDD2RO39 | AP80: D1924 | AQ80: 2 | AR80: DW1906 | AS80: 2 | AT80: x | AV80: x | BD80: PCSSD-SHM-02 | BE80: Shaker Maple | BF80: Mocha | BG80: 45
K81: XX = No Door - RTF/Faux76W = Tsuki 1 | L81: Available | M81: Not Available | AO81: BDD2RO42 | AP81: D2124 | AQ81: 2 | AR81: DW2106 | AS81: 2 | AT81: x | AV81: x | BD81: PCSSD-SHM-04 | BE81: Shaker Maple | BF81: Fresh White | BG81: 55
K82: XX = No Door - RTF/Faux77R = Dune | L82: Available | M82: Not Available | AO82: BDD30 | AP82: D1524 | AQ82: 2 | AR82: DW1506 | AS82: 2 | AT82: x | AV82: x | BD82: PCSSD-SHM-19 | BE82: Shaker Maple | BF82: Brandy | BG82: 45
K83: XX = No Door - RTF/Faux79A = Satomi | L83: Available | M83: Not Available | AO83: BDD33 | AP83: D1624 | AQ83: 2 | AR83: DW1606 | AS83: 2 | AT83: x | AV83: x | BD83: PCSSD-SHM-25 | BE83: Shaker Maple | BF83: Java | BG83: 45
... K85: XX = No Door - RTF/Faux83R = Granite | L85: Available | M85: Not Available | AO85: BDD39 | AP85: D1924 | AQ85: 2 | AR85: DW1906 | AS85: 2 | AT85: x | AV85: x | BD85: PCSSD-SHM-83 | BE85: Shaker Maple | BF85: Dove Gray | BG85: 55
K86: XX = No Door - RTF/Faux86R = Cloud | L86: Available | M86: Not Available | AO86: BDD42 | AP86: D2124 | AQ86: 2 | AR86: DW2106 | AS86: 2 | AT86: x | AV86: x
K87: TEA = Tripoli Aluminum DoorNA = No Finish Required | L87: Available | M87: Not Available | AO87: BDD48 | AP87: D2424 | AQ87: 2 | AR87: DW2406 | AS87: 2 | AT87: x | AV87: x
K88: CFM = Craftsman Maple02 = Mocha | L88: Warranty Only | M88: Not Available | AO88: BEZ33 | AP88: D0830C | AQ88: 1 | AR88: D0830P | AS88: 1 | AT88: x | AV88: x
K89: CFM = Craftsman Maple04 = Fresh White Paint | L89: Warranty Only | M89: Not Available | AO89: BEZ36 | AP89: D1130C | AQ89: 1 | AR89: D1130P | AS89: 1 | AT89: x | AV89: x
K90: CFM = Craftsman Maple19 = Brandy | L90: Warranty Only | M90: Not Available | AO90: BF12 | AP90: D1230 | AQ90: 1 | AR90: x | AT90: x | AV90: x
K91: CFM = Craftsman Maple20 = Nutmeg | L91: Warranty Only | M91: Not Available | AO91: BF1212 | AP91: D1230 | AQ91: 1 | AR91: x | AT91: x | AV91: x
K92: CFM = Craftsman Maple25 = Java | L92: Warranty Only | M92: Not Available | AO92: BF1218 | AP92: D1230 | AQ92: 1 | AR92: x | AT92: x | AV92: x
K93: CFM = Craftsman Maple64 = Slate | L93: Warranty Only | M93: Not Available | AO93: BF15 | AP93: D1530 | AQ93: 1 | AR93: x | AT93: x | AV93: x
K94: CFM = Craftsman Maple66 = Chestnut | L94: Warranty Only | M94: Not Available | AO94: BF1512 | AP94: D1530 | AQ94: 1 | AR94: x | AT94: x | AV94: x
K95: CFM = Craftsman Maple82 = Alabaster/Paint | L95: Warranty Only | M95: Not Available | AO95: BF1518 | AP95: D1530 | AQ95: 1 | AR95: x | AT95: x | AV95: x
K96: CFM = Craftsman Maple83 = Dove Gray/Paint | L96: Warranty Only | M96: Not Available | AO96: BF18 | AP96: D1830 | AQ96: 1 | AR96: x | AT96: x | AV96: x
K97: CFM = Craftsman Maple88 = Harvest | L97: Warranty Only | M97: Not Available | AO97: BF1812 | AP97: D1830 | AQ97: 1 | AR97: x | AT97: x | AV97: x
K98: CMM = Craftsman Maple | L98: Warranty Only | M98: Not Available | AO98: BF1818 | AP98: D1830 | AQ98: 1 | AR98: x | AT98: x | AV98: x
K99: CMM = Craftsman Maple01 = Natural | L99: Warranty Only | M99: Not Available | AO99: BF1RO12 | AP99: D1230 | AQ99: 1 | AR99: x | AT99: x | AV99: x
K100: CMM = Craftsman Maple04 = Fresh White Paint | L100: Warranty Only | M100: Not Available | AO100: BF1RO15 | AP100: D1530 | AQ100: 1 | AR100: x | AT100: x | AV100: x
K101: CMM = Craftsman Maple05 = Vanilla Paint | L101: Warranty Only | M101: Not Available | AO101: BF1RO18 | AP101: D1830 | AQ101: 1 | AR101: x | AT101: x | AV101: x
...

Sheet Door Samples
A1: Sample Door Order Form
A3: Customer | E3: Address | I3: Weight | J3: Shipping | K3: Count | L3: Shipping Cost
A4: Customer # | E4: City | H4: Door | I4: 3.15 | J4: 2.5 | K4: =SUMIF(H14:H112,H4,A14:A112) -> 0 | L4: =J4*K4 -> 0
A5: Contact Name | E5: State | H5: Chip | I5: 0.8 | J5: 1.5 | K5: =SUMIF(H14:H112,H5,A14:A112) -> 0 | L5: =J5*K5 -> 0
A6: Purchase Order # | E6: Zip | H6: Total | L6: =L4+L5 -> 0
A7: Date | E7: Phone #
A8: Multiplier | C8: 1 | E8: Total Sample List Price | F8: =SUM(F14:F112) -> 0
A9: Shipping Method | E9: Total Sample Net Price | F9: =F8*C8 -> 0
A10: Total Estimated Weight | C10: =SUM(J14:J112) -> 0 | E10: Total Frieght | F10: =IF(C9="FedEx",C11,L6) -> 0
A11: =IF(C9="FedEx","Enter FedEx Total","") | E11: Total Materials & Shipping | F11: =F9+F10 -> 0
A12: ="Door Count = "&SUM(A14:A112) -> Door Count = 0
A13: Qty | B13: Door | C13: Door Style | D13: Finish | E13: Door List Price | F13: Extended | G13: Net Price | H13: Sample Type | I13: Sample Weight | J13: Extended Weight
C14: =IF(B14="","",IF(A14="","",VLOOKUP($B14,tbl_SampleDoors,2,FALSE))) | D14: =IF(A14="","",IF(B14="","",VLOOKUP($B14,tbl_SampleDoors,3,FALSE()))) | E14: =IF(C14="","",VLOOKUP($B14,tbl_SampleDoors,4,FALSE())) | F14: =IF(C14="","",E14*A14) | G14: =IF(C14="","",(+F14*$C$8)) | H14: =IF(B14="","",IF(LEFT(B14,3)="CLR","Chip","Door")) | I14: =IF(H14="","",VLOOKUP(H14,$H$4:$I$5,2,FALSE)) | J14: =IF(C14="","",I14*A14)
C15: =IF(B15="","",IF(A15="","",VLOOKUP($B15,tbl_SampleDoors,2,FALSE))) | D15: =IF(A15="","",IF(B15="","",VLOOKUP($B15,tbl_SampleDoors,3,FALSE()))) | E15: =IF(C15="","",VLOOKUP($B15,tbl_SampleDoors,4,FALSE())) | F15: =IF(C15="","",E15*A15) | G15: =IF(C15="","",(+F15*$C$8)) | H15: =IF(B15="","",IF(LEFT(B15,3)="CLR","Chip","Door")) | I15: =IF(H15="","",VLOOKUP(H15,$H$4:$I$5,2,FALSE)) | J15: =IF(C15="","",I15*A15)
C16: =IF(B16="","",IF(A16="","",VLOOKUP($B16,tbl_SampleDoors,2,FALSE))) | D16: =IF(A16="","",IF(B16="","",VLOOKUP($B16,tbl_SampleDoors,3,FALSE()))) | E16: =IF(C16="","",VLOOKUP($B16,tbl_SampleDoors,4,FALSE())) | F16: =IF(C16="","",E16*A16) | G16: =IF(C16="","",(+F16*$C$8)) | H16: =IF(B16="","",IF(LEFT(B16,3)="CLR","Chip","Door")) | I16: =IF(H16="","",VLOOKUP(H16,$H$4:$I$5,2,FALSE)) | J16: =IF(C16="","",I16*A16)
C17: =IF(B17="","",IF(A17="","",VLOOKUP($B17,tbl_SampleDoors,2,FALSE))) | D17: =IF(A17="","",IF(B17="","",VLOOKUP($B17,tbl_SampleDoors,3,FALSE()))) | E17: =IF(C17="","",VLOOKUP($B17,tbl_SampleDoors,4,FALSE())) | F17: =IF(C17="","",E17*A17) | G17: =IF(C17="","",(+F17*$C$8)) | H17: =IF(B17="","",IF(LEFT(B17,3)="CLR","Chip","Door")) | I17: =IF(H17="","",VLOOKUP(H17,$H$4:$I$5,2,FALSE)) | J17: =IF(C17="","",I17*A17)
C18: =IF(B18="","",IF(A18="","",VLOOKUP($B18,tbl_SampleDoors,2,FALSE))) | D18: =IF(A18="","",IF(B18="","",VLOOKUP($B18,tbl_SampleDoors,3,FALSE()))) | E18: =IF(C18="","",VLOOKUP($B18,tbl_SampleDoors,4,FALSE())) | F18: =IF(C18="","",E18*A18) | G18: =IF(C18="","",(+F18*$C$8)) | H18: =IF(B18="","",IF(LEFT(B18,3)="CLR","Chip","Door")) | I18: =IF(H18="","",VLOOKUP(H18,$H$4:$I$5,2,FALSE)) | J18: =IF(C18="","",I18*A18)
C19: =IF(B19="","",IF(A19="","",VLOOKUP($B19,tbl_SampleDoors,2,FALSE))) | D19: =IF(A19="","",IF(B19="","",VLOOKUP($B19,tbl_SampleDoors,3,FALSE()))) | E19: =IF(C19="","",VLOOKUP($B19,tbl_SampleDoors,4,FALSE())) | F19: =IF(C19="","",E19*A19) | G19: =IF(C19="","",(+F19*$C$8)) | H19: =IF(B19="","",IF(LEFT(B19,3)="CLR","Chip","Door")) | I19: =IF(H19="","",VLOOKUP(H19,$H$4:$I$5,2,FALSE)) | J19: =IF(C19="","",I19*A19)
C20: =IF(B20="","",IF(A20="","",VLOOKUP($B20,tbl_SampleDoors,2,FALSE))) | D20: =IF(A20="","",IF(B20="","",VLOOKUP($B20,tbl_SampleDoors,3,FALSE()))) | E20: =IF(C20="","",VLOOKUP($B20,tbl_SampleDoors,4,FALSE())) | F20: =IF(C20="","",E20*A20) | G20: =IF(C20="","",(+F20*$C$8)) | H20: =IF(B20="","",IF(LEFT(B20,3)="CLR","Chip","Door")) | I20: =IF(H20="","",VLOOKUP(H20,$H$4:$I$5,2,FALSE)) | J20: =IF(C20="","",I20*A20)
C21: =IF(B21="","",IF(A21="","",VLOOKUP($B21,tbl_SampleDoors,2,FALSE))) | D21: =IF(A21="","",IF(B21="","",VLOOKUP($B21,tbl_SampleDoors,3,FALSE()))) | E21: =IF(C21="","",VLOOKUP($B21,tbl_SampleDoors,4,FALSE())) | F21: =IF(C21="","",E21*A21) | G21: =IF(C21="","",(+F21*$C$8)) | H21: =IF(B21="","",IF(LEFT(B21,3)="CLR","Chip","Door")) | I21: =IF(H21="","",VLOOKUP(H21,$H$4:$I$5,2,FALSE)) | J21: =IF(C21="","",I21*A21)
C22: =IF(B22="","",IF(A22="","",VLOOKUP($B22,tbl_SampleDoors,2,FALSE))) | D22: =IF(A22="","",IF(B22="","",VLOOKUP($B22,tbl_SampleDoors,3,FALSE()))) | E22: =IF(C22="","",VLOOKUP($B22,tbl_SampleDoors,4,FALSE())) | F22: =IF(C22="","",E22*A22) | G22: =IF(C22="","",(+F22*$C$8)) | H22: =IF(B22="","",IF(LEFT(B22,3)="CLR","Chip","Door")) | I22: =IF(H22="","",VLOOKUP(H22,$H$4:$I$5,2,FALSE)) | J22: =IF(C22="","",I22*A22)
C23: =IF(B23="","",IF(A23="","",VLOOKUP($B23,tbl_SampleDoors,2,FALSE))) | D23: =IF(A23="","",IF(B23="","",VLOOKUP($B23,tbl_SampleDoors,3,FALSE()))) | E23: =IF(C23="","",VLOOKUP($B23,tbl_SampleDoors,4,FALSE())) | F23: =IF(C23="","",E23*A23) | G23: =IF(C23="","",(+F23*$C$8)) | H23: =IF(B23="","",IF(LEFT(B23,3)="CLR","Chip","Door")) | I23: =IF(H23="","",VLOOKUP(H23,$H$4:$I$5,2,FALSE)) | J23: =IF(C23="","",I23*A23)
C24: =IF(B24="","",IF(A24="","",VLOOKUP($B24,tbl_SampleDoors,2,FALSE))) | D24: =IF(A24="","",IF(B24="","",VLOOKUP($B24,tbl_SampleDoors,3,FALSE()))) | E24: =IF(C24="","",VLOOKUP($B24,tbl_SampleDoors,4,FALSE())) | F24: =IF(C24="","",E24*A24) | G24: =IF(C24="","",(+F24*$C$8)) | H24: =IF(B24="","",IF(LEFT(B24,3)="CLR","Chip","Door")) | I24: =IF(H24="","",VLOOKUP(H24,$H$4:$I$5,2,FALSE)) | J24: =IF(C24="","",I24*A24)
